Workbook

Sheet Смета 12 гр. по ФЕР
A1: =Source!B1 -> Smeta.RU (495) 974-1589
B3: "СОГЛАСОВАНО" | H3: "УТВЕРЖДАЮ"
B6: Директор УрТК НИЯУ МИФИ / О.Н. Арефьев | H6: =CONCATENATE("______________________ ", IF(Source!AH12<>"", Source!AH12, "")) -> ______________________
B7: "_____"________________ 2018 г. | H7: "_____"________________ 2018 г.
B11: СМЕТА
B12: =IF(Source!G20<>"Новая локальная смета", Source!G20, "")
B14: =IF(Source!G12<>"Новый объект", Source!G12, "") -> на капитальный ремонт оконных проемов с заменой деревянных оконных блоков на оконные блоки из ПВХ в помещениях № 1, № 2 ,№ 21, № 22, № 24, № 25, № 26 1-го этажа, №10, №11, №13, №14, №15 2-го этажа, № 3-№ 7 3-го этажа, №3-№7 4-го этажа в здании учебного корпуса Уральского технологического колледжа-филиала НИЯУ МИФИ ( УрТК НИЯУ МИФИ) по адресу: Свердловская обл., г. Заречный, ул. Ленина 27 | AD14: =IF(Source!G12<>"Новый объект", Source!G12, "") -> на капитальный ремонт оконных проемов с заменой деревянных оконных блоков на оконные блоки из ПВХ в помещениях № 1, № 2 ,№ 21, № 22, № 24, № 25, № 26 1-го этажа, №10, №11, №13, №14, №15 2-го этажа, № 3-№ 7 3-го этажа, №3-№7 4-го этажа в здании учебного корпуса Уральского технологического колледжа-филиала НИЯУ МИФИ ( УрТК НИЯУ МИФИ) по адресу: Свердловская обл., г. Заречный, ул. Ленина 27
G15: базовая цена | I15: текущая цена
C16: Сметная стоимость | G16: =SUM(O27:O105)/1000 -> 268.58411 | I16: =(Source!F73/1000) -> 2095.3224 | K16: тыс. руб.
C17: Строительные работы | G17: =SUM(W27:W105)/1000 -> 268.58411 | I17: =(Source!F60)/1000 -> 1775.697 | K17: тыс. руб.
C18: Монтажные работы | G18: =SUM(X27:X105)/1000 -> 0 | I18: =(Source!F61)/1000 -> 0 | K18: тыс. руб.
C19: Оборудование | G19: =SUM(Y27:Y105)/1000 -> 0 | I19: =(Source!F52)/1000 -> 0 | K19: тыс. руб.
C20: Прочие работы | G20: =SUM(Z27:Z105)/1000 -> 0 | I20: =(Source!F62+Source!F63)/1000 -> 0 | K20: тыс. руб.
C21: Нормативная трудоемкость | G21: =I21 -> 1355.2957 | I21: =(Source!F65+Source!F66) -> 1355.2957 | K21: чел. -ч.
C22: Средства на оплату труда | G22: =SUM(R27:R105)/1000 -> 11.81834 | I22: =(Source!F58+ Source!F57)/1000 -> 78.1192 | K22: тыс. руб.
A24: Составлена в ценах IV квартал 2017 года
A25: № п/п | B25: Шифр расценки и коды ресурсов | C25: Наименование работ и затрат | D25: Ед. изм. | E25: Кол-во единиц | F25: Цена на ед. изм. | G25: Попра-вочные коэфф. | H25: Стоимость в ценах 2001г. | I25: Пункт коэфф. пересчета | J25: Коэфф. пересчета | K25: Стоимость в текущих ценах | L25: ЗТР всего чел.-час
A26: 1 | B26: 2 | C26: 3 | D26: 4 | E26: 5 | F26: 6 | G26: 7 | H26: 8 | I26: 9 | J26: 10 | K26: 11 | L26: 12
A27: =Source!E24 -> 1 | B27: =Source!F24 -> 46-04-012-01 | C27: =Source!G24 -> Разборка деревянных заполнений проемов оконных с подоконными досками | D27: =Source!H24 -> 100 м2 | E27: =Source!I24 -> 2.4675 | F27: =Source!AL24+Source!AM24+Source!AO24 -> 1767.24 | I27: =Source!BO24 | S27: =ROUND((Source!FX24/100)*((ROUND(Source!AF24*Source!I24, 2)+ROUND(Source!AE24*Source!I24, 2))), 2) -> 3981.27 | T27: =Source!X24 -> 26316.18 | U27: =ROUND((Source!FY24/100)*((ROUND(Source!AF24*Source!I24, 2)+ROUND(Source!AE24*Source!I24, 2))), 2) -> 2392.78 | V27: =Source!Y24 -> 15949.2
C28: ="Объем: "&Source!I24&"=246,75/"&"100" -> Объем: 2,4675=246,75/100
C29: Зарплата | F29: =Source!AO24 -> 1525.29 | G29: =Source!DG24 | H29: =ROUND(Source!AF24*Source!I24, 2) -> 3763.65 | J29: =IF(Source!BA24<> 0, Source!BA24, 1) -> 6.61 | K29: =Source!S24 -> 24877.75 | R29: =H29 -> 3763.65
C30: Эксплуатация машин | F30: =Source!AM24 -> 241.95 | G30: =Source!DE24 | H30: =ROUND(Source!AD24*Source!I24, 2) -> 597.01 | J30: =IF(Source!BB24<> 0, Source!BB24, 1) -> 6.61 | K30: =Source!Q24 -> 3946.25
C31: в т.ч. зарплата машинистов | F31: =Source!AN24 -> 104.49 | G31: =Source!DF24 | H31: =ROUND(Source!AE24*Source!I24, 2) -> 257.83 | J31: =IF(Source!BS24<> 0, Source!BS24, 1) -> 6.61 | K31: =Source!R24 -> 1704.25 | R31: =H31 -> 257.83
C32: НР от ФОТ | D32: % | E32: =Source!BZ24 -> 110 | F32: =CONCATENATE(" )", Source!DL24, Source!FT24, "=", Source!FX24) -> )*0,9=99 | H32: =SUM(S27:S34) -> 3981.27 | J32: =Source!AT24 -> 99 | K32: =SUM(T27:T34) -> 26316.18
C33: СП от ФОТ | D33: % | E33: =Source!CA24 -> 70 | F33: =CONCATENATE(" )", Source!DM24, Source!FU24, "=", Source!FY24) -> )*0,85=59,5 | H33: =SUM(U27:U34) -> 2392.78 | J33: =Source!AU24 -> 60 | K33: =SUM(V27:V34) -> 15949.2
C34: Затраты труда | D34: чел-ч | E34: =Source!AQ24 -> 188.54 | G34: =Source!DI24 | L34: =Source!U24 -> 465.22245
G35: =H29+H30+H32+H33 -> 10734.71 | J35: =K29+K30+K32+K33 -> 71089.38 | L35: =Source!U24 -> 465.22245 | O35: =G35 -> 10734.71 | P35: =J35 -> 71089.38 | Q35: =L35 -> 465.22245 | W35: =IF(Source!BI24<=1,H29+H30+H32+H33, 0) -> 10734.71 | X35: =IF(Source!BI24=2,H29+H30+H32+H33, 0) -> 0 | Y35: =IF(Source!BI24=3,H29+H30+H32+H33, 0) -> 0 | Z35: =IF(Source!BI24=4,H29+H30+H32+H33, 0) -> 0
A36: =Source!E25 -> 2 | B36: =Source!F25 -> 10-01-034-08 | C36: =Source!G25 -> Установка в жилых и общественных зданиях оконных блоков из ПВХ профилей поворотных (откидных, поворотно-откидных) с площадью проема более 2 м2 трехстворчатых, в том числе при наличии створок глухого остекления | D36: =Source!H25 -> 100 м2 | E36: =Source!I25 -> 2.4675 | F36: =Source!AL25+Source!AM25+Source!AO25 -> 10107.89 | I36: =Source!BO25 | S36: =ROUND((Source!FX25/100)*((ROUND(Source!AF25*Source!I25, 2)+ROUND(Source!AE25*Source!I25, 2))), 2) -> 4093.49 | T36: =Source!X25 -> 27006.99 | U36: =ROUND((Source!FY25/100)*((ROUND(Source!AF25*Source!I25, 2)+ROUND(Source!AE25*Source!I25, 2))), 2) -> 2064.09 | V36: =Source!Y25 -> 13758.28
C37: ="Объем: "&Source!I25&"=246,75/"&"100" -> Объем: 2,4675=246,75/100
C38: Зарплата | F38: =Source!AO25 -> 1303.66 | G38: =Source!DG25 -> )*1,15 | H38: =ROUND(Source!AF25*Source!I25, 2) -> 3699.3 | J38: =IF(Source!BA25<> 0, Source!BA25, 1) -> 6.61 | K38: =Source!S25 -> 24452.38 | R38: =H38 -> 3699.3
C39: Эксплуатация машин | F39: =Source!AM25 -> 255.21 | G39: =Source!DE25 -> )*1,25 | H39: =ROUND(Source!AD25*Source!I25, 2) -> 787.16 | J39: =IF(Source!BB25<> 0, Source!BB25, 1) -> 6.61 | K39: =Source!Q25 -> 5203.11
C40: в т.ч. зарплата машинистов | F40: =Source!AN25 -> 50.32 | G40: =Source!DF25 -> )*1,25 | H40: =ROUND(Source!AE25*Source!I25, 2) -> 155.21 | J40: =IF(Source!BS25<> 0, Source!BS25, 1) -> 6.61 | K40: =Source!R25 -> 1025.91 | R40: =H40 -> 155.21
C41: Материальные ресурсы | F41: =Source!AL25 -> 8549.02 | G41: =Source!DD25 | H41: =ROUND(Source!AC25*Source!I25, 2) -> 21094.71 | J41: =IF(Source!BC25<> 0, Source!BC25, 1) -> 6.61 | K41: =Source!P25 -> 139436.01
C42: НР от ФОТ | D42: % | E42: =Source!BZ25 -> 118 | F42: =CONCATENATE(" )", Source!DL25, Source!FT25, "=", Source!FX25) -> )*0,9=106,2 | H42: =SUM(S36:S46) -> 4093.49 | J42: =Source!AT25 -> 106 | K42: =SUM(T36:T46) -> 27006.99
C43: СП от ФОТ | D43: % | E43: =Source!CA25 -> 63 | F43: =CONCATENATE(" )", Source!DM25, Source!FU25, "=", Source!FY25) -> )*0,85=53,55 | H43: =SUM(U36:U46) -> 2064.09 | J43: =Source!AU25 -> 54 | K43: =SUM(V36:V46) -> 13758.28
C44: Затраты труда | D44: чел-ч | E44: =Source!AQ25 -> 149.16 | G44: =Source!DI25 -> )*1,15 | L44: =Source!U25 -> 423.26014
A45: =Source!E26 -> 2,1 | B45: =Source!F26 -> Средняя коммерческая цена | C45: Оконный блок из ПВХ 2500х2100мм Базисная стоимость: 604,50 = [4 715 / 1,18 / 6,61] | D45: =Source!H26 -> м2 | E45: =Source!I26 -> 246.75 | F45: =Source!AL26+Source!AM26+Source!AO26 -> 604.5 | H45: =ROUND(Source!AC26*Source!I26, 2)+ROUND(Source!AD26*Source!I26, 2)+ROUND(Source!AF26*Source!I26, 2) -> 149160.38 | J45: =IF(Source!BC26<> 0, Source!BC26, 1) -> 6.61 | K45: =Source!O26 -> 985950.08 | S45: =ROUND((Source!FX26/100)*((ROUND(Source!AF26*Source!I26, 2)+ROUND(Source!AE26*Source!I26, 2))), 2) -> 0 | T45: =Source!X26 -> 0 | U45: =ROUND((Source!FY26/100)*((ROUND(Source!AF26*Source!I26, 2)+ROUND(Source!AE26*Source!I26, 2))), 2) -> 0 | V45: =Source!Y26 -> 0 | W45: =IF(Source!BI26<=1,H45, 0) -> 149160.38 | X45: =IF(Source!BI26=2,H45, 0) -> 0 | Y45: =IF(Source!BI26=3,H45, 0) -> 0 | Z45: =IF(Source!BI26=4,H45, 0) -> 0
A46: =Source!E27 -> 2,2 | B46: =Source!F27 -> 11.3.02.03 | C46: =Source!G27 -> Блоки оконные пластиковые | D46: =Source!H27 -> м2 | E46: =Source!I27 -> 246.75 | F46: =Source!AL27+Source!AM27+Source!AO27 -> 0 | H46: =ROUND(Source!AC27*Source!I27, 2)+ROUND(Source!AD27*Source!I27, 2)+ROUND(Source!AF27*Source!I27, 2) -> 0 | J46: =IF(Source!BC27<> 0, Source!BC27, 1) -> 6.61 | K46: =Source!O27 -> 0 | S46: =ROUND((Source!FX27/100)*((ROUND(Source!AF27*Source!I27, 2)+ROUND(Source!AE27*Source!I27, 2))), 2) -> 0 | T46: =Source!X27 -> 0 | U46: =ROUND((Source!FY27/100)*((ROUND(Source!AF27*Source!I27, 2)+ROUND(Source!AE27*Source!I27, 2))), 2) -> 0 | V46: =Source!Y27 -> 0 | W46: =IF(Source!BI27<=1,H46, 0) -> 0 | X46: =IF(Source!BI27=2,H46, 0) -> 0 | Y46: =IF(Source!BI27=3,H46, 0) -> 0 | Z46: =IF(Source!BI27=4,H46, 0) -> 0
G47: =H38+H39+H41+H42+H43+SUM(H45:H46) -> 180899.13 | J47: =K38+K39+K41+K42+K43+SUM(K45:K46) -> 1195806.8 | L47: =Source!U25 -> 423.26014 | O47: =G47 -> 180899.13 | P47: =J47 -> 1195806.8 | Q47: =L47 -> 423.26014 | W47: =IF(Source!BI25<=1,H38+H39+H41+H42+H43, 0) -> 31738.75 | X47: =IF(Source!BI25=2,H38+H39+H41+H42+H43, 0) -> 0 | Y47: =IF(Source!BI25=3,H38+H39+H41+H42+H43, 0) -> 0 | Z47: =IF(Source!BI25=4,H38+H39+H41+H42+H43, 0) -> 0
A48: =Source!E28 -> 3 | B48: =Source!F28 -> 10-01-035-03 | C48: =Source!G28 -> Установка подоконных досок из ПВХ в каменных стенах толщиной свыше 0,51 м | D48: =Source!H28 -> 100 м | E48: =Source!I28 -> 1.175 | F48: =Source!AL28+Source!AM28+Source!AO28 -> 6481.17 | I48: =Source!BO28 | S48: =ROUND((Source!FX28/100)*((ROUND(Source!AF28*Source!I28, 2)+ROUND(Source!AE28*Source!I28, 2))), 2) -> 268.62 | T48: =Source!X28 -> 1772.27 | U48: =ROUND((Source!FY28/100)*((ROUND(Source!AF28*Source!I28, 2)+ROUND(Source!AE28*Source!I28, 2))), 2) -> 135.45 | V48: =Source!Y28 -> 902.85
C49: ="Объем: "&Source!I28&"=117,5/"&"100" -> Объем: 1,175=117,5/100
C50: Зарплата | F50: =Source!AO28 -> 182.37 | G50: =Source!DG28 -> )*1,15 | H50: =ROUND(Source!AF28*Source!I28, 2) -> 246.43 | J50: =IF(Source!BA28<> 0, Source!BA28, 1) -> 6.61 | K50: =Source!S28 -> 1628.92 | R50: =H50 -> 246.43
C51: Эксплуатация машин | F51: =Source!AM28 -> 21.9 | G51: =Source!DE28 -> )*1,25 | H51: =ROUND(Source!AD28*Source!I28, 2) -> 32.17 | J51: =IF(Source!BB28<> 0, Source!BB28, 1) -> 6.61 | K51: =Source!Q28 -> 212.65
C52: в т.ч. зарплата машинистов | F52: =Source!AN28 -> 4.43 | G52: =Source!DF28 -> )*1,25 | H52: =ROUND(Source!AE28*Source!I28, 2) -> 6.51 | J52: =IF(Source!BS28<> 0, Source!BS28, 1) -> 6.61 | K52: =Source!R28 -> 43.03 | R52: =H52 -> 6.51
C53: Материальные ресурсы | F53: =Source!AL28 -> 6276.9 | G53: =Source!DD28 | H53: =ROUND(Source!AC28*Source!I28, 2) -> 7375.36 | J53: =IF(Source!BC28<> 0, Source!BC28, 1) -> 6.61 | K53: =Source!P28 -> 48751.11
C54: НР от ФОТ | D54: % | E54: =Source!BZ28 -> 118 | F54: =CONCATENATE(" )", Source!DL28, Source!FT28, "=", Source!FX28) -> )*0,9=106,2 | H54: =SUM(S48:S57) -> 268.62 | J54: =Source!AT28 -> 106 | K54: =SUM(T48:T57) -> 1772.27
C55: СП от ФОТ | D55: % | E55: =Source!CA28 -> 63 | F55: =CONCATENATE(" )", Source!DM28, Source!FU28, "=", Source!FY28) -> )*0,85=53,55 | H55: =SUM(U48:U57) -> 135.45 | J55: =Source!AU28 -> 54 | K55: =SUM(V48:V57) -> 902.85
C56: Затраты труда | D56: чел-ч | E56: =Source!AQ28 -> 21.38 | G56: =Source!DI28 -> )*1,15 | L56: =Source!U28 -> 28.889725
A57: =Source!E29 -> 3,1 | B57: =Source!F29 -> Средняя коммерческая цена | C57: Подоконная доска из ПВХ шириной 600мм Базисная стоимость: 318,64 = [2 485,33 / 1,18 / 6,61] | D57: =Source!H29 -> м | E57: =Source!I29 -> 117.5 | F57: =Source!AL29+Source!AM29+Source!AO29 -> 318.64 | H57: =ROUND(Source!AC29*Source!I29, 2)+ROUND(Source!AD29*Source!I29, 2)+ROUND(Source!AF29*Source!I29, 2) -> 37440.2 | J57: =IF(Source!BC29<> 0, Source!BC29, 1) -> 6.61 | K57: =Source!O29 -> 247479.72 | S57: =ROUND((Source!FX29/100)*((ROUND(Source!AF29*Source!I29, 2)+ROUND(Source!AE29*Source!I29, 2))), 2) -> 0 | T57: =Source!X29 -> 0 | U57: =ROUND((Source!FY29/100)*((ROUND(Source!AF29*Source!I29, 2)+ROUND(Source!AE29*Source!I29, 2))), 2) -> 0 | V57: =Source!Y29 -> 0 | W57: =IF(Source!BI29<=1,H57, 0) -> 37440.2 | X57: =IF(Source!BI29=2,H57, 0) -> 0 | Y57: =IF(Source!BI29=3,H57, 0) -> 0 | Z57: =IF(Source!BI29=4,H57, 0) -> 0
G58: =H50+H51+H53+H54+H55+SUM(H57:H57) -> 45498.23 | J58: =K50+K51+K53+K54+K55+SUM(K57:K57) -> 300747.52 | L58: =Source!U28 -> 28.889725 | O58: =G58 -> 45498.23 | P58: =J58 -> 300747.52 | Q58: =L58 -> 28.889725 | W58: =IF(Source!BI28<=1,H50+H51+H53+H54+H55, 0) -> 8058.03 | X58: =IF(Source!BI28=2,H50+H51+H53+H54+H55, 0) -> 0 | Y58: =IF(Source!BI28=3,H50+H51+H53+H54+H55, 0) -> 0 | Z58: =IF(Source!BI28=4,H50+H51+H53+H54+H55, 0) -> 0
A59: =Source!E30 -> 4 | B59: =Source!F30 -> 58-20-1 | C59: =Source!G30 -> Смена обделок из листовой стали (поясков, сандриков, отливов, карнизов) шириной до 0,4 м | D59: =Source!H30 -> 100 м | E59: =Source!I30 -> 1.175 | F59: =Source!AL30+Source!AM30+Source!AO30 -> 454.41 | I59: =Source!BO30 | S59: =ROUND((Source!FX30/100)*((ROUND(Source!AF30*Source!I30, 2)+ROUND(Source!AE30*Source!I30, 2))), 2) -> 345.99 | T59: =Source!X30 -> 2286.99 | U59: =ROUND((Source!FY30/100)*((ROUND(Source!AF30*Source!I30, 2)+ROUND(Source!AE30*Source!I30, 2))), 2) -> 270.96 | V59: =Source!Y30 -> 1791.02
C60: ="Объем: "&Source!I30&"=117,5/"&"100" -> Объем: 1,175=117,5/100
C61: Зарплата | F61: =Source!AO30 -> 353.23 | G61: =Source!DG30 | H61: =ROUND(Source!AF30*Source!I30, 2) -> 415.05 | J61: =IF(Source!BA30<> 0, Source!BA30, 1) -> 6.61 | K61: =Source!S30 -> 2743.45 | R61: =H61 -> 415.05
C62: Эксплуатация машин | F62: =Source!AM30 -> 5.13 | G62: =Source!DE30 | H62: =ROUND(Source!AD30*Source!I30, 2) -> 6.03 | J62: =IF(Source!BB30<> 0, Source!BB30, 1) -> 6.61 | K62: =Source!Q30 -> 39.84
C63: в т.ч. зарплата машинистов | F63: =Source!AN30 -> 1.54 | G63: =Source!DF30 | H63: =ROUND(Source!AE30*Source!I30, 2) -> 1.81 | J63: =IF(Source!BS30<> 0, Source!BS30, 1) -> 6.61 | K63: =Source!R30 -> 11.96 | R63: =H63 -> 1.81
C64: Материальные ресурсы | F64: =Source!AL30 -> 96.05 | G64: =Source!DD30 | H64: =ROUND(Source!AC30*Source!I30, 2) -> 112.86 | J64: =IF(Source!BC30<> 0, Source!BC30, 1) -> 6.61 | K64: =Source!P30 -> 746
C65: НР от ФОТ | D65: % | E65: =Source!BZ30 -> 83 | H65: =SUM(S59:S69) -> 345.99 | J65: =Source!AT30 -> 83 | K65: =SUM(T59:T69) -> 2286.99
C66: СП от ФОТ | D66: % | E66: =Source!CA30 -> 65 | H66: =SUM(U59:U69) -> 270.96 | J66: =Source!AU30 -> 65 | K66: =SUM(V59:V69) -> 1791.02
C67: Затраты труда | D67: чел-ч | E67: =Source!AQ30 -> 41.41 | G67: =Source!DI30 | L67: =Source!U30 -> 48.65675
A68: =Source!E31 -> 4,1 | B68: =Source!F31 -> Средняя коммерческая цена | C68: Отлив из оцинкованной стали с полимерным покрытием шириной 250мм Базисная стоимость: 38,80 = [302,67 / 1,18 / 6,61] | D68: =Source!H31 -> м | E68: =Source!I31 -> 117.5 | F68: =Source!AL31+Source!AM31+Source!AO31 -> 38.8 | H68: =ROUND(Source!AC31*Source!I31, 2)+ROUND(Source!AD31*Source!I31, 2)+ROUND(Source!AF31*Source!I31, 2) -> 4559 | J68: =IF(Source!BC31<> 0, Source!BC31, 1) -> 6.61 | K68: =Source!O31 -> 30134.99 | S68: =ROUND((Source!FX31/100)*((ROUND(Source!AF31*Source!I31, 2)+ROUND(Source!AE31*Source!I31, 2))), 2) -> 0 | T68: =Source!X31 -> 0 | U68: =ROUND((Source!FY31/100)*((ROUND(Source!AF31*Source!I31, 2)+ROUND(Source!AE31*Source!I31, 2))), 2) -> 0 | V68: =Source!Y31 -> 0 | W68: =IF(Source!BI31<=1,H68, 0) -> 4559 | X68: =IF(Source!BI31=2,H68, 0) -> 0 | Y68: =IF(Source!BI31=3,H68, 0) -> 0 | Z68: =IF(Source!BI31=4,H68, 0) -> 0
A69: =Source!E32 -> 4,2 | B69: =Source!F32 -> 08.3.05.05 | C69: =Source!G32 -> Сталь листовая оцинкованная | D69: =Source!H32 -> т | E69: =Source!I32 -> 0.2162 | F69: =Source!AL32+Source!AM32+Source!AO32 -> 0 | H69: =ROUND(Source!AC32*Source!I32, 2)+ROUND(Source!AD32*Source!I32, 2)+ROUND(Source!AF32*Source!I32, 2) -> 0 | J69: =IF(Source!BC32<> 0, Source!BC32, 1) -> 6.61 | K69: =Source!O32 -> 0 | S69: =ROUND((Source!FX32/100)*((ROUND(Source!AF32*Source!I32, 2)+ROUND(Source!AE32*Source!I32, 2))), 2) -> 0 | T69: =Source!X32 -> 0 | U69: =ROUND((Source!FY32/100)*((ROUND(Source!AF32*Source!I32, 2)+ROUND(Source!AE32*Source!I32, 2))), 2) -> 0 | V69: =Source!Y32 -> 0 | W69: =IF(Source!BI32<=1,H69, 0) -> 0 | X69: =IF(Source!BI32=2,H69, 0) -> 0 | Y69: =IF(Source!BI32=3,H69, 0) -> 0 | Z69: =IF(Source!BI32=4,H69, 0) -> 0
G70: =H61+H62+H64+H65+H66+SUM(H68:H69) -> 5709.89 | J70: =K61+K62+K64+K65+K66+SUM(K68:K69) -> 37742.29 | L70: =Source!U30 -> 48.65675 | O70: =G70 -> 5709.89 | P70: =J70 -> 37742.29 | Q70: =L70 -> 48.65675 | W70: =IF(Source!BI30<=1,H61+H62+H64+H65+H66, 0) -> 1150.89 | X70: =IF(Source!BI30=2,H61+H62+H64+H65+H66, 0) -> 0 | Y70: =IF(Source!BI30=3,H61+H62+H64+H65+H66, 0) -> 0 | Z70: =IF(Source!BI30=4,H61+H62+H64+H65+H66, 0) -> 0
A71: =Source!E33 -> 5 | B71: =Source!F33 -> 15-04-006-04 | C71: =Source!G33 -> Покрытие поверхностей грунтовкой глубокого проникновения за 2 раза стен | D71: =Source!H33 -> 100 м2 | E71: =Source!I33 -> 1.5745 | F71: =Source!AL33+Source!AM33+Source!AO33 -> 158.98 | I71: =Source!BO33 | S71: =ROUND((Source!FX33/100)*((ROUND(Source!AF33*Source!I33, 2)+ROUND(Source!AE33*Source!I33, 2))), 2) -> 269.33 | T71: =Source!X33 -> 1789.66 | U71: =ROUND((Source!FY33/100)*((ROUND(Source!AF33*Source!I33, 2)+ROUND(Source!AE33*Source!I33, 2))), 2) -> 133.24 | V71: =Source!Y33 -> 885.41
C72: ="Объем: "&Source!I33&"=157,45/"&"100" -> Объем: 1,5745=157,45/100
C73: Зарплата | F73: =Source!AO33 -> 157 | G73: =Source!DG33 -> )*1,15 | H73: =ROUND(Source!AF33*Source!I33, 2) -> 284.28 | J73: =IF(Source!BA33<> 0, Source!BA33, 1) -> 6.61 | K73: =Source!S33 -> 1879.06 | R73: =H73 -> 284.28
C74: Эксплуатация машин | F74: =Source!AM33 -> 1.62 | G74: =Source!DE33 -> )*1,25 | H74: =ROUND(Source!AD33*Source!I33, 2) -> 3.18 | J74: =IF(Source!BB33<> 0, Source!BB33, 1) -> 6.61 | K74: =Source!Q33 -> 21.02
C75: в т.ч. зарплата машинистов | F75: =Source!AN33 -> 0.37 | G75: =Source!DF33 -> )*1,25 | H75: =ROUND(Source!AE33*Source!I33, 2) -> 0.72 | J75: =IF(Source!BS33<> 0, Source!BS33, 1) -> 6.61 | K75: =Source!R33 -> 4.79 | R75: =H75 -> 0.72
C76: Материальные ресурсы | F76: =Source!AL33 -> 0.36 | G76: =Source!DD33 | H76: =ROUND(Source!AC33*Source!I33, 2) -> 0.57 | J76: =IF(Source!BC33<> 0, Source!BC33, 1) -> 6.61 | K76: =Source!P33 -> 3.75
C77: НР от ФОТ | D77: % | E77: =Source!BZ33 -> 105 | F77: =CONCATENATE(" )", Source!DL33, Source!FT33, "=", Source!FX33) -> )*0,9=94,5 | H77: =SUM(S71:S81) -> 269.33 | J77: =Source!AT33 -> 95 | K77: =SUM(T71:T81) -> 1789.66
C78: СП от ФОТ | D78: % | E78: =Source!CA33 -> 55 | F78: =CONCATENATE(" )", Source!DM33, Source!FU33, "=", Source!FY33) -> )*0,85=46,75 | H78: =SUM(U71:U81) -> 133.24 | J78: =Source!AU33 -> 47 | K78: =SUM(V71:V81) -> 885.41
C79: Затраты труда | D79: чел-ч | E79: =Source!AQ33 -> 16.32 | G79: =Source!DI33 -> )*1,15 | L79: =Source!U33 -> 29.550216
A80: =Source!E34 -> 5,1 | B80: =Source!F34 -> 14.3.01.02-0104 | C80: =Source!G34 -> Грунтовка колерующая CERESIT CT 16 | D80: =Source!H34 -> л | E80: =Source!I34 -> 31.49 | F80: =Source!AL34+Source!AM34+Source!AO34 -> 18.96 | H80: =ROUND(Source!AC34*Source!I34, 2)+ROUND(Source!AD34*Source!I34, 2)+ROUND(Source!AF34*Source!I34, 2) -> 597.05 | J80: =IF(Source!BC34<> 0, Source!BC34, 1) -> 6.61 | K80: =Source!O34 -> 3946.5 | S80: =ROUND((Source!FX34/100)*((ROUND(Source!AF34*Source!I34, 2)+ROUND(Source!AE34*Source!I34, 2))), 2) -> 0 | T80: =Source!X34 -> 0 | U80: =ROUND((Source!FY34/100)*((ROUND(Source!AF34*Source!I34, 2)+ROUND(Source!AE34*Source!I34, 2))), 2) -> 0 | V80: =Source!Y34 -> 0 | W80: =IF(Source!BI34<=1,H80, 0) -> 597.05 | X80: =IF(Source!BI34=2,H80, 0) -> 0 | Y80: =IF(Source!BI34=3,H80, 0) -> 0 | Z80: =IF(Source!BI34=4,H80, 0) -> 0
A81: =Source!E35 -> 5,2 | B81: =Source!F35 -> 14.4.01.21 | C81: =Source!G35 -> Грунтовка | D81: =Source!H35 -> т | E81: =Source!I35 -> 0.03149 | F81: =Source!AL35+Source!AM35+Source!AO35 -> 0 | H81: =ROUND(Source!AC35*Source!I35, 2)+ROUND(Source!AD35*Source!I35, 2)+ROUND(Source!AF35*Source!I35, 2) -> 0 | J81: =IF(Source!BC35<> 0, Source!BC35, 1) -> 6.61 | K81: =Source!O35 -> 0 | S81: =ROUND((Source!FX35/100)*((ROUND(Source!AF35*Source!I35, 2)+ROUND(Source!AE35*Source!I35, 2))), 2) -> 0 | T81: =Source!X35 -> 0 | U81: =ROUND((Source!FY35/100)*((ROUND(Source!AF35*Source!I35, 2)+ROUND(Source!AE35*Source!I35, 2))), 2) -> 0 | V81: =Source!Y35 -> 0 | W81: =IF(Source!BI35<=1,H81, 0) -> 0 | X81: =IF(Source!BI35=2,H81, 0) -> 0 | Y81: =IF(Source!BI35=3,H81, 0) -> 0 | Z81: =IF(Source!BI35=4,H81, 0) -> 0
G82: =H73+H74+H76+H77+H78+SUM(H80:H81) -> 1287.65 | J82: =K73+K74+K76+K77+K78+SUM(K80:K81) -> 8525.4 | L82: =Source!U33 -> 29.550216 | O82: =G82 -> 1287.65 | P82: =J82 -> 8525.4 | Q82: =L82 -> 29.550216 | W82: =IF(Source!BI33<=1,H73+H74+H76+H77+H78, 0) -> 690.6 | X82: =IF(Source!BI33=2,H73+H74+H76+H77+H78, 0) -> 0 | Y82: =IF(Source!BI33=3,H73+H74+H76+H77+H78, 0) -> 0 | Z82: =IF(Source!BI33=4,H73+H74+H76+H77+H78, 0) -> 0
A83: =Source!E36 -> 6 | B83: =Source!F36 -> 15-01-050-04 | C83: =Source!G36 -> Облицовка оконных и дверных откосов декоративным бумажно-слоистым пластиком или листами из синтетических материалов | D83: =Source!H36 -> 100 м2 | E83: =Source!I36 -> 1.5745 | F83: =Source!AL36+Source!AM36+Source!AO36 -> 1563.91 | I83: =Source!BO36 | S83: =ROUND((Source!FX36/100)*((ROUND(Source!AF36*Source!I36, 2)+ROUND(Source!AE36*Source!I36, 2))), 2) -> 2627.67 | T83: =Source!X36 -> 17460.76 | U83: =ROUND((Source!FY36/100)*((ROUND(Source!AF36*Source!I36, 2)+ROUND(Source!AE36*Source!I36, 2))), 2) -> 1299.93 | V83: =Source!Y36 -> 8638.48
C84: ="Объем: "&Source!I36&"=157,45/"&"100" -> Объем: 1,5745=157,45/100
C85: Зарплата | F85: =Source!AO36 -> 1528.19 | G85: =Source!DG36 -> )*1,15 | H85: =ROUND(Source!AF36*Source!I36, 2) -> 2767.06 | J85: =IF(Source!BA36<> 0, Source!BA36, 1) -> 6.61 | K85: =Source!S36 -> 18290.25 | R85: =H85 -> 2767.06
C86: Эксплуатация машин | F86: =Source!AM36 -> 35.36 | G86: =Source!DE36 -> )*1,25 | H86: =ROUND(Source!AD36*Source!I36, 2) -> 69.59 | J86: =IF(Source!BB36<> 0, Source!BB36, 1) -> 6.61 | K86: =Source!Q36 -> 460.01
C87: в т.ч. зарплата машинистов | F87: =Source!AN36 -> 6.88 | G87: =Source!DF36 -> )*1,25 | H87: =ROUND(Source!AE36*Source!I36, 2) -> 13.54 | J87: =IF(Source!BS36<> 0, Source!BS36, 1) -> 6.61 | K87: =Source!R36 -> 89.5 | R87: =H87 -> 13.54
C88: Материальные ресурсы | F88: =Source!AL36 -> 0.36 | G88: =Source!DD36 | H88: =ROUND(Source!AC36*Source!I36, 2) -> 0.57 | J88: =IF(Source!BC36<> 0, Source!BC36, 1) -> 6.61 | K88: =Source!P36 -> 3.75
C89: НР от ФОТ | D89: % | E89: =Source!BZ36 -> 105 | F89: =CONCATENATE(" )", Source!DL36, Source!FT36, "=", Source!FX36) -> )*0,9=94,5 | H89: =SUM(S83:S93) -> 2627.67 | J89: =Source!AT36 -> 95 | K89: =SUM(T83:T93) -> 17460.76
C90: СП от ФОТ | D90: % | E90: =Source!CA36 -> 55 | F90: =CONCATENATE(" )", Source!DM36, Source!FU36, "=", Source!FY36) -> )*0,85=46,75 | H90: =SUM(U83:U93) -> 1299.93 | J90: =Source!AU36 -> 47 | K90: =SUM(V83:V93) -> 8638.48
C91: Затраты труда | D91: чел-ч | E91: =Source!AQ36 -> 166.47 | G91: =Source!DI36 -> )*1,15 | L91: =Source!U36 -> 301.42307
A92: =Source!E37 -> 6,1 | B92: =Source!F37 -> Средняя коммерческая цена | C92: Сандвич панели толщиной 10мм Базисная стоимость: 88,34 = [689 / 1,18 / 6,61] | D92: =Source!H37 -> м2 | E92: =Source!I37 -> 165.3225 | F92: =Source!AL37+Source!AM37+Source!AO37 -> 88.34 | H92: =ROUND(Source!AC37*Source!I37, 2)+ROUND(Source!AD37*Source!I37, 2)+ROUND(Source!AF37*Source!I37, 2) -> 14604.59 | J92: =IF(Source!BC37<> 0, Source!BC37, 1) -> 6.61 | K92: =Source!O37 -> 96536.34 | S92: =ROUND((Source!FX37/100)*((ROUND(Source!AF37*Source!I37, 2)+ROUND(Source!AE37*Source!I37, 2))), 2) -> 0 | T92: =Source!X37 -> 0 | U92: =ROUND((Source!FY37/100)*((ROUND(Source!AF37*Source!I37, 2)+ROUND(Source!AE37*Source!I37, 2))), 2) -> 0 | V92: =Source!Y37 -> 0 | W92: =IF(Source!BI37<=1,H92, 0) -> 14604.59 | X92: =IF(Source!BI37=2,H92, 0) -> 0 | Y92: =IF(Source!BI37=3,H92, 0) -> 0 | Z92: =IF(Source!BI37=4,H92, 0) -> 0
A93: =Source!E38 -> 6,2 | B93: =Source!F38 -> 01.6.01.11 | C93: =Source!G38 -> Листы облицовочные декоративные | D93: =Source!H38 -> м2 | E93: =Source!I38 -> 165.3225 | F93: =Source!AL38+Source!AM38+Source!AO38 -> 0 | H93: =ROUND(Source!AC38*Source!I38, 2)+ROUND(Source!AD38*Source!I38, 2)+ROUND(Source!AF38*Source!I38, 2) -> 0 | J93: =IF(Source!BC38<> 0, Source!BC38, 1) -> 6.61 | K93: =Source!O38 -> 0 | S93: =ROUND((Source!FX38/100)*((ROUND(Source!AF38*Source!I38, 2)+ROUND(Source!AE38*Source!I38, 2))), 2) -> 0 | T93: =Source!X38 -> 0 | U93: =ROUND((Source!FY38/100)*((ROUND(Source!AF38*Source!I38, 2)+ROUND(Source!AE38*Source!I38, 2))), 2) -> 0 | V93: =Source!Y38 -> 0 | W93: =IF(Source!BI38<=1,H93, 0) -> 0 | X93: =IF(Source!BI38=2,H93, 0) -> 0 | Y93: =IF(Source!BI38=3,H93, 0) -> 0 | Z93: =IF(Source!BI38=4,H93, 0) -> 0
G94: =H85+H86+H88+H89+H90+SUM(H92:H93) -> 21369.41 | J94: =K85+K86+K88+K89+K90+SUM(K92:K93) -> 141389.59 | L94: =Source!U36 -> 301.42307 | O94: =G94 -> 21369.41 | P94: =J94 -> 141389.59 | Q94: =L94 -> 301.42307 | W94: =IF(Source!BI36<=1,H85+H86+H88+H89+H90, 0) -> 6764.82 | X94: =IF(Source!BI36=2,H85+H86+H88+H89+H90, 0) -> 0 | Y94: =IF(Source!BI36=3,H85+H86+H88+H89+H90, 0) -> 0 | Z94: =IF(Source!BI36=4,H85+H86+H88+H89+H90, 0) -> 0
A95: =Source!E39 -> 7 | B95: =Source!F39 -> 10-01-036-01 | C95: =Source!G39 -> Установка уголков ПВХ на клее | D95: =Source!H39 -> 100 м | E95: =Source!I39 -> 3.149 | F95: =Source!AL39+Source!AM39+Source!AO39 -> 93.15 | I95: =Source!BO39 | S95: =ROUND((Source!FX39/100)*((ROUND(Source!AF39*Source!I39, 2)+ROUND(Source!AE39*Source!I39, 2))), 2) -> 219.78 | T95: =Source!X39 -> 1450.03 | U95: =ROUND((Source!FY39/100)*((ROUND(Source!AF39*Source!I39, 2)+ROUND(Source!AE39*Source!I39, 2))), 2) -> 110.82 | V95: =Source!Y39 -> 738.69
C96: ="Объем: "&Source!I39&"=314,9/"&"100" -> Объем: 3,149=314,9/100
C97: Зарплата | F97: =Source!AO39 -> 57.15 | G97: =Source!DG39 -> )*1,15 | H97: =ROUND(Source!AF39*Source!I39, 2) -> 206.95 | J97: =IF(Source!BA39<> 0, Source!BA39, 1) -> 6.61 | K97: =Source!S39 -> 1367.95 | R97: =H97 -> 206.95
C98: Материальные ресурсы | F98: =Source!AL39 -> 36 | G98: =Source!DD39 | H98: =ROUND(Source!AC39*Source!I39, 2) -> 113.36 | J98: =IF(Source!BC39<> 0, Source!BC39, 1) -> 6.61 | K98: =Source!P39 -> 749.34
C99: НР от ФОТ | D99: % | E99: =Source!BZ39 -> 118 | F99: =CONCATENATE(" )", Source!DL39, Source!FT39, "=", Source!FX39) -> )*0,9=106,2 | H99: =SUM(S95:S103) -> 219.78 | J99: =Source!AT39 -> 106 | K99: =SUM(T95:T103) -> 1450.03
C100: СП от ФОТ | D100: % | E100: =Source!CA39 -> 63 | F100: =CONCATENATE(" )", Source!DM39, Source!FU39, "=", Source!FY39) -> )*0,85=53,55 | H100: =SUM(U95:U103) -> 110.82 | J100: =Source!AU39 -> 54 | K100: =SUM(V95:V103) -> 738.69
C101: Затраты труда | D101: чел-ч | E101: =Source!AQ39 -> 6.7 | G101: =Source!DI39 -> )*1,15 | L101: =Source!U39 -> 24.263045
A102: =Source!E40 -> 7,1 | B102: =Source!F40 -> Средняя коммерческая цена | C102: Защитный пластиковый уголок 40х40мм Базисная стоимость: 7,73 = [60,33 / 1,18 / 6,61] | D102: =Source!H40 -> м | E102: =Source!I40 -> 314.9 | F102: =Source!AL40+Source!AM40+Source!AO40 -> 7.73 | H102: =ROUND(Source!AC40*Source!I40, 2)+ROUND(Source!AD40*Source!I40, 2)+ROUND(Source!AF40*Source!I40, 2) -> 2434.18 | J102: =IF(Source!BC40<> 0, Source!BC40, 1) -> 6.61 | K102: =Source!O40 -> 16089.91 | S102: =ROUND((Source!FX40/100)*((ROUND(Source!AF40*Source!I40, 2)+ROUND(Source!AE40*Source!I40, 2))), 2) -> 0 | T102: =Source!X40 -> 0 | U102: =ROUND((Source!FY40/100)*((ROUND(Source!AF40*Source!I40, 2)+ROUND(Source!AE40*Source!I40, 2))), 2) -> 0 | V102: =Source!Y40 -> 0 | W102: =IF(Source!BI40<=1,H102, 0) -> 2434.18 | X102: =IF(Source!BI40=2,H102, 0) -> 0 | Y102: =IF(Source!BI40=3,H102, 0) -> 0 | Z102: =IF(Source!BI40=4,H102, 0) -> 0
A103: =Source!E41 -> 7,2 | B103: =Source!F41 -> 11.3.03.13 | C103: =Source!G41 -> Уголок ПВХ | D103: =Source!H41 -> П.М | E103: =Source!I41 -> 314.9 | F103: =Source!AL41+Source!AM41+Source!AO41 -> 0 | H103: =ROUND(Source!AC41*Source!I41, 2)+ROUND(Source!AD41*Source!I41, 2)+ROUND(Source!AF41*Source!I41, 2) -> 0 | J103: =IF(Source!BC41<> 0, Source!BC41, 1) -> 6.61 | K103: =Source!O41 -> 0 | S103: =ROUND((Source!FX41/100)*((ROUND(Source!AF41*Source!I41, 2)+ROUND(Source!AE41*Source!I41, 2))), 2) -> 0 | T103: =Source!X41 -> 0 | U103: =ROUND((Source!FY41/100)*((ROUND(Source!AF41*Source!I41, 2)+ROUND(Source!AE41*Source!I41, 2))), 2) -> 0 | V103: =Source!Y41 -> 0 | W103: =IF(Source!BI41<=1,H103, 0) -> 0 | X103: =IF(Source!BI41=2,H103, 0) -> 0 | Y103: =IF(Source!BI41=3,H103, 0) -> 0 | Z103: =IF(Source!BI41=4,H103, 0) -> 0
G104: =H97+H98+H99+H100+SUM(H102:H103) -> 3085.09 | J104: =K97+K98+K99+K100+SUM(K102:K103) -> 20395.92 | L104: =Source!U39 -> 24.263045 | O104: =G104 -> 3085.09 | P104: =J104 -> 20395.92 | Q104: =L104 -> 24.263045 | W104: =IF(Source!BI39<=1,H97+H98+H99+H100, 0) -> 650.91 | X104: =IF(Source!BI39=2,H97+H98+H99+H100, 0) -> 0 | Y104: =IF(Source!BI39=3,H97+H98+H99+H100, 0) -> 0 | Z104: =IF(Source!BI39=4,H97+H98+H99+H100, 0) -> 0
A105: =CONCATENATE("Итого по локальной смете: ",IF(Source!G43<>"Новая локальная смета", Source!G43, "")) -> Итого по локальной смете: | G105: =SUM(O27:O104) -> 268584.11 | J105: =SUM(P27:P104) -> 1775696.9 | L105: =SUM(Q27:Q104) -> 1321.2654
C106: =Source!H71 -> Итого | J106: =IF(Source!F71=0, "", Source!F71) -> 1775696.9
C107: =Source!H72 -> НДС 18% | J107: =IF(Source!F72=0, "", Source!F72) -> 319625.45
C108: =Source!H73 -> Всего | J108: =IF(Source!F73=0, "", Source!F73) -> 2095322.4
...

Sheet Акт КС-2 c НР и СП
A1: =Source!B1 -> Smeta.RU (495) 974-1589
E2: Унифицированная форма № КС-2
E3: Утверждена постановлением Госкомстата России
E4: от 11.11.99. № 100
G6: Код
F7: Форма по ОКУД | G7: 0322005
G8: =IF(Source!AT15 <> "", Source!AT15, "")
A9: Инвестор | C9: =IF(Source!BA15 <> "", Source!BA15, IF(Source!AU15 <> "", Source!AU15, "")) | F9: по ОКПО
C10: организация, адрес, телефон, факс | G10: =IF(Source!AK15 <> "", Source!AK15, "")
A11: Заказчик | C11: =IF(Source!AX12<> "", Source!AX12, IF(Source!AJ12 <> "", Source!AJ12, "")) | F11: по ОКПО
C12: организация, адрес, телефон, факс | G12: =IF(Source!AO15 <> "", Source!AO15, "")
A13: Подрядчик | C13: =IF(Source!AY12<> "", Source!AY12, IF(Source!AN12 <> "", Source!AN12, "")) | F13: по ОКПО
C14: организация, адрес, телефон, факс | G14: =IF(Source!CO15 <> "", Source!CO15, "")
A15: Стройка | C15: на капитальный ремонт оконных проёмов с заменой деревянных оконных блоков на оконные блоки в помещениях №1,№2,№22,№24,№25,№26 1 этажа,№10,№11,№13,№14,№15 2 этажа,№3,№4,№5,№6,№7 3 этажа,4 этажа№3,№4,№5,№6,№7 4 этажа в здании учебного корпуса Уральского технологического колледжа -филиала НИЯУ МИФИ (УрТК НИЯУ МИФИ) по адресу: 624250,Свердловская обл.,г.Заречный,ул.Ленина,д.27 | AE15: на капитальный ремонт оконных проёмов с заменой деревянных оконных блоков на оконные блоки в помещениях №1,№2,№22,№24,№25,№26 1 этажа,№10,№11,№13,№14,№15 2 этажа,№3,№4,№5,№6,№7 3 этажа,4 этажа№3,№4,№5,№6,№7 4 этажа в здании учебного корпуса Уральского технологического колледжа -филиала НИЯУ МИФИ (УрТК НИЯУ МИФИ) по адресу: 624250,Свердловская обл.,г.Заречный,ул.Ленина,д.27
C16: наименование, адрес | G16: =IF(Source!CP15 <> "", Source!CP15, "")
A17: Объект | C17: =IF(Source!G12<>"Новый объект", Source!G12, "") -> на капитальный ремонт оконных проемов с заменой деревянных оконных блоков на оконные блоки из ПВХ в помещениях № 1, № 2 ,№ 21, № 22, № 24, № 25, № 26 1-го этажа, №10, №11, №13, №14, №15 2-го этажа, № 3-№ 7 3-го этажа, №3-№7 4-го этажа в здании учебного корпуса Уральского технологического колледжа-филиала НИЯУ МИФИ ( УрТК НИЯУ МИФИ) по адресу: Свердловская обл., г. Заречный, ул. Ленина 27 | AE17: =IF(Source!G12<>"Новый объект", Source!G12, "") -> на капитальный ремонт оконных проемов с заменой деревянных оконных блоков на оконные блоки из ПВХ в помещениях № 1, № 2 ,№ 21, № 22, № 24, № 25, № 26 1-го этажа, №10, №11, №13, №14, №15 2-го этажа, № 3-№ 7 3-го этажа, №3-№7 4-го этажа в здании учебного корпуса Уральского технологического колледжа-филиала НИЯУ МИФИ ( УрТК НИЯУ МИФИ) по адресу: Свердловская обл., г. Заречный, ул. Ленина 27
C18: наименование
D19: Вид деятельности по ОКДП | G19: =IF(Source!CQ15 <> "", Source!CQ15, "")
D20: Договор подряда | F20: номер | G20: =IF(Source!CR15 <> "", Source!CR15, "")
F21: дата | G21: =IF(Source!CS15 <> 0, Source!CS15, "")
F22: Вид операции | G22: =IF(Source!CT15 <> "", Source!CT15, "")
D24: Номер документа | E24: Дата составления | F24: Отчетный период
F25: с | G25: по
D26: =IF(Source!CN15 <> "", Source!CN15, "") | E26: 43195.697
A28: AKT
A29: О ПРИЕМКЕ ВЫПОЛНЕННЫХ РАБОТ
A31: Сметная (договорная) стоимость в соответствии с договором подряда (субподряда) | F31: =(Source!F73/1000) -> 2095.3224 | H31: тыс.руб
A33: Номер | C33: Наименование работ | D33: Номер единичной расценки | E33: Единица измерения | F33: Выполнено работ
A34: по порядку | B34: поз. по смете | F34: Количество | G34: цена за единицу, руб | H34: стоимость, руб
A35: 1 | B35: 2 | C35: 3 | D35: 4 | E35: 5 | F35: 6 | G35: 7 | H35: 8
A36: 1 | B36: =Source!E24 -> 1 | C36: =Source!G24 -> Разборка деревянных заполнений проемов оконных с подоконными досками | D36: =Source!F24 -> 46-04-012-01 | E36: =Source!H24 -> 100 м2 | F36: =Source!I24 -> 2.4675 | G36: =Source!AB24 -> 1767.24 | H36: =Source!O24 -> 28824 | T36: =Source!O24+Source!X24+Source!Y24 -> 71089.38 | U36: =Source!P24 -> 0 | V36: =Source!S24 -> 24877.75 | W36: =Source!Q24 -> 3946.25 | X36: =Source!R24 -> 1704.25 | Y36: =Source!U24 -> 465.22245 | Z36: =Source!V24 -> 19.09845 | AA36: =Source!X24 -> 26316.18 | AB36: =Source!Y24 -> 15949.2
C37: Коэфф. к ОЗП | D37: =Source!BA24 -> 6.61
C38: Коэфф. к эксплуатации машин | D38: =Source!BB24 -> 6.61
C39: Коэфф. к материалам | D39: =Source!BC24 -> 6.61
C40: Коэфф. к ЗПМ | D40: =Source!BS24 -> 6.61
C41: % НР | F41: =Source!BZ24 -> 110 | G41: =(Source!AF24+Source!AE24)*Source!FX24/100 -> 1613.4822 | H41: =Source!X24 -> 26316.18
C42: % НР с поправкой | G42: =CONCATENATE(Source!DL24,Source!FT24, "=", Source!FX24, "%") -> *0,9=99% | H42: =CONCATENATE(Source!AT24) -> 99
C43: % СП | F43: =Source!CA24 -> 70 | G43: =(Source!AF24+Source!AE24)*Source!FY24/100 -> 969.7191 | H43: =Source!Y24 -> 15949.2
C44: СП с поправкой | G44: =CONCATENATE(Source!DM24,Source!FU24, "=", Source!FY24, "%") -> *0,85=59,5% | H44: =CONCATENATE(Source!AU24) -> 60
C45: Итого с НР и СП | G45: =((Source!AF24+Source!AE24)*Source!FX24/100)+((Source!AF24+Source!AE24)*Source!FY24/100)+Source!AB24 -> 4350.4413 | H45: =Source!O24+Source!X24+Source!Y24 -> 71089.38
A46: 2 | B46: =Source!E25 -> 2 | C46: =Source!G25 -> Установка в жилых и общественных зданиях оконных блоков из ПВХ профилей поворотных (откидных, поворотно-откидных) с площадью проема более 2 м2 трехстворчатых, в том числе при наличии створок глухого остекления | D46: =Source!F25 -> 10-01-034-08 | E46: =Source!H25 -> 100 м2 | F46: =Source!I25 -> 2.4675 | G46: =Source!AB25 -> 10367.24 | H46: =Source!O25 -> 169091.5 | T46: =Source!O25+Source!X25+Source!Y25 -> 209856.77 | U46: =Source!P25 -> 139436.01 | V46: =Source!S25 -> 24452.38 | W46: =Source!Q25 -> 5203.11 | X46: =Source!R25 -> 1025.91 | Y46: =Source!U25 -> 423.26014 | Z46: =Source!V25 -> 13.046906 | AA46: =Source!X25 -> 27006.99 | AB46: =Source!Y25 -> 13758.28
C47: Коэфф. к ОЗП | D47: =Source!BA25 -> 6.61
C48: Коэфф. к эксплуатации машин | D48: =Source!BB25 -> 6.61
C49: Коэфф. к материалам | D49: =Source!BC25 -> 6.61
C50: Коэфф. к ЗПМ | D50: =Source!BS25 -> 6.61
C51: % НР | F51: =Source!BZ25 -> 118 | G51: =(Source!AF25+Source!AE25)*Source!FX25/100 -> 1658.9608 | H51: =Source!X25 -> 27006.99
C52: % НР с поправкой | G52: =CONCATENATE(Source!DL25,Source!FT25, "=", Source!FX25, "%") -> *0,9=106,2% | H52: =CONCATENATE(Source!AT25) -> 106
C53: % СП | F53: =Source!CA25 -> 63 | G53: =(Source!AF25+Source!AE25)*Source!FY25/100 -> 836.50991 | H53: =Source!Y25 -> 13758.28
C54: СП с поправкой | G54: =CONCATENATE(Source!DM25,Source!FU25, "=", Source!FY25, "%") -> *0,85=53,55% | H54: =CONCATENATE(Source!AU25) -> 54
C55: Итого с НР и СП | G55: =((Source!AF25+Source!AE25)*Source!FX25/100)+((Source!AF25+Source!AE25)*Source!FY25/100)+Source!AB25 -> 12862.711 | H55: =Source!O25+Source!X25+Source!Y25 -> 209856.77
A56: 3 | B56: =Source!E26 -> 2,1 | C56: Оконный блок из ПВХ 2500х2100мм Базисная стоимость: 604,50 = [4 715 / 1,18 / 6,61] | D56: =Source!F26 -> Средняя коммерческая цена | E56: =Source!H26 -> м2 | F56: =Source!I26 -> 246.75 | G56: =Source!AB26 -> 604.5 | H56: =Source!O26 -> 985950.08 | T56: =Source!O26+Source!X26+Source!Y26 -> 985950.08 | U56: =Source!P26 -> 985950.08 | V56: =Source!S26 -> 0 | W56: =Source!Q26 -> 0 | X56: =Source!R26 -> 0 | Y56: =Source!U26 -> 0 | Z56: =Source!V26 -> 0 | AA56: =Source!X26 -> 0 | AB56: =Source!Y26 -> 0
C57: Коэфф. к материалам | D57: =Source!BC26 -> 6.61
A58: 4 | B58: =Source!E27 -> 2,2 | C58: =Source!G27 -> Блоки оконные пластиковые | D58: =Source!F27 -> 11.3.02.03 | E58: =Source!H27 -> м2 | F58: =Source!I27 -> 246.75 | G58: =Source!AB27 -> 0 | H58: =Source!O27 -> 0 | T58: =Source!O27+Source!X27+Source!Y27 -> 0 | U58: =Source!P27 -> 0 | V58: =Source!S27 -> 0 | W58: =Source!Q27 -> 0 | X58: =Source!R27 -> 0 | Y58: =Source!U27 -> 0 | Z58: =Source!V27 -> 0 | AA58: =Source!X27 -> 0 | AB58: =Source!Y27 -> 0
C59: Коэфф. к материалам | D59: =Source!BC27 -> 6.61
A60: 5 | B60: =Source!E28 -> 3 | C60: =Source!G28 -> Установка подоконных досок из ПВХ в каменных стенах толщиной свыше 0,51 м | D60: =Source!F28 -> 10-01-035-03 | E60: =Source!H28 -> 100 м | F60: =Source!I28 -> 1.175 | G60: =Source!AB28 -> 6514.01 | H60: =Source!O28 -> 50592.68 | T60: =Source!O28+Source!X28+Source!Y28 -> 53267.8 | U60: =Source!P28 -> 48751.11 | V60: =Source!S28 -> 1628.92 | W60: =Source!Q28 -> 212.65 | X60: =Source!R28 -> 43.03 | Y60: =Source!U28 -> 28.889725 | Z60: =Source!V28 -> 0.5434375 | AA60: =Source!X28 -> 1772.27 | AB60: =Source!Y28 -> 902.85
C61: Коэфф. к ОЗП | D61: =Source!BA28 -> 6.61
C62: Коэфф. к эксплуатации машин | D62: =Source!BB28 -> 6.61
C63: Коэфф. к материалам | D63: =Source!BC28 -> 6.61
C64: Коэфф. к ЗПМ | D64: =Source!BS28 -> 6.61
C65: % НР | F65: =Source!BZ28 -> 118 | G65: =(Source!AF28+Source!AE28)*Source!FX28/100 -> 228.61674 | H65: =Source!X28 -> 1772.27
C66: % НР с поправкой | G66: =CONCATENATE(Source!DL28,Source!FT28, "=", Source!FX28, "%") -> *0,9=106,2% | H66: =CONCATENATE(Source!AT28) -> 106
C67: % СП | F67: =Source!CA28 -> 63 | G67: =(Source!AF28+Source!AE28)*Source!FY28/100 -> 115.27708 | H67: =Source!Y28 -> 902.85
C68: СП с поправкой | G68: =CONCATENATE(Source!DM28,Source!FU28, "=", Source!FY28, "%") -> *0,85=53,55% | H68: =CONCATENATE(Source!AU28) -> 54
C69: Итого с НР и СП | G69: =((Source!AF28+Source!AE28)*Source!FX28/100)+((Source!AF28+Source!AE28)*Source!FY28/100)+Source!AB28 -> 6857.9038 | H69: =Source!O28+Source!X28+Source!Y28 -> 53267.8
A70: 6 | B70: =Source!E29 -> 3,1 | C70: Подоконная доска из ПВХ шириной 600мм Базисная стоимость: 318,64 = [2 485,33 / 1,18 / 6,61] | D70: =Source!F29 -> Средняя коммерческая цена | E70: =Source!H29 -> м | F70: =Source!I29 -> 117.5 | G70: =Source!AB29 -> 318.64 | H70: =Source!O29 -> 247479.72 | T70: =Source!O29+Source!X29+Source!Y29 -> 247479.72 | U70: =Source!P29 -> 247479.72 | V70: =Source!S29 -> 0 | W70: =Source!Q29 -> 0 | X70: =Source!R29 -> 0 | Y70: =Source!U29 -> 0 | Z70: =Source!V29 -> 0 | AA70: =Source!X29 -> 0 | AB70: =Source!Y29 -> 0
C71: Коэфф. к материалам | D71: =Source!BC29 -> 6.61
A72: 7 | B72: =Source!E30 -> 4 | C72: =Source!G30 -> Смена обделок из листовой стали (поясков, сандриков, отливов, карнизов) шириной до 0,4 м | D72: =Source!F30 -> 58-20-1 | E72: =Source!H30 -> 100 м | F72: =Source!I30 -> 1.175 | G72: =Source!AB30 -> 454.41 | H72: =Source!O30 -> 3529.29 | T72: =Source!O30+Source!X30+Source!Y30 -> 7607.3 | U72: =Source!P30 -> 746 | V72: =Source!S30 -> 2743.45 | W72: =Source!Q30 -> 39.84 | X72: =Source!R30 -> 11.96 | Y72: =Source!U30 -> 48.65675 | Z72: =Source!V30 -> 0.141 | AA72: =Source!X30 -> 2286.99 | AB72: =Source!Y30 -> 1791.02
C73: Коэфф. к ОЗП | D73: =Source!BA30 -> 6.61
C74: Коэфф. к эксплуатации машин | D74: =Source!BB30 -> 6.61
C75: Коэфф. к материалам | D75: =Source!BC30 -> 6.61
C76: Коэфф. к ЗПМ | D76: =Source!BS30 -> 6.61
C77: % НР | F77: =Source!BZ30 -> 83 | G77: =(Source!AF30+Source!AE30)*Source!FX30/100 -> 294.4591 | H77: =Source!X30 -> 2286.99
C78: % СП | F78: =Source!CA30 -> 65 | G78: =(Source!AF30+Source!AE30)*Source!FY30/100 -> 230.6005 | H78: =Source!Y30 -> 1791.02
C79: Итого с НР и СП | G79: =((Source!AF30+Source!AE30)*Source!FX30/100)+((Source!AF30+Source!AE30)*Source!FY30/100)+Source!AB30 -> 979.4696 | H79: =Source!O30+Source!X30+Source!Y30 -> 7607.3
A80: 8 | B80: =Source!E31 -> 4,1 | C80: Отлив из оцинкованной стали с полимерным покрытием шириной 250мм Базисная стоимость: 38,80 = [302,67 / 1,18 / 6,61] | D80: =Source!F31 -> Средняя коммерческая цена | E80: =Source!H31 -> м | F80: =Source!I31 -> 117.5 | G80: =Source!AB31 -> 38.8 | H80: =Source!O31 -> 30134.99 | T80: =Source!O31+Source!X31+Source!Y31 -> 30134.99 | U80: =Source!P31 -> 30134.99 | V80: =Source!S31 -> 0 | W80: =Source!Q31 -> 0 | X80: =Source!R31 -> 0 | Y80: =Source!U31 -> 0 | Z80: =Source!V31 -> 0 | AA80: =Source!X31 -> 0 | AB80: =Source!Y31 -> 0
C81: Коэфф. к материалам | D81: =Source!BC31 -> 6.61
A82: 9 | B82: =Source!E32 -> 4,2 | C82: =Source!G32 -> Сталь листовая оцинкованная | D82: =Source!F32 -> 08.3.05.05 | E82: =Source!H32 -> т | F82: =Source!I32 -> 0.2162 | G82: =Source!AB32 -> 0 | H82: =Source!O32 -> 0 | T82: =Source!O32+Source!X32+Source!Y32 -> 0 | U82: =Source!P32 -> 0 | V82: =Source!S32 -> 0 | W82: =Source!Q32 -> 0 | X82: =Source!R32 -> 0 | Y82: =Source!U32 -> 0 | Z82: =Source!V32 -> 0 | AA82: =Source!X32 -> 0 | AB82: =Source!Y32 -> 0
C83: Коэфф. к материалам | D83: =Source!BC32 -> 6.61
A84: 10 | B84: =Source!E33 -> 5 | C84: =Source!G33 -> Покрытие поверхностей грунтовкой глубокого проникновения за 2 раза стен | D84: =Source!F33 -> 15-04-006-04 | E84: =Source!H33 -> 100 м2 | F84: =Source!I33 -> 1.5745 | G84: =Source!AB33 -> 182.93 | H84: =Source!O33 -> 1903.83 | T84: =Source!O33+Source!X33+Source!Y33 -> 4578.9 | U84: =Source!P33 -> 3.75 | V84: =Source!S33 -> 1879.06 | W84: =Source!Q33 -> 21.02 | X84: =Source!R33 -> 4.79 | Y84: =Source!U33 -> 29.550216 | Z84: =Source!V33 -> 0.05904375 | AA84: =Source!X33 -> 1789.66 | AB84: =Source!Y33 -> 885.41
C85: Коэфф. к ОЗП | D85: =Source!BA33 -> 6.61
C86: Коэфф. к эксплуатации машин | D86: =Source!BB33 -> 6.61
C87: Коэфф. к материалам | D87: =Source!BC33 -> 6.61
C88: Коэфф. к ЗПМ | D88: =Source!BS33 -> 6.61
C89: % НР | F89: =Source!BZ33 -> 105 | G89: =(Source!AF33+Source!AE33)*Source!FX33/100 -> 171.05445 | H89: =Source!X33 -> 1789.66
C90: % НР с поправкой | G90: =CONCATENATE(Source!DL33,Source!FT33, "=", Source!FX33, "%") -> *0,9=94,5% | H90: =CONCATENATE(Source!AT33) -> 95
C91: % СП | F91: =Source!CA33 -> 55 | G91: =(Source!AF33+Source!AE33)*Source!FY33/100 -> 84.622175 | H91: =Source!Y33 -> 885.41
C92: СП с поправкой | G92: =CONCATENATE(Source!DM33,Source!FU33, "=", Source!FY33, "%") -> *0,85=46,75% | H92: =CONCATENATE(Source!AU33) -> 47
C93: Итого с НР и СП | G93: =((Source!AF33+Source!AE33)*Source!FX33/100)+((Source!AF33+Source!AE33)*Source!FY33/100)+Source!AB33 -> 438.60663 | H93: =Source!O33+Source!X33+Source!Y33 -> 4578.9
A94: 11 | B94: =Source!E34 -> 5,1 | C94: =Source!G34 -> Грунтовка колерующая CERESIT CT 16 | D94: =Source!F34 -> 14.3.01.02-0104 | E94: =Source!H34 -> л | F94: =Source!I34 -> 31.49 | G94: =Source!AB34 -> 18.96 | H94: =Source!O34 -> 3946.5 | T94: =Source!O34+Source!X34+Source!Y34 -> 3946.5 | U94: =Source!P34 -> 3946.5 | V94: =Source!S34 -> 0 | W94: =Source!Q34 -> 0 | X94: =Source!R34 -> 0 | Y94: =Source!U34 -> 0 | Z94: =Source!V34 -> 0 | AA94: =Source!X34 -> 0 | AB94: =Source!Y34 -> 0
C95: Коэфф. к материалам | D95: =Source!BC34 -> 6.61
A96: 12 | B96: =Source!E35 -> 5,2 | C96: =Source!G35 -> Грунтовка | D96: =Source!F35 -> 14.4.01.21 | E96: =Source!H35 -> т | F96: =Source!I35 -> 0.03149 | G96: =Source!AB35 -> 0 | H96: =Source!O35 -> 0 | T96: =Source!O35+Source!X35+Source!Y35 -> 0 | U96: =Source!P35 -> 0 | V96: =Source!S35 -> 0 | W96: =Source!Q35 -> 0 | X96: =Source!R35 -> 0 | Y96: =Source!U35 -> 0 | Z96: =Source!V35 -> 0 | AA96: =Source!X35 -> 0 | AB96: =Source!Y35 -> 0
C97: Коэфф. к материалам | D97: =Source!BC35 -> 6.61
A98: 13 | B98: =Source!E36 -> 6 | C98: =Source!G36 -> Облицовка оконных и дверных откосов декоративным бумажно-слоистым пластиком или листами из синтетических материалов | D98: =Source!F36 -> 15-01-050-04 | E98: =Source!H36 -> 100 м2 | F98: =Source!I36 -> 1.5745 | G98: =Source!AB36 -> 1801.98 | H98: =Source!O36 -> 18754.01 | T98: =Source!O36+Source!X36+Source!Y36 -> 44853.25 | U98: =Source!P36 -> 3.75 | V98: =Source!S36 -> 18290.25 | W98: =Source!Q36 -> 460.01 | X98: =Source!R36 -> 89.5 | Y98: =Source!U36 -> 301.42307 | Z98: =Source!V36 -> 1.1415125 | AA98: =Source!X36 -> 17460.76 | AB98: =Source!Y36 -> 8638.48
C99: Коэфф. к ОЗП | D99: =Source!BA36 -> 6.61
C100: Коэфф. к эксплуатации машин | D100: =Source!BB36 -> 6.61
C101: Коэфф. к материалам | D101: =Source!BC36 -> 6.61
C102: Коэфф. к ЗПМ | D102: =Source!BS36 -> 6.61
C103: % НР | F103: =Source!BZ36 -> 105 | G103: =(Source!AF36+Source!AE36)*Source!FX36/100 -> 1668.8889 | H103: =Source!X36 -> 17460.76
C104: % НР с поправкой | G104: =CONCATENATE(Source!DL36,Source!FT36, "=", Source!FX36, "%") -> *0,9=94,5% | H104: =CONCATENATE(Source!AT36) -> 95
C105: % СП | F105: =Source!CA36 -> 55 | G105: =(Source!AF36+Source!AE36)*Source!FY36/100 -> 825.61435 | H105: =Source!Y36 -> 8638.48
...

Sheet Макет форма-3
A1: =Source!B1 -> Smeta.RU (495) 974-1589 | H1: Унифицированная форма № КС-3
H2: Утверждена постановлением Госкомстата России
H3: от 11.11.99. № 100
K4: Коды
I5: Форма по ОКУД | K5: 322001
A6: Инвестор | J6: по ОКПО
C7: организация, адрес, телефон, факс
A8: Заказчик (генподрядчик) | J8: по ОКПО
C9: организация, адрес, телефон, факс
A10: Подрядчик (субподрядчик) | J10: по ОКПО
C11: организация, адрес, телефон, факс
A12: Стройка | J12: по ОКПО
C13: наименование, адрес | H13: Вид деятельности по ОКДП
E14: Договор подряда (контракт) | I14: номер
I15: дата
I16: Вид операции
C19: Номер документа | E19: Дата составления | I19: Отчетный период
I20: с | K20: по
A24: СПРАВКА
A25: СТОИМОСТИ ВЫПОЛНЕННЫХ РАБОТ И ЗАТРАТ
A28: № п/п | B28: Наименование пусковых комплексов, объектов, видов работ, оборудования, затрат | F28: Код | G28: Стоимость выполненных работ и затрат
G29: с начала проведения работ | I29: с начала года по отчетный период включительно | K29: в том числе за отчетный месяц
A33: 1 | B33: 2 | F33: 3 | G33: 4 | I33: 5 | K33: 6
B34: Всего работ и затрат, включаемых в стоимость
B35: В том числе:
A36: Итого
A37: Сумма НДС
A38: Всего с учетом НДС
A42: Заказчик (генподрядчик)
C43: должность | G43: подпись | J43: расшифровка подпись
A45: МП
A49: Подрядчик (субподрядчик)
C50: должность | G50: подпись | J50: расшифровка подпись
A52: МП

Sheet Source
A1: 0 | B1: Smeta.RU (495) 974-1589 | D1: _PS_ | F1: 0 | G1: 0 | H1: 0 | I1: Smeta.RU | K1: 0 | L1: 13277 | M1: 10
A12: 1 | B12: 133 | C12: 0 | D12: =ROW(A75) -> 75 | E12: 0 | F12: Новый объект | G12: на капитальный ремонт оконных проемов с заменой деревянных оконных блоков на оконные блоки из ПВХ в помещениях № 1, № 2 ,№ 21, № 22, № 24, № 25, № 26 1-го этажа, №10, №11, №13, №14, №15 2-го этажа, № 3-№ 7 3-го этажа, №3-№7 4-го этажа в здании учебного корпуса Уральского технологического колледжа-филиала НИЯУ МИФИ ( УрТК НИЯУ МИФИ) по адресу: Свердловская обл., г. Заречный, ул. Ленина 27 | I12: 0 | K12: 0 | O12: 0 | P12: 0 | Q12: 0 | R12: 0 | V12: 0 | BH12: Сметные нормы списания | BI12: Коды ценников | BJ12: 1 | BK12: 1 | BL12: 0 | BM12: 0 | BN12: 1 | BO12: 0 | BP12: 2 | BQ12: 2 | BR12: 1 | BS12: 1 | BT12: 0 | BU12: 0 | BV12: 0 | BW12: 0 | BX12: 0 | BY12: ФЕР-2017 | BZ12: ТР для Версии 10: Центральные регионы (с учетом п-ма 2536-ИП/12/ГС от 22.03.2017 г | CA12: ФЕР-2017 | CB12: ФЕР-2017 | CC12: ФЕР-2017 | CD12: ФЕР-2017 | CE12: Поправки для ГСН 2017 от 31.03.2017 г | CF12: 0 | CG12: 0 | CH12: 8 | CK12: 4 | EC12: 0
A15: 15 | B15: 1
A18: 52 | B18: =B75 -> 133 | C18: =C75 -> 1 | D18: =D75 -> 12 | E18: =E75 -> 0 | F18: =F75 -> Новый объект | G18: =G75 -> на капитальный ремонт оконных проемов с заменой деревянных оконных блоков на оконные блоки из ПВХ в помещениях № 1, № 2 ,№ 21, № 22, № 24, № 25, № 26 1-го этажа, №10, №11, №13, №14, №15 2-го этажа, № 3-№ 7 3-го этажа, №3-№7 4-го этажа в здании учебного корпуса Уральского технологического колледжа-филиала НИЯУ МИФИ ( УрТК НИЯУ МИФИ) по адресу: Свердловская обл., г. Заречный, ул. Ленина 27 | O18: =O75 -> 1654950.1 | P18: =P75 -> 1569827.5 | Q18: =Q75 -> 9882.88 | R18: =R75 -> 2879.44 | S18: =S75 -> 75239.76 | T18: =T75 -> 0 | U18: =U75 -> 1321.2654 | V18: =V75 -> 34.03035 | ... GX18: =GX75 -> 0
A20: 3 | B20: 1 | D20: =ROW(A43) -> 43 | F20: Новая локальная смета | G20: Новая локальная смета | I20: 0 | K20: 0 | V20: 0 | BX20: 0 | CF20: 0 | CG20: 0
A22: 52 | B22: =B43 -> 1 | C22: =C43 -> 3 | D22: =D43 -> 20 | E22: =E43 -> 0 | F22: =F43 -> Новая локальная смета | G22: =G43 -> Новая локальная смета | O22: =O43 -> 1654950.1 | P22: =P43 -> 1569827.5 | Q22: =Q43 -> 9882.88 | R22: =R43 -> 2879.44 | S22: =S43 -> 75239.76 | T22: =T43 -> 0 | U22: =U43 -> 1321.2654 | V22: =V43 -> 34.03035 | ... GX22: =GX43 -> 0
A24: 17 | B24: 1 | C24: =ROW(SmtRes!A3) -> 3 | D24: =ROW(EtalonRes!A3) -> 3 | E24: 1 | F24: 46-04-012-01 | G24: Разборка деревянных заполнений проемов оконных с подоконными досками | H24: 100 м2 | I24: =ROUND(246.75/100,9) -> 2.4675 | J24: 0 | O24: =ROUND(CP24,2) -> 28824 | P24: =ROUND(CQ24*I24,2) -> 0 | Q24: =ROUND(CR24*I24,2) -> 3946.25 | R24: =ROUND(CS24*I24,2) -> 1704.25 | S24: =ROUND(CT24*I24,2) -> 24877.75 | T24: =ROUND(CU24*I24,2) -> 0 | U24: =CV24*I24 -> 465.22245 | V24: =CW24*I24 -> 19.09845 | W24: =ROUND(CX24*I24,2) -> 0 | X24: =ROUND(CY24,2) -> 26316.18 | Y24: =ROUND(CZ24,2) -> 15949.2 | AA24: 39107596 | AB24: =ROUND((AC24+AD24+AF24),2) -> 1767.24 | AC24: =ROUND((ES24),2) -> 0 | AD24: =ROUND((((ET24)-(EU24))+AE24),2) -> 241.95 | AE24: =ROUND((EU24),2) -> 104.49 | AF24: =ROUND((EV24),2) -> 1525.29 | AG24: =ROUND((AP24),2) -> 0 | AH24: =(EW24) -> 188.54 | AI24: =(EX24) -> 7.74 | AJ24: =ROUND((AS24),2) -> 0 | AK24: 1767.24 | AL24: 0 | AM24: 241.95 | AN24: 104.49 | AO24: 1525.29 | AP24: 0 | AQ24: 188.54 | AR24: 7.74 | AS24: 0 | AT24: 99 | AU24: 60 | AV24: 1 | AW24: 1 | AZ24: 6.61 | BA24: 6.61 | BB24: 6.61 | BC24: 6.61 | BH24: 0 | BI24: 1 | BJ24: ФЕР-2001, 46-04-012-01, приказ Минстроя России №1039/пр от 30.12.2016г. | BM24: 46001 | BN24: 0 | BP24: 0 | BQ24: 2 | BR24: 0 | BS24: 6.61 | BT24: 1 | BU24: 1 | BV24: 1 | BW24: 1 | BX24: 1 | BZ24: 110 | CA24: 70 | CF24: 0 | CG24: 0 | CM24: 0 | CO24: 0 | CP24: =(P24+Q24+S24) -> 28824 | CQ24: =AC24*BC24 -> 0 | CR24: =AD24*BB24 -> 1599.2895 | CS24: =AE24*BS24 -> 690.6789 | CT24: =AF24*BA24 -> 10082.167 | CU24: =AG24 -> 0 | CV24: =AH24 -> 188.54 | CW24: =AI24 -> 7.74 | CX24: =AJ24 -> 0 | CY24: =(((S24+R24)*AT24)/100) -> 26316.18 | CZ24: =(((S24+R24)*AU24)/100) -> 15949.2 | DN24: 0 | DO24: 0 | DP24: 1 | DQ24: 1 | DU24: 1005 | DV24: 100 м2 | DW24: 100 м2 | DX24: 100 | EE24: 39174571 | EF24: 2 | EG24: Общестроительные работы | EH24: 0 | EJ24: 1 | EK24: 46001 | EL24: Реконструкция зданий и сооружений | EM24: ФЕР-46 | EQ24: 0 | ER24: 1767.24 | ES24: 0 | ET24: 241.95 | EU24: 104.49 | EV24: 1525.29 | EW24: 188.54 | EX24: 7.74 | EY24: 0 | FQ24: 0 | FR24: =ROUND(IF(AND(BH24=3,BI24=3),P24,0),2) -> 0 | FS24: 0 | FT24: *0,9 | FU24: *0,85 | FX24: 99 | FY24: 59.5 | GD24: 0 | GF24: 1630687704 | GG24: 1 | GH24: 1 | GI24: 4 | GJ24: 0 | GK24: =ROUND(R24*(R12)/100,2) -> 0 | GL24: =ROUND(IF(AND(BH24=3,BI24=3,FS24<>0),P24,0),2) -> 0 | GM24: =ROUND(O24+X24+Y24+GK24,2)+GX24 -> 71089.38 | GN24: =IF(OR(BI24=0,BI24=1),ROUND(O24+X24+Y24+GK24,2),0) -> 71089.38 | GO24: =IF(BI24=2,ROUND(O24+X24+Y24+GK24,2),0) -> 0 | GP24: =IF(BI24=4,ROUND(O24+X24+Y24+GK24,2)+GX24,0) -> 0 | GR24: 0 | GS24: 3 | GT24: 0 | GV24: =ROUND(GT24,2) -> 0 | GW24: 1 | GX24: =ROUND(GV24*GW24*I24,2) -> 0 | HA24: 0 | HB24: 0 | IK24: 0
A25: 17 | B25: 1 | C25: =ROW(SmtRes!A15) -> 15 | D25: =ROW(EtalonRes!A14) -> 14 | E25: 2 | F25: 10-01-034-08 | G25: Установка в жилых и общественных зданиях оконных блоков из ПВХ профилей поворотных (откидных, поворотно-откидных) с площадью проема более 2 м2 трехстворчатых, в том числе при наличии створок глухого остекления | H25: 100 м2 | I25: =ROUND(246.75/100,9) -> 2.4675 | J25: 0 | O25: =ROUND(CP25,2) -> 169091.5 | P25: =ROUND(CQ25*I25,2) -> 139436.01 | Q25: =ROUND(CR25*I25,2) -> 5203.11 | R25: =ROUND(CS25*I25,2) -> 1025.91 | S25: =ROUND(CT25*I25,2) -> 24452.38 | T25: =ROUND(CU25*I25,2) -> 0 | U25: =CV25*I25 -> 423.26014 | V25: =CW25*I25 -> 13.046906 | W25: =ROUND(CX25*I25,2) -> 0 | X25: =ROUND(CY25,2) -> 27006.99 | Y25: =ROUND(CZ25,2) -> 13758.28 | AA25: 39107596 | AB25: =ROUND((AC25+AD25+AF25),2) -> 10367.24 | AC25: =ROUND((ES25),2) -> 8549.02 | AD25: =ROUND(((((ET25*1.25))-((EU25*1.25)))+AE25),2) -> 319.01 | AE25: =ROUND(((EU25*1.25)),2) -> 62.9 | AF25: =ROUND(((EV25*1.15)),2) -> 1499.21 | AG25: =ROUND((AP25),2) -> 0 | AH25: =((EW25*1.15)) -> 171.534 | AI25: =((EX25*1.25)) -> 5.2875 | AJ25: =ROUND((AS25),2) -> 0 | AK25: 10107.89 | AL25: 8549.02 | AM25: 255.21 | AN25: 50.32 | AO25: 1303.66 | AP25: 0 | AQ25: 149.16 | AR25: 4.23 | AS25: 0 | AT25: 106 | AU25: 54 | AV25: 1 | AW25: 1 | AZ25: 6.61 | BA25: 6.61 | BB25: 6.61 | BC25: 6.61 | BH25: 0 | BI25: 1 | BJ25: ФЕР-2001, 10-01-034-08, приказ Минстроя России №1039/пр от 30.12.2016г. | BM25: 10001 | BN25: 0 | BP25: 0 | BQ25: 2 | BR25: 0 | BS25: 6.61 | BT25: 1 | BU25: 1 | BV25: 1 | BW25: 1 | BX25: 1 | BZ25: 118 | CA25: 63 | CF25: 0 | CG25: 0 | CM25: 0 | CN25: Поправка: МДС 81-35.2004, п.4.7 Наименование: Работы, выполняемые при реконструкции зданий и сооружений работы, аналогичные технологическим процессам в новом строительстве (в том числе возведение новых конструктивных элементов) стоимость которых определена по соответствующим сборникам ФЕР, кроме сборника № 46 «Работы при реконструкции зданий и сооружений» | CO25: 0 | CP25: =(P25+Q25+S25) -> 169091.5 | CQ25: =AC25*BC25 -> 56509.022 | CR25: =AD25*BB25 -> 2108.6561 | CS25: =AE25*BS25 -> 415.769 | CT25: =AF25*BA25 -> 9909.7781 | CU25: =AG25 -> 0 | CV25: =AH25 -> 171.534 | CW25: =AI25 -> 5.2875 | CX25: =AJ25 -> 0 | CY25: =(((S25+R25)*AT25)/100) -> 27006.987 | CZ25: =(((S25+R25)*AU25)/100) -> 13758.277 | DE25: )*1,25 | DF25: )*1,25 | DG25: )*1,15 | DI25: )*1,15 | DJ25: )*1,25 | DN25: 0 | DO25: 0 | DP25: 1 | DQ25: 1 | DU25: 1005 | DV25: 100 м2 | DW25: 100 м2 | DX25: 100 | EE25: 39174503 | EF25: 2 | EG25: Общестроительные работы | EH25: 0 | EJ25: 1 | EK25: 10001 | EL25: Деревянные конструкции | EM25: ФЕР-10 | EO25: Поправка: МДС 81-35.2004, п.4.7 | EQ25: 0 | ER25: 10107.89 | ES25: 8549.02 | ET25: 255.21 | EU25: 50.32 | EV25: 1303.66 | EW25: 149.16 | EX25: 4.23 | EY25: 0 | FQ25: 0 | FR25: =ROUND(IF(AND(BH25=3,BI25=3),P25,0),2) -> 0 | FS25: 0 | FT25: *0,9 | FU25: *0,85 | FX25: 106.2 | FY25: 53.55 | GD25: 0 | GF25: -330529066 | GG25: 1 | GH25: 1 | GI25: 4 | GJ25: 0 | GK25: =ROUND(R25*(R12)/100,2) -> 0 | GL25: =ROUND(IF(AND(BH25=3,BI25=3,FS25<>0),P25,0),2) -> 0 | GM25: =ROUND(O25+X25+Y25+GK25,2)+GX25 -> 209856.77 | GN25: =IF(OR(BI25=0,BI25=1),ROUND(O25+X25+Y25+GK25,2),0) -> 209856.77 | GO25: =IF(BI25=2,ROUND(O25+X25+Y25+GK25,2),0) -> 0 | GP25: =IF(BI25=4,ROUND(O25+X25+Y25+GK25,2)+GX25,0) -> 0 | GR25: 0 | GS25: 3 | GT25: 0 | GV25: =ROUND(GT25,2) -> 0 | GW25: 1 | GX25: =ROUND(GV25*GW25*I25,2) -> 0 | HA25: 0 | HB25: 0 | IK25: 0
A26: 18 | B26: 1 | C26: 15 | E26: 2,1 | F26: Средняя коммерческая цена | G26: Оконный блок из ПВХ 2500х2100мм | H26: м2 | I26: =I25*J26 -> 246.75 | J26: 100 | O26: =ROUND(CP26,2) -> 985950.08 | P26: =ROUND(CQ26*I26,2) -> 985950.08 | Q26: =ROUND(CR26*I26,2) -> 0 | R26: =ROUND(CS26*I26,2) -> 0 | S26: =ROUND(CT26*I26,2) -> 0 | T26: =ROUND(CU26*I26,2) -> 0 | U26: =CV26*I26 -> 0 | V26: =CW26*I26 -> 0 | W26: =ROUND(CX26*I26,2) -> 0 | X26: =ROUND(CY26,2) -> 0 | Y26: =ROUND(CZ26,2) -> 0 | AA26: 39107596 | AB26: =ROUND((AC26+AD26+AF26),2) -> 604.5 | AC26: =ROUND((ES26),2) -> 604.5 | AD26: =ROUND((((ET26)-(EU26))+AE26),2) -> 0 | AE26: =ROUND((EU26),2) -> 0 | AF26: =ROUND((EV26),2) -> 0 | AG26: =ROUND((AP26),2) -> 0 | AH26: =(EW26) -> 0 | AI26: =(EX26) -> 0 | AJ26: =ROUND((AS26),2) -> 0 | AK26: 604.5 | AL26: 604.5 | AM26: 0 | AN26: 0 | AO26: 0 | AP26: 0 | AQ26: 0 | AR26: 0 | AS26: 0 | AT26: 106 | AU26: 54 | AV26: 1 | AW26: 1 | AZ26: 6.61 | BA26: 1 | BB26: 1 | BC26: 6.61 | BH26: 3 | BI26: 1 | BM26: 10001 | BN26: 0 | BP26: 0 | BQ26: 2 | BR26: 0 | BS26: 1 | BT26: 1 | BU26: 1 | BV26: 1 | BW26: 1 | BX26: 1 | BZ26: 118 | CA26: 63 | CF26: 0 | CG26: 0 | CM26: 0 | CO26: 0 | CP26: =(P26+Q26+S26) -> 985950.08 | CQ26: =AC26*BC26 -> 3995.745 | CR26: =AD26*BB26 -> 0 | CS26: =AE26*BS26 -> 0 | CT26: =AF26*BA26 -> 0 | CU26: =AG26 -> 0 | CV26: =AH26 -> 0 | CW26: =AI26 -> 0 | CX26: =AJ26 -> 0 | CY26: =(((S26+R26)*AT26)/100) -> 0 | CZ26: =(((S26+R26)*AU26)/100) -> 0 | DN26: 0 | DO26: 0 | DP26: 1 | DQ26: 1 | DU26: 1005 | DV26: м2 | DW26: м2 | DX26: 1 | EE26: 39174503 | EF26: 2 | EG26: Общестроительные работы | EH26: 0 | EJ26: 1 | EK26: 10001 | EL26: Деревянные конструкции | EM26: ФЕР-10 | EQ26: 0 | ER26: 604.5 | ES26: 604.5 | ET26: 0 | EU26: 0 | EV26: 0 | EW26: 0 | EX26: 0 | EZ26: 5 | FC26: 1 | FD26: 18 | FF26: 4715 | FQ26: 0 | FR26: =ROUND(IF(AND(BH26=3,BI26=3),P26,0),2) -> 0 | FS26: 0 | FT26: *0,9 | FU26: *0,85 | FX26: 106.2 | FY26: 53.55 | GA26: [4 715 / 1,18 / 6,61] | GD26: 0 | GF26: 1819601786 | GG26: 1 | GH26: 3 | GI26: 4 | GJ26: 0 | GK26: =ROUND(R26*(R12)/100,2) -> 0 | GL26: =ROUND(IF(AND(BH26=3,BI26=3,FS26<>0),P26,0),2) -> 0 | GM26: =ROUND(O26+X26+Y26+GK26,2)+GX26 -> 985950.08 | GN26: =IF(OR(BI26=0,BI26=1),ROUND(O26+X26+Y26+GK26,2),0) -> 985950.08 | GO26: =IF(BI26=2,ROUND(O26+X26+Y26+GK26,2),0) -> 0 | GP26: =IF(BI26=4,ROUND(O26+X26+Y26+GK26,2)+GX26,0) -> 0 | GR26: 1 | GS26: 1 | GT26: 0 | GV26: =ROUND(GT26,2) -> 0 | GW26: 1 | GX26: =ROUND(GV26*GW26*I26,2) -> 0 | HA26: 0 | HB26: 0 | IK26: 0
A27: 18 | B27: 1 | C27: 12 | E27: 2,2 | F27: 11.3.02.03 | G27: Блоки оконные пластиковые | H27: м2 | I27: =I25*J27 -> 246.75 | J27: 100 | O27: =ROUND(CP27,2) -> 0 | P27: =ROUND(CQ27*I27,2) -> 0 | Q27: =ROUND(CR27*I27,2) -> 0 | R27: =ROUND(CS27*I27,2) -> 0 | S27: =ROUND(CT27*I27,2) -> 0 | T27: =ROUND(CU27*I27,2) -> 0 | U27: =CV27*I27 -> 0 | V27: =CW27*I27 -> 0 | W27: =ROUND(CX27*I27,2) -> 0 | X27: =ROUND(CY27,2) -> 0 | Y27: =ROUND(CZ27,2) -> 0 | AA27: 39107596 | AB27: =ROUND((AC27+AD27+AF27),2) -> 0 | AC27: =ROUND((ES27),2) -> 0 | AD27: =ROUND((((ET27)-(EU27))+AE27),2) -> 0 | AE27: =ROUND((EU27),2) -> 0 | AF27: =ROUND((EV27),2) -> 0 | AG27: =ROUND((AP27),2) -> 0 | AH27: =(EW27) -> 0 | AI27: =(EX27) -> 0 | AJ27: =ROUND((AS27),2) -> 0 | AK27: 0 | AL27: 0 | AM27: 0 | AN27: 0 | AO27: 0 | AP27: 0 | AQ27: 0 | AR27: 0 | AS27: 0 | AT27: 106 | AU27: 54 | AV27: 1 | AW27: 1 | AZ27: 6.61 | BA27: 1 | BB27: 1 | BC27: 6.61 | BH27: 3 | BI27: 1 | BM27: 10001 | BN27: 0 | BP27: 0 | BQ27: 2 | BR27: 0 | BS27: 1 | BT27: 1 | BU27: 1 | BV27: 1 | BW27: 1 | BX27: 1 | BZ27: 118 | CA27: 63 | CF27: 0 | CG27: 0 | CM27: 0 | CO27: 0 | CP27: =(P27+Q27+S27) -> 0 | CQ27: =AC27*BC27 -> 0 | CR27: =AD27*BB27 -> 0 | CS27: =AE27*BS27 -> 0 | CT27: =AF27*BA27 -> 0 | CU27: =AG27 -> 0 | CV27: =AH27 -> 0 | CW27: =AI27 -> 0 | CX27: =AJ27 -> 0 | CY27: =(((S27+R27)*AT27)/100) -> 0 | CZ27: =(((S27+R27)*AU27)/100) -> 0 | DN27: 0 | DO27: 0 | DP27: 1 | DQ27: 1 | DU27: 1005 | DV27: м2 | DW27: м2 | DX27: 1 | EE27: 39174503 | EF27: 2 | EG27: Общестроительные работы | EH27: 0 | EJ27: 1 | EK27: 10001 | EL27: Деревянные конструкции | EM27: ФЕР-10 | EQ27: 0 | ER27: 0 | ES27: 0 | ET27: 0 | EU27: 0 | EV27: 0 | EW27: 0 | EX27: 0 | FQ27: 0 | FR27: =ROUND(IF(AND(BH27=3,BI27=3),P27,0),2) -> 0 | FS27: 0 | FT27: *0,9 | FU27: *0,85 | FX27: 106.2 | FY27: 53.55 | GA27: занесена вручную | GD27: 0 | GF27: 1219964505 | GG27: 1 | GH27: 1 | GI27: 4 | GJ27: 0 | GK27: =ROUND(R27*(R12)/100,2) -> 0 | GL27: =ROUND(IF(AND(BH27=3,BI27=3,FS27<>0),P27,0),2) -> 0 | GM27: =ROUND(O27+X27+Y27+GK27,2)+GX27 -> 0 | GN27: =IF(OR(BI27=0,BI27=1),ROUND(O27+X27+Y27+GK27,2),0) -> 0 | GO27: =IF(BI27=2,ROUND(O27+X27+Y27+GK27,2),0) -> 0 | GP27: =IF(BI27=4,ROUND(O27+X27+Y27+GK27,2)+GX27,0) -> 0 | GR27: 0 | GS27: 4 | GT27: 0 | GV27: =ROUND(GT27,2) -> 0 | GW27: 1 | GX27: =ROUND(GV27*GW27*I27,2) -> 0 | HA27: 0 | HB27: 0 | IK27: 0
A28: 17 | B28: 1 | C28: =ROW(SmtRes!A22) -> 22 | D28: =ROW(EtalonRes!A21) -> 21 | E28: 3 | F28: 10-01-035-03 | G28: Установка подоконных досок из ПВХ в каменных стенах толщиной свыше 0,51 м | H28: 100 м | I28: =ROUND(117.5/100,9) -> 1.175 | J28: 0 | O28: =ROUND(CP28,2) -> 50592.68 | P28: =ROUND(CQ28*I28,2) -> 48751.11 | Q28: =ROUND(CR28*I28,2) -> 212.65 | R28: =ROUND(CS28*I28,2) -> 43.03 | S28: =ROUND(CT28*I28,2) -> 1628.92 | T28: =ROUND(CU28*I28,2) -> 0 | U28: =CV28*I28 -> 28.889725 | V28: =CW28*I28 -> 0.5434375 | W28: =ROUND(CX28*I28,2) -> 0 | X28: =ROUND(CY28,2) -> 1772.27 | Y28: =ROUND(CZ28,2) -> 902.85 | AA28: 39107596 | AB28: =ROUND((AC28+AD28+AF28),2) -> 6514.01 | AC28: =ROUND((ES28),2) -> 6276.9 | AD28: =ROUND(((((ET28*1.25))-((EU28*1.25)))+AE28),2) -> 27.38 | AE28: =ROUND(((EU28*1.25)),2) -> 5.54 | AF28: =ROUND(((EV28*1.15)),2) -> 209.73 | AG28: =ROUND((AP28),2) -> 0 | AH28: =((EW28*1.15)) -> 24.587 | AI28: =((EX28*1.25)) -> 0.4625 | AJ28: =ROUND((AS28),2) -> 0 | AK28: 6481.17 | AL28: 6276.9 | AM28: 21.9 | AN28: 4.43 | AO28: 182.37 | AP28: 0 | AQ28: 21.38 | AR28: 0.37 | AS28: 0 | AT28: 106 | AU28: 54 | AV28: 1 | AW28: 1 | AZ28: 6.61 | BA28: 6.61 | BB28: 6.61 | BC28: 6.61 | BH28: 0 | BI28: 1 | BJ28: ФЕР-2001, 10-01-035-03, приказ Минстроя России №1039/пр от 30.12.2016г. | BM28: 10001 | BN28: 0 | BP28: 0 | BQ28: 2 | BR28: 0 | BS28: 6.61 | BT28: 1 | BU28: 1 | BV28: 1 | BW28: 1 | BX28: 1 | BZ28: 118 | CA28: 63 | CF28: 0 | CG28: 0 | CM28: 0 | CN28: Поправка: МДС 81-35.2004, п.4.7 Наименование: Работы, выполняемые при реконструкции зданий и сооружений работы, аналогичные технологическим процессам в новом строительстве (в том числе возведение новых конструктивных элементов) стоимость которых определена по соответствующим сборникам ФЕР, кроме сборника № 46 «Работы при реконструкции зданий и сооружений» | CO28: 0 | CP28: =(P28+Q28+S28) -> 50592.68 | CQ28: =AC28*BC28 -> 41490.309 | CR28: =AD28*BB28 -> 180.9818 | CS28: =AE28*BS28 -> 36.6194 | CT28: =AF28*BA28 -> 1386.3153 | CU28: =AG28 -> 0 | CV28: =AH28 -> 24.587 | CW28: =AI28 -> 0.4625 | CX28: =AJ28 -> 0 | CY28: =(((S28+R28)*AT28)/100) -> 1772.267 | CZ28: =(((S28+R28)*AU28)/100) -> 902.853 | DE28: )*1,25 | DF28: )*1,25 | DG28: )*1,15 | DI28: )*1,15 | DJ28: )*1,25 | DN28: 0 | DO28: 0 | DP28: 1 | DQ28: 1 | DU28: 1003 | DV28: 100 м | DW28: 100 м | DX28: 100 | EE28: 39174503 | EF28: 2 | EG28: Общестроительные работы | EH28: 0 | EJ28: 1 | EK28: 10001 | EL28: Деревянные конструкции | EM28: ФЕР-10 | EO28: Поправка: МДС 81-35.2004, п.4.7 | EQ28: 0 | ER28: 6481.17 | ES28: 6276.9 | ET28: 21.9 | EU28: 4.43 | EV28: 182.37 | EW28: 21.38 | EX28: 0.37 | EY28: 0 | FQ28: 0 | FR28: =ROUND(IF(AND(BH28=3,BI28=3),P28,0),2) -> 0 | FS28: 0 | FT28: *0,9 | FU28: *0,85 | FX28: 106.2 | FY28: 53.55 | GD28: 0 | GF28: -1968498593 | GG28: 1 | GH28: 1 | GI28: 4 | GJ28: 0 | GK28: =ROUND(R28*(R12)/100,2) -> 0 | GL28: =ROUND(IF(AND(BH28=3,BI28=3,FS28<>0),P28,0),2) -> 0 | GM28: =ROUND(O28+X28+Y28+GK28,2)+GX28 -> 53267.8 | GN28: =IF(OR(BI28=0,BI28=1),ROUND(O28+X28+Y28+GK28,2),0) -> 53267.8 | GO28: =IF(BI28=2,ROUND(O28+X28+Y28+GK28,2),0) -> 0 | GP28: =IF(BI28=4,ROUND(O28+X28+Y28+GK28,2)+GX28,0) -> 0 | GR28: 0 | GS28: 3 | GT28: 0 | GV28: =ROUND(GT28,2) -> 0 | GW28: 1 | GX28: =ROUND(GV28*GW28*I28,2) -> 0 | HA28: 0 | HB28: 0 | IK28: 0
A29: 18 | B29: 1 | C29: 22 | E29: 3,1 | F29: Средняя коммерческая цена | G29: Подоконная доска из ПВХ шириной 600мм | H29: м | I29: =I28*J29 -> 117.5 | J29: 100 | O29: =ROUND(CP29,2) -> 247479.72 | P29: =ROUND(CQ29*I29,2) -> 247479.72 | Q29: =ROUND(CR29*I29,2) -> 0 | R29: =ROUND(CS29*I29,2) -> 0 | S29: =ROUND(CT29*I29,2) -> 0 | T29: =ROUND(CU29*I29,2) -> 0 | U29: =CV29*I29 -> 0 | V29: =CW29*I29 -> 0 | W29: =ROUND(CX29*I29,2) -> 0 | X29: =ROUND(CY29,2) -> 0 | Y29: =ROUND(CZ29,2) -> 0 | AA29: 39107596 | AB29: =ROUND((AC29+AD29+AF29),2) -> 318.64 | AC29: =ROUND((ES29),2) -> 318.64 | AD29: =ROUND((((ET29)-(EU29))+AE29),2) -> 0 | AE29: =ROUND((EU29),2) -> 0 | AF29: =ROUND((EV29),2) -> 0 | AG29: =ROUND((AP29),2) -> 0 | AH29: =(EW29) -> 0 | AI29: =(EX29) -> 0 | AJ29: =ROUND((AS29),2) -> 0 | AK29: 318.64 | AL29: 318.64 | AM29: 0 | AN29: 0 | AO29: 0 | AP29: 0 | AQ29: 0 | AR29: 0 | AS29: 0 | AT29: 106 | AU29: 54 | AV29: 1 | AW29: 1 | AZ29: 6.61 | BA29: 1 | BB29: 1 | BC29: 6.61 | BH29: 3 | BI29: 1 | BM29: 10001 | BN29: 0 | BP29: 0 | BQ29: 2 | BR29: 0 | BS29: 1 | BT29: 1 | BU29: 1 | BV29: 1 | BW29: 1 | BX29: 1 | BZ29: 118 | CA29: 63 | CF29: 0 | CG29: 0 | CM29: 0 | CO29: 0 | CP29: =(P29+Q29+S29) -> 247479.72 | CQ29: =AC29*BC29 -> 2106.2104 | CR29: =AD29*BB29 -> 0 | CS29: =AE29*BS29 -> 0 | CT29: =AF29*BA29 -> 0 | CU29: =AG29 -> 0 | CV29: =AH29 -> 0 | CW29: =AI29 -> 0 | CX29: =AJ29 -> 0 | CY29: =(((S29+R29)*AT29)/100) -> 0 | CZ29: =(((S29+R29)*AU29)/100) -> 0 | DN29: 0 | DO29: 0 | DP29: 1 | DQ29: 1 | DU29: 1003 | DV29: м | DW29: м | DX29: 1 | EE29: 39174503 | EF29: 2 | EG29: Общестроительные работы | EH29: 0 | EJ29: 1 | EK29: 10001 | EL29: Деревянные конструкции | EM29: ФЕР-10 | EQ29: 0 | ER29: 318.64 | ES29: 318.64 | ET29: 0 | EU29: 0 | EV29: 0 | EW29: 0 | EX29: 0 | EZ29: 5 | FC29: 1 | FD29: 18 | FF29: 2485.33 | FQ29: 0 | FR29: =ROUND(IF(AND(BH29=3,BI29=3),P29,0),2) -> 0 | FS29: 0 | FT29: *0,9 | FU29: *0,85 | FX29: 106.2 | FY29: 53.55 | GA29: [2 485,33 / 1,18 / 6,61] | GD29: 0 | GF29: -1329279680 | GG29: 1 | GH29: 3 | GI29: 4 | GJ29: 0 | GK29: =ROUND(R29*(R12)/100,2) -> 0 | GL29: =ROUND(IF(AND(BH29=3,BI29=3,FS29<>0),P29,0),2) -> 0 | GM29: =ROUND(O29+X29+Y29+GK29,2)+GX29 -> 247479.72 | GN29: =IF(OR(BI29=0,BI29=1),ROUND(O29+X29+Y29+GK29,2),0) -> 247479.72 | GO29: =IF(BI29=2,ROUND(O29+X29+Y29+GK29,2),0) -> 0 | GP29: =IF(BI29=4,ROUND(O29+X29+Y29+GK29,2)+GX29,0) -> 0 | GR29: 1 | GS29: 1 | GT29: 0 | GV29: =ROUND(GT29,2) -> 0 | GW29: 1 | GX29: =ROUND(GV29*GW29*I29,2) -> 0 | HA29: 0 | HB29: 0 | IK29: 0
A30: 17 | B30: 1 | C30: =ROW(SmtRes!A30) -> 30 | D30: =ROW(EtalonRes!A29) -> 29 | E30: 4 | F30: 58-20-1 | G30: Смена обделок из листовой стали (поясков, сандриков, отливов, карнизов) шириной до 0,4 м | H30: 100 м | I30: =ROUND(117.5/100,9) -> 1.175 | J30: 0 | O30: =ROUND(CP30,2) -> 3529.29 | P30: =ROUND(CQ30*I30,2) -> 746 | Q30: =ROUND(CR30*I30,2) -> 39.84 | R30: =ROUND(CS30*I30,2) -> 11.96 | S30: =ROUND(CT30*I30,2) -> 2743.45 | T30: =ROUND(CU30*I30,2) -> 0 | U30: =CV30*I30 -> 48.65675 | V30: =CW30*I30 -> 0.141 | W30: =ROUND(CX30*I30,2) -> 0 | X30: =ROUND(CY30,2) -> 2286.99 | Y30: =ROUND(CZ30,2) -> 1791.02 | AA30: 39107596 | AB30: =ROUND((AC30+AD30+AF30),2) -> 454.41 | AC30: =ROUND((ES30),2) -> 96.05 | AD30: =ROUND((((ET30)-(EU30))+AE30),2) -> 5.13 | AE30: =ROUND((EU30),2) -> 1.54 | AF30: =ROUND((EV30),2) -> 353.23 | AG30: =ROUND((AP30),2) -> 0 | AH30: =(EW30) -> 41.41 | AI30: =(EX30) -> 0.12 | AJ30: =ROUND((AS30),2) -> 0 | AK30: 454.41 | AL30: 96.05 | AM30: 5.13 | AN30: 1.54 | AO30: 353.23 | AP30: 0 | AQ30: 41.41 | AR30: 0.12 | AS30: 0 | AT30: 83 | AU30: 65 | AV30: 1 | AW30: 1 | AZ30: 6.61 | BA30: 6.61 | BB30: 6.61 | BC30: 6.61 | BH30: 0 | BI30: 1 | BJ30: ФЕР-2001, 58-20-1, приказ Минстроя России №1039/пр от 30.12.2016г. | BM30: 58001 | BN30: 0 | BP30: 0 | BQ30: 6 | BR30: 0 | BS30: 6.61 | BT30: 1 | BU30: 1 | BV30: 1 | BW30: 1 | BX30: 1 | BZ30: 83 | CA30: 65 | CF30: 0 | CG30: 0 | CM30: 0 | CO30: 0 | CP30: =(P30+Q30+S30) -> 3529.29 | CQ30: =AC30*BC30 -> 634.8905 | CR30: =AD30*BB30 -> 33.9093 | CS30: =AE30*BS30 -> 10.1794 | CT30: =AF30*BA30 -> 2334.8503 | CU30: =AG30 -> 0 | CV30: =AH30 -> 41.41 | CW30: =AI30 -> 0.12 | CX30: =AJ30 -> 0 | CY30: =(((S30+R30)*AT30)/100) -> 2286.9903 | CZ30: =(((S30+R30)*AU30)/100) -> 1791.0165 | DN30: 0 | DO30: 0 | DP30: 1 | DQ30: 1 | DU30: 1003 | DV30: 100 м | DW30: 100 м | DX30: 100 | EE30: 39174583 | EF30: 6 | EG30: Ремонтно-строительные работы | EH30: 0 | EJ30: 1 | EK30: 58001 | EL30: Крыши, кровля | EM30: рФЕР-58 | EQ30: 0 | ER30: 454.41 | ES30: 96.05 | ET30: 5.13 | EU30: 1.54 | EV30: 353.23 | EW30: 41.41 | EX30: 0.12 | EY30: 0 | FQ30: 0 | FR30: =ROUND(IF(AND(BH30=3,BI30=3),P30,0),2) -> 0 | FS30: 0 | FX30: 83 | FY30: 65 | GD30: 0 | GF30: -58071427 | GG30: 1 | GH30: 1 | GI30: 4 | GJ30: 0 | GK30: =ROUND(R30*(R12)/100,2) -> 0 | GL30: =ROUND(IF(AND(BH30=3,BI30=3,FS30<>0),P30,0),2) -> 0 | GM30: =ROUND(O30+X30+Y30+GK30,2)+GX30 -> 7607.3 | GN30: =IF(OR(BI30=0,BI30=1),ROUND(O30+X30+Y30+GK30,2),0) -> 7607.3 | GO30: =IF(BI30=2,ROUND(O30+X30+Y30+GK30,2),0) -> 0 | GP30: =IF(BI30=4,ROUND(O30+X30+Y30+GK30,2)+GX30,0) -> 0 | GR30: 0 | GS30: 3 | GT30: 0 | GV30: =ROUND(GT30,2) -> 0 | GW30: 1 | GX30: =ROUND(GV30*GW30*I30,2) -> 0 | HA30: 0 | HB30: 0 | IK30: 0
A31: 18 | B31: 1 | C31: 30 | E31: 4,1 | F31: Средняя коммерческая цена | G31: Отлив из оцинкованной стали с полимерным покрытием шириной 250мм | H31: м | I31: =I30*J31 -> 117.5 | J31: 100 | O31: =ROUND(CP31,2) -> 30134.99 | P31: =ROUND(CQ31*I31,2) -> 30134.99 | Q31: =ROUND(CR31*I31,2) -> 0 | R31: =ROUND(CS31*I31,2) -> 0 | S31: =ROUND(CT31*I31,2) -> 0 | T31: =ROUND(CU31*I31,2) -> 0 | U31: =CV31*I31 -> 0 | V31: =CW31*I31 -> 0 | W31: =ROUND(CX31*I31,2) -> 0 | X31: =ROUND(CY31,2) -> 0 | Y31: =ROUND(CZ31,2) -> 0 | AA31: 39107596 | AB31: =ROUND((AC31+AD31+AF31),2) -> 38.8 | AC31: =ROUND((ES31),2) -> 38.8 | AD31: =ROUND((((ET31)-(EU31))+AE31),2) -> 0 | AE31: =ROUND((EU31),2) -> 0 | AF31: =ROUND((EV31),2) -> 0 | AG31: =ROUND((AP31),2) -> 0 | AH31: =(EW31) -> 0 | AI31: =(EX31) -> 0 | AJ31: =ROUND((AS31),2) -> 0 | AK31: 38.8 | AL31: 38.8 | AM31: 0 | AN31: 0 | AO31: 0 | AP31: 0 | AQ31: 0 | AR31: 0 | AS31: 0 | AT31: 83 | AU31: 65 | AV31: 1 | AW31: 1 | AZ31: 6.61 | BA31: 1 | BB31: 1 | BC31: 6.61 | BH31: 3 | BI31: 1 | BM31: 58001 | BN31: 0 | BP31: 0 | BQ31: 6 | BR31: 0 | BS31: 1 | BT31: 1 | BU31: 1 | BV31: 1 | BW31: 1 | BX31: 1 | BZ31: 83 | CA31: 65 | CF31: 0 | CG31: 0 | CM31: 0 | CO31: 0 | CP31: =(P31+Q31+S31) -> 30134.99 | CQ31: =AC31*BC31 -> 256.468 | CR31: =AD31*BB31 -> 0 | CS31: =AE31*BS31 -> 0 | CT31: =AF31*BA31 -> 0 | CU31: =AG31 -> 0 | CV31: =AH31 -> 0 | CW31: =AI31 -> 0 | CX31: =AJ31 -> 0 | CY31: =(((S31+R31)*AT31)/100) -> 0 | CZ31: =(((S31+R31)*AU31)/100) -> 0 | DN31: 0 | DO31: 0 | DP31: 1 | DQ31: 1 | DU31: 1003 | DV31: м | DW31: м | DX31: 1 | EE31: 39174583 | EF31: 6 | EG31: Ремонтно-строительные работы | EH31: 0 | EJ31: 1 | EK31: 58001 | EL31: Крыши, кровля | EM31: рФЕР-58 | EQ31: 0 | ER31: 38.8 | ES31: 38.8 | ET31: 0 | EU31: 0 | EV31: 0 | EW31: 0 | EX31: 0 | EZ31: 5 | FC31: 1 | FD31: 18 | FF31: 302.67 | FQ31: 0 | FR31: =ROUND(IF(AND(BH31=3,BI31=3),P31,0),2) -> 0 | FS31: 0 | FX31: 83 | FY31: 65 | GA31: [302,67 / 1,18 / 6,61] | GD31: 0 | GF31: -42574877 | GG31: 1 | GH31: 3 | GI31: 4 | GJ31: 0 | GK31: =ROUND(R31*(R12)/100,2) -> 0 | GL31: =ROUND(IF(AND(BH31=3,BI31=3,FS31<>0),P31,0),2) -> 0 | GM31: =ROUND(O31+X31+Y31+GK31,2)+GX31 -> 30134.99 | GN31: =IF(OR(BI31=0,BI31=1),ROUND(O31+X31+Y31+GK31,2),0) -> 30134.99 | GO31: =IF(BI31=2,ROUND(O31+X31+Y31+GK31,2),0) -> 0 | GP31: =IF(BI31=4,ROUND(O31+X31+Y31+GK31,2)+GX31,0) -> 0 | GR31: 1 | GS31: 1 | GT31: 0 | GV31: =ROUND(GT31,2) -> 0 | GW31: 1 | GX31: =ROUND(GV31*GW31*I31,2) -> 0 | HA31: 0 | HB31: 0 | IK31: 0
A32: 18 | B32: 1 | C32: 29 | E32: 4,2 | F32: 08.3.05.05 | G32: Сталь листовая оцинкованная | H32: т | I32: =I30*J32 -> 0.2162 | J32: 0.184 | O32: =ROUND(CP32,2) -> 0 | P32: =ROUND(CQ32*I32,2) -> 0 | Q32: =ROUND(CR32*I32,2) -> 0 | R32: =ROUND(CS32*I32,2) -> 0 | S32: =ROUND(CT32*I32,2) -> 0 | T32: =ROUND(CU32*I32,2) -> 0 | U32: =CV32*I32 -> 0 | V32: =CW32*I32 -> 0 | W32: =ROUND(CX32*I32,2) -> 0 | X32: =ROUND(CY32,2) -> 0 | Y32: =ROUND(CZ32,2) -> 0 | AA32: 39107596 | AB32: =ROUND((AC32+AD32+AF32),2) -> 0 | AC32: =ROUND((ES32),2) -> 0 | AD32: =ROUND((((ET32)-(EU32))+AE32),2) -> 0 | AE32: =ROUND((EU32),2) -> 0 | AF32: =ROUND((EV32),2) -> 0 | AG32: =ROUND((AP32),2) -> 0 | AH32: =(EW32) -> 0 | AI32: =(EX32) -> 0 | AJ32: =ROUND((AS32),2) -> 0 | AK32: 0 | AL32: 0 | AM32: 0 | AN32: 0 | AO32: 0 | AP32: 0 | AQ32: 0 | AR32: 0 | AS32: 0 | AT32: 83 | AU32: 65 | AV32: 1 | AW32: 1 | AZ32: 6.61 | BA32: 1 | BB32: 1 | BC32: 6.61 | BH32: 3 | BI32: 1 | BM32: 58001 | BN32: 0 | BP32: 0 | BQ32: 6 | BR32: 0 | BS32: 1 | BT32: 1 | BU32: 1 | BV32: 1 | BW32: 1 | BX32: 1 | BZ32: 83 | CA32: 65 | CF32: 0 | CG32: 0 | CM32: 0 | CO32: 0 | CP32: =(P32+Q32+S32) -> 0 | CQ32: =AC32*BC32 -> 0 | CR32: =AD32*BB32 -> 0 | CS32: =AE32*BS32 -> 0 | CT32: =AF32*BA32 -> 0 | CU32: =AG32 -> 0 | CV32: =AH32 -> 0 | CW32: =AI32 -> 0 | CX32: =AJ32 -> 0 | CY32: =(((S32+R32)*AT32)/100) -> 0 | CZ32: =(((S32+R32)*AU32)/100) -> 0 | DN32: 0 | DO32: 0 | DP32: 1 | DQ32: 1 | DU32: 1009 | DV32: т | DW32: т | DX32: 1000 | EE32: 39174583 | EF32: 6 | EG32: Ремонтно-строительные работы | EH32: 0 | EJ32: 1 | EK32: 58001 | EL32: Крыши, кровля | EM32: рФЕР-58 | EQ32: 0 | ER32: 0 | ES32: 0 | ET32: 0 | EU32: 0 | EV32: 0 | EW32: 0 | EX32: 0 | FQ32: 0 | FR32: =ROUND(IF(AND(BH32=3,BI32=3),P32,0),2) -> 0 | FS32: 0 | FX32: 83 | FY32: 65 | GA32: занесена вручную | GD32: 0 | GF32: 789990620 | GG32: 1 | GH32: 1 | GI32: 4 | GJ32: 0 | GK32: =ROUND(R32*(R12)/100,2) -> 0 | GL32: =ROUND(IF(AND(BH32=3,BI32=3,FS32<>0),P32,0),2) -> 0 | GM32: =ROUND(O32+X32+Y32+GK32,2)+GX32 -> 0 | GN32: =IF(OR(BI32=0,BI32=1),ROUND(O32+X32+Y32+GK32,2),0) -> 0 | GO32: =IF(BI32=2,ROUND(O32+X32+Y32+GK32,2),0) -> 0 | GP32: =IF(BI32=4,ROUND(O32+X32+Y32+GK32,2)+GX32,0) -> 0 | GR32: 0 | GS32: 4 | GT32: 0 | GV32: =ROUND(GT32,2) -> 0 | GW32: 1 | GX32: =ROUND(GV32*GW32*I32,2) -> 0 | HA32: 0 | HB32: 0 | IK32: 0
A33: 17 | B33: 1 | C33: =ROW(SmtRes!A37) -> 37 | D33: =ROW(EtalonRes!A35) -> 35 | E33: 5 | F33: 15-04-006-04 | G33: Покрытие поверхностей грунтовкой глубокого проникновения за 2 раза стен | H33: 100 м2 | I33: =ROUND(157.45/100,9) -> 1.5745 | J33: 0 | O33: =ROUND(CP33,2) -> 1903.83 | P33: =ROUND(CQ33*I33,2) -> 3.75 | Q33: =ROUND(CR33*I33,2) -> 21.02 | R33: =ROUND(CS33*I33,2) -> 4.79 | S33: =ROUND(CT33*I33,2) -> 1879.06 | T33: =ROUND(CU33*I33,2) -> 0 | U33: =CV33*I33 -> 29.550216 | V33: =CW33*I33 -> 0.05904375 | W33: =ROUND(CX33*I33,2) -> 0 | X33: =ROUND(CY33,2) -> 1789.66 | Y33: =ROUND(CZ33,2) -> 885.41 | AA33: 39107596 | AB33: =ROUND((AC33+AD33+AF33),2) -> 182.93 | AC33: =ROUND((ES33),2) -> 0.36 | AD33: =ROUND(((((ET33*1.25))-((EU33*1.25)))+AE33),2) -> 2.02 | AE33: =ROUND(((EU33*1.25)),2) -> 0.46 | AF33: =ROUND(((EV33*1.15)),2) -> 180.55 | AG33: =ROUND((AP33),2) -> 0 | AH33: =((EW33*1.15)) -> 18.768 | AI33: =((EX33*1.25)) -> 0.0375 | AJ33: =ROUND((AS33),2) -> 0 | AK33: 158.98 | AL33: 0.36 | AM33: 1.62 | AN33: 0.37 | AO33: 157 | AP33: 0 | AQ33: 16.32 | AR33: 0.03 | AS33: 0 | AT33: 95 | AU33: 47 | AV33: 1 | AW33: 1 | AZ33: 6.61 | BA33: 6.61 | BB33: 6.61 | BC33: 6.61 | BH33: 0 | BI33: 1 | BJ33: ФЕР-2001, 15-04-006-04, приказ Минстроя России №1039/пр от 30.12.2016г. | BM33: 15001 | BN33: 0 | BP33: 0 | BQ33: 2 | BR33: 0 | BS33: 6.61 | BT33: 1 | BU33: 1 | BV33: 1 | BW33: 1 | BX33: 1 | BZ33: 105 | CA33: 55 | CF33: 0 | CG33: 0 | CM33: 0 | CN33: Поправка: МДС 81-35.2004, п.4.7 Наименование: Работы, выполняемые при реконструкции зданий и сооружений работы, аналогичные технологическим процессам в новом строительстве (в том числе возведение новых конструктивных элементов) стоимость которых определена по соответствующим сборникам ФЕР, кроме сборника № 46 «Работы при реконструкции зданий и сооружений» | CO33: 0 | CP33: =(P33+Q33+S33) -> 1903.83 | CQ33: =AC33*BC33 -> 2.3796 | CR33: =AD33*BB33 -> 13.3522 | CS33: =AE33*BS33 -> 3.0406 | CT33: =AF33*BA33 -> 1193.4355 | CU33: =AG33 -> 0 | CV33: =AH33 -> 18.768 | CW33: =AI33 -> 0.0375 | CX33: =AJ33 -> 0 | CY33: =(((S33+R33)*AT33)/100) -> 1789.6575 | CZ33: =(((S33+R33)*AU33)/100) -> 885.4095 | DE33: )*1,25 | DF33: )*1,25 | DG33: )*1,15 | DI33: )*1,15 | DJ33: )*1,25 | DN33: 0 | DO33: 0 | DP33: 1 | DQ33: 1 | DU33: 1005 | DV33: 100 м2 | DW33: 100 м2 | DX33: 100 | EE33: 39174529 | EF33: 2 | EG33: Общестроительные работы | EH33: 0 | EJ33: 1 | EK33: 15001 | EL33: Отделочные работы | EM33: ФЕР-15 | EO33: Поправка: МДС 81-35.2004, п.4.7 | EQ33: 0 | ER33: 158.98 | ES33: 0.36 | ET33: 1.62 | EU33: 0.37 | EV33: 157 | EW33: 16.32 | EX33: 0.03 | EY33: 0 | FQ33: 0 | FR33: =ROUND(IF(AND(BH33=3,BI33=3),P33,0),2) -> 0 | FS33: 0 | FT33: *0,9 | FU33: *0,85 | FX33: 94.5 | FY33: 46.75 | GD33: 0 | GF33: -816382651 | GG33: 1 | GH33: 1 | GI33: 4 | GJ33: 0 | GK33: =ROUND(R33*(R12)/100,2) -> 0 | GL33: =ROUND(IF(AND(BH33=3,BI33=3,FS33<>0),P33,0),2) -> 0 | GM33: =ROUND(O33+X33+Y33+GK33,2)+GX33 -> 4578.9 | GN33: =IF(OR(BI33=0,BI33=1),ROUND(O33+X33+Y33+GK33,2),0) -> 4578.9 | GO33: =IF(BI33=2,ROUND(O33+X33+Y33+GK33,2),0) -> 0 | GP33: =IF(BI33=4,ROUND(O33+X33+Y33+GK33,2)+GX33,0) -> 0 | GR33: 0 | GS33: 3 | GT33: 0 | GV33: =ROUND(GT33,2) -> 0 | GW33: 1 | GX33: =ROUND(GV33*GW33*I33,2) -> 0 | HA33: 0 | HB33: 0 | IK33: 0
A34: 18 | B34: 1 | C34: 36 | E34: 5,1 | F34: 14.3.01.02-0104 | G34: Грунтовка колерующая CERESIT CT 16 | H34: л | I34: =I33*J34 -> 31.49 | J34: 20 | O34: =ROUND(CP34,2) -> 3946.5 | P34: =ROUND(CQ34*I34,2) -> 3946.5 | Q34: =ROUND(CR34*I34,2) -> 0 | R34: =ROUND(CS34*I34,2) -> 0 | S34: =ROUND(CT34*I34,2) -> 0 | T34: =ROUND(CU34*I34,2) -> 0 | U34: =CV34*I34 -> 0 | V34: =CW34*I34 -> 0 | W34: =ROUND(CX34*I34,2) -> 0 | X34: =ROUND(CY34,2) -> 0 | Y34: =ROUND(CZ34,2) -> 0 | AA34: 39107596 | AB34: =ROUND((AC34+AD34+AF34),2) -> 18.96 | AC34: =ROUND((ES34),2) -> 18.96 | AD34: =ROUND((((ET34)-(EU34))+AE34),2) -> 0 | AE34: =ROUND((EU34),2) -> 0 | AF34: =ROUND((EV34),2) -> 0 | AG34: =ROUND((AP34),2) -> 0 | AH34: =(EW34) -> 0 | AI34: =(EX34) -> 0 | AJ34: =ROUND((AS34),2) -> 0 | AK34: 18.96 | AL34: 18.96 | AM34: 0 | AN34: 0 | AO34: 0 | AP34: 0 | AQ34: 0 | AR34: 0 | AS34: 0 | AT34: 95 | AU34: 47 | AV34: 1 | AW34: 1 | AZ34: 6.61 | BA34: 1 | BB34: 1 | BC34: 6.61 | BH34: 3 | BI34: 1 | BJ34: ФССЦ-2001, 14.3.01.02-0104, приказ Минстроя России №1039/пр от 30.12.2016г. | BM34: 15001 | BN34: 0 | BP34: 0 | BQ34: 2 | BR34: 0 | BS34: 1 | BT34: 1 | BU34: 1 | BV34: 1 | BW34: 1 | BX34: 1 | BZ34: 105 | CA34: 55 | CF34: 0 | CG34: 0 | CM34: 0 | CO34: 0 | CP34: =(P34+Q34+S34) -> 3946.5 | CQ34: =AC34*BC34 -> 125.3256 | CR34: =AD34*BB34 -> 0 | CS34: =AE34*BS34 -> 0 | CT34: =AF34*BA34 -> 0 | CU34: =AG34 -> 0 | CV34: =AH34 -> 0 | CW34: =AI34 -> 0 | CX34: =AJ34 -> 0 | CY34: =(((S34+R34)*AT34)/100) -> 0 | CZ34: =(((S34+R34)*AU34)/100) -> 0 | DN34: 0 | DO34: 0 | DP34: 1 | DQ34: 1 | DU34: 1002 | DV34: л | DW34: л | DX34: 1 | EE34: 39174529 | EF34: 2 | EG34: Общестроительные работы | EH34: 0 | EJ34: 1 | EK34: 15001 | EL34: Отделочные работы | EM34: ФЕР-15 | EQ34: 0 | ER34: 18.96 | ES34: 18.96 | ET34: 0 | EU34: 0 | EV34: 0 | EW34: 0 | EX34: 0 | FQ34: 0 | FR34: =ROUND(IF(AND(BH34=3,BI34=3),P34,0),2) -> 0 | FS34: 0 | FT34: *0,9 | FU34: *0,85 | FX34: 94.5 | FY34: 46.75 | GD34: 0 | GF34: -171317358 | GG34: 1 | GH34: 1 | GI34: 4 | GJ34: 0 | GK34: =ROUND(R34*(R12)/100,2) -> 0 | GL34: =ROUND(IF(AND(BH34=3,BI34=3,FS34<>0),P34,0),2) -> 0 | GM34: =ROUND(O34+X34+Y34+GK34,2)+GX34 -> 3946.5 | GN34: =IF(OR(BI34=0,BI34=1),ROUND(O34+X34+Y34+GK34,2),0) -> 3946.5 | GO34: =IF(BI34=2,ROUND(O34+X34+Y34+GK34,2),0) -> 0 | GP34: =IF(BI34=4,ROUND(O34+X34+Y34+GK34,2)+GX34,0) -> 0 | GR34: 0 | GS34: 3 | GT34: 0 | GV34: =ROUND(GT34,2) -> 0 | GW34: 1 | GX34: =ROUND(GV34*GW34*I34,2) -> 0 | HA34: 0 | HB34: 0 | IK34: 0
A35: 18 | B35: 1 | C35: 37 | E35: 5,2 | F35: 14.4.01.21 | G35: Грунтовка | H35: т | I35: =I33*J35 -> 0.03149 | J35: 0.02 | O35: =ROUND(CP35,2) -> 0 | P35: =ROUND(CQ35*I35,2) -> 0 | Q35: =ROUND(CR35*I35,2) -> 0 | R35: =ROUND(CS35*I35,2) -> 0 | S35: =ROUND(CT35*I35,2) -> 0 | T35: =ROUND(CU35*I35,2) -> 0 | U35: =CV35*I35 -> 0 | V35: =CW35*I35 -> 0 | W35: =ROUND(CX35*I35,2) -> 0 | X35: =ROUND(CY35,2) -> 0 | Y35: =ROUND(CZ35,2) -> 0 | AA35: 39107596 | AB35: =ROUND((AC35+AD35+AF35),2) -> 0 | AC35: =ROUND((ES35),2) -> 0 | AD35: =ROUND((((ET35)-(EU35))+AE35),2) -> 0 | AE35: =ROUND((EU35),2) -> 0 | AF35: =ROUND((EV35),2) -> 0 | AG35: =ROUND((AP35),2) -> 0 | AH35: =(EW35) -> 0 | AI35: =(EX35) -> 0 | AJ35: =ROUND((AS35),2) -> 0 | AK35: 0 | AL35: 0 | AM35: 0 | AN35: 0 | AO35: 0 | AP35: 0 | AQ35: 0 | AR35: 0 | AS35: 0 | AT35: 95 | AU35: 47 | AV35: 1 | AW35: 1 | AZ35: 6.61 | BA35: 1 | BB35: 1 | BC35: 6.61 | BH35: 3 | BI35: 1 | BM35: 15001 | BN35: 0 | BP35: 0 | BQ35: 2 | BR35: 0 | BS35: 1 | BT35: 1 | BU35: 1 | BV35: 1 | BW35: 1 | BX35: 1 | BZ35: 105 | CA35: 55 | CF35: 0 | CG35: 0 | CM35: 0 | CO35: 0 | CP35: =(P35+Q35+S35) -> 0 | CQ35: =AC35*BC35 -> 0 | CR35: =AD35*BB35 -> 0 | CS35: =AE35*BS35 -> 0 | CT35: =AF35*BA35 -> 0 | CU35: =AG35 -> 0 | CV35: =AH35 -> 0 | CW35: =AI35 -> 0 | CX35: =AJ35 -> 0 | CY35: =(((S35+R35)*AT35)/100) -> 0 | CZ35: =(((S35+R35)*AU35)/100) -> 0 | DN35: 0 | DO35: 0 | DP35: 1 | DQ35: 1 | DU35: 1009 | DV35: т | DW35: т | DX35: 1000 | EE35: 39174529 | EF35: 2 | EG35: Общестроительные работы | EH35: 0 | EJ35: 1 | EK35: 15001 | EL35: Отделочные работы | EM35: ФЕР-15 | EQ35: 0 | ER35: 0 | ES35: 0 | ET35: 0 | EU35: 0 | EV35: 0 | EW35: 0 | EX35: 0 | FQ35: 0 | FR35: =ROUND(IF(AND(BH35=3,BI35=3),P35,0),2) -> 0 | FS35: 0 | FT35: *0,9 | FU35: *0,85 | FX35: 94.5 | FY35: 46.75 | GA35: занесена вручную | GD35: 0 | GF35: -1212923053 | GG35: 1 | GH35: 1 | GI35: 4 | GJ35: 0 | GK35: =ROUND(R35*(R12)/100,2) -> 0 | GL35: =ROUND(IF(AND(BH35=3,BI35=3,FS35<>0),P35,0),2) -> 0 | GM35: =ROUND(O35+X35+Y35+GK35,2)+GX35 -> 0 | GN35: =IF(OR(BI35=0,BI35=1),ROUND(O35+X35+Y35+GK35,2),0) -> 0 | GO35: =IF(BI35=2,ROUND(O35+X35+Y35+GK35,2),0) -> 0 | GP35: =IF(BI35=4,ROUND(O35+X35+Y35+GK35,2)+GX35,0) -> 0 | GR35: 0 | GS35: 4 | GT35: 0 | GV35: =ROUND(GT35,2) -> 0 | GW35: 1 | GX35: =ROUND(GV35*GW35*I35,2) -> 0 | HA35: 0 | HB35: 0 | IK35: 0
A36: 17 | B36: 1 | C36: =ROW(SmtRes!A44) -> 44 | D36: =ROW(EtalonRes!A43) -> 43 | E36: 6 | F36: 15-01-050-04 | G36: Облицовка оконных и дверных откосов декоративным бумажно-слоистым пластиком или листами из синтетических материалов | H36: 100 м2 | I36: =ROUND(157.45/100,9) -> 1.5745 | J36: 0 | O36: =ROUND(CP36,2) -> 18754.01 | P36: =ROUND(CQ36*I36,2) -> 3.75 | Q36: =ROUND(CR36*I36,2) -> 460.01 | R36: =ROUND(CS36*I36,2) -> 89.5 | S36: =ROUND(CT36*I36,2) -> 18290.25 | T36: =ROUND(CU36*I36,2) -> 0 | U36: =CV36*I36 -> 301.42307 | V36: =CW36*I36 -> 1.1415125 | W36: =ROUND(CX36*I36,2) -> 0 | X36: =ROUND(CY36,2) -> 17460.76 | Y36: =ROUND(CZ36,2) -> 8638.48 | AA36: 39107596 | AB36: =ROUND((AC36+AD36+AF36),2) -> 1801.98 | AC36: =ROUND((ES36),2) -> 0.36 | AD36: =ROUND(((((ET36*1.25))-((EU36*1.25)))+AE36),2) -> 44.2 | AE36: =ROUND(((EU36*1.25)),2) -> 8.6 | AF36: =ROUND(((EV36*1.15)),2) -> 1757.42 | AG36: =ROUND((AP36),2) -> 0 | AH36: =((EW36*1.15)) -> 191.4405 | AI36: =((EX36*1.25)) -> 0.725 | AJ36: =ROUND((AS36),2) -> 0 | AK36: 1563.91 | AL36: 0.36 | AM36: 35.36 | AN36: 6.88 | AO36: 1528.19 | AP36: 0 | AQ36: 166.47 | AR36: 0.58 | AS36: 0 | AT36: 95 | AU36: 47 | AV36: 1 | AW36: 1 | AZ36: 6.61 | BA36: 6.61 | BB36: 6.61 | BC36: 6.61 | BH36: 0 | BI36: 1 | BJ36: ФЕР-2001, 15-01-050-04, приказ Минстроя России №1039/пр от 30.12.2016г. | BM36: 15001 | BN36: 0 | BP36: 0 | BQ36: 2 | BR36: 0 | BS36: 6.61 | BT36: 1 | BU36: 1 | BV36: 1 | BW36: 1 | BX36: 1 | BZ36: 105 | CA36: 55 | CF36: 0 | CG36: 0 | CM36: 0 | CN36: Поправка: МДС 81-35.2004, п.4.7 Наименование: Работы, выполняемые при реконструкции зданий и сооружений работы, аналогичные технологическим процессам в новом строительстве (в том числе возведение новых конструктивных элементов) стоимость которых определена по соответствующим сборникам ФЕР, кроме сборника № 46 «Работы при реконструкции зданий и сооружений» | CO36: 0 | CP36: =(P36+Q36+S36) -> 18754.01 | CQ36: =AC36*BC36 -> 2.3796 | CR36: =AD36*BB36 -> 292.162 | CS36: =AE36*BS36 -> 56.846 | CT36: =AF36*BA36 -> 11616.546 | CU36: =AG36 -> 0 | CV36: =AH36 -> 191.4405 | CW36: =AI36 -> 0.725 | CX36: =AJ36 -> 0 | CY36: =(((S36+R36)*AT36)/100) -> 17460.763 | CZ36: =(((S36+R36)*AU36)/100) -> 8638.4825 | DE36: )*1,25 | DF36: )*1,25 | DG36: )*1,15 | DI36: )*1,15 | DJ36: )*1,25 | DN36: 0 | DO36: 0 | DP36: 1 | DQ36: 1 | DU36: 1005 | DV36: 100 м2 | DW36: 100 м2 | DX36: 100 | EE36: 39174529 | EF36: 2 | EG36: Общестроительные работы | EH36: 0 | EJ36: 1 | EK36: 15001 | EL36: Отделочные работы | EM36: ФЕР-15 | EO36: Поправка: МДС 81-35.2004, п.4.7 | EQ36: 0 | ER36: 1563.91 | ES36: 0.36 | ET36: 35.36 | EU36: 6.88 | EV36: 1528.19 | EW36: 166.47 | EX36: 0.58 | EY36: 0 | FQ36: 0 | FR36: =ROUND(IF(AND(BH36=3,BI36=3),P36,0),2) -> 0 | FS36: 0 | FT36: *0,9 | FU36: *0,85 | FX36: 94.5 | FY36: 46.75 | GD36: 0 | GF36: 802970418 | GG36: 1 | GH36: 1 | GI36: 4 | GJ36: 0 | GK36: =ROUND(R36*(R12)/100,2) -> 0 | GL36: =ROUND(IF(AND(BH36=3,BI36=3,FS36<>0),P36,0),2) -> 0 | GM36: =ROUND(O36+X36+Y36+GK36,2)+GX36 -> 44853.25 | GN36: =IF(OR(BI36=0,BI36=1),ROUND(O36+X36+Y36+GK36,2),0) -> 44853.25 | GO36: =IF(BI36=2,ROUND(O36+X36+Y36+GK36,2),0) -> 0 | GP36: =IF(BI36=4,ROUND(O36+X36+Y36+GK36,2)+GX36,0) -> 0 | GR36: 0 | GS36: 3 | GT36: 0 | GV36: =ROUND(GT36,2) -> 0 | GW36: 1 | GX36: =ROUND(GV36*GW36*I36,2) -> 0 | HA36: 0 | HB36: 0 | IK36: 0
A37: 18 | B37: 1 | C37: 44 | E37: 6,1 | F37: Средняя коммерческая цена | G37: Сандвич панели толщиной 10мм | H37: м2 | I37: =I36*J37 -> 165.3225 | J37: 105 | O37: =ROUND(CP37,2) -> 96536.34 | P37: =ROUND(CQ37*I37,2) -> 96536.34 | Q37: =ROUND(CR37*I37,2) -> 0 | R37: =ROUND(CS37*I37,2) -> 0 | S37: =ROUND(CT37*I37,2) -> 0 | T37: =ROUND(CU37*I37,2) -> 0 | U37: =CV37*I37 -> 0 | V37: =CW37*I37 -> 0 | W37: =ROUND(CX37*I37,2) -> 0 | X37: =ROUND(CY37,2) -> 0 | Y37: =ROUND(CZ37,2) -> 0 | AA37: 39107596 | AB37: =ROUND((AC37+AD37+AF37),2) -> 88.34 | AC37: =ROUND((ES37),2) -> 88.34 | AD37: =ROUND((((ET37)-(EU37))+AE37),2) -> 0 | AE37: =ROUND((EU37),2) -> 0 | AF37: =ROUND((EV37),2) -> 0 | AG37: =ROUND((AP37),2) -> 0 | AH37: =(EW37) -> 0 | AI37: =(EX37) -> 0 | AJ37: =ROUND((AS37),2) -> 0 | AK37: 88.34 | AL37: 88.34 | AM37: 0 | AN37: 0 | AO37: 0 | AP37: 0 | AQ37: 0 | AR37: 0 | AS37: 0 | AT37: 95 | AU37: 47 | AV37: 1 | AW37: 1 | AZ37: 6.61 | BA37: 1 | BB37: 1 | BC37: 6.61 | BH37: 3 | BI37: 1 | BM37: 15001 | BN37: 0 | BP37: 0 | BQ37: 2 | BR37: 0 | BS37: 1 | BT37: 1 | BU37: 1 | BV37: 1 | BW37: 1 | BX37: 1 | BZ37: 105 | CA37: 55 | CF37: 0 | CG37: 0 | CM37: 0 | CO37: 0 | CP37: =(P37+Q37+S37) -> 96536.34 | CQ37: =AC37*BC37 -> 583.9274 | CR37: =AD37*BB37 -> 0 | CS37: =AE37*BS37 -> 0 | CT37: =AF37*BA37 -> 0 | CU37: =AG37 -> 0 | CV37: =AH37 -> 0 | CW37: =AI37 -> 0 | CX37: =AJ37 -> 0 | CY37: =(((S37+R37)*AT37)/100) -> 0 | CZ37: =(((S37+R37)*AU37)/100) -> 0 | DN37: 0 | DO37: 0 | DP37: 1 | DQ37: 1 | DU37: 1005 | DV37: м2 | DW37: м2 | DX37: 1 | EE37: 39174529 | EF37: 2 | EG37: Общестроительные работы | EH37: 0 | EJ37: 1 | EK37: 15001 | EL37: Отделочные работы | EM37: ФЕР-15 | EQ37: 0 | ER37: 88.34 | ES37: 88.34 | ET37: 0 | EU37: 0 | EV37: 0 | EW37: 0 | EX37: 0 | EZ37: 5 | FC37: 1 | FD37: 18 | FF37: 689 | FQ37: 0 | FR37: =ROUND(IF(AND(BH37=3,BI37=3),P37,0),2) -> 0 | FS37: 0 | FT37: *0,9 | FU37: *0,85 | FX37: 94.5 | FY37: 46.75 | GA37: [689 / 1,18 / 6,61] | GD37: 0 | GF37: 776745865 | GG37: 1 | GH37: 3 | GI37: 4 | GJ37: 0 | GK37: =ROUND(R37*(R12)/100,2) -> 0 | GL37: =ROUND(IF(AND(BH37=3,BI37=3,FS37<>0),P37,0),2) -> 0 | GM37: =ROUND(O37+X37+Y37+GK37,2)+GX37 -> 96536.34 | GN37: =IF(OR(BI37=0,BI37=1),ROUND(O37+X37+Y37+GK37,2),0) -> 96536.34 | GO37: =IF(BI37=2,ROUND(O37+X37+Y37+GK37,2),0) -> 0 | GP37: =IF(BI37=4,ROUND(O37+X37+Y37+GK37,2)+GX37,0) -> 0 | GR37: 1 | GS37: 1 | GT37: 0 | GV37: =ROUND(GT37,2) -> 0 | GW37: 1 | GX37: =ROUND(GV37*GW37*I37,2) -> 0 | HA37: 0 | HB37: 0 | IK37: 0
A38: 18 | B38: 1 | C38: 42 | E38: 6,2 | F38: 01.6.01.11 | G38: Листы облицовочные декоративные | H38: м2 | I38: =I36*J38 -> 165.3225 | J38: 105 | O38: =ROUND(CP38,2) -> 0 | P38: =ROUND(CQ38*I38,2) -> 0 | Q38: =ROUND(CR38*I38,2) -> 0 | R38: =ROUND(CS38*I38,2) -> 0 | S38: =ROUND(CT38*I38,2) -> 0 | T38: =ROUND(CU38*I38,2) -> 0 | U38: =CV38*I38 -> 0 | V38: =CW38*I38 -> 0 | W38: =ROUND(CX38*I38,2) -> 0 | X38: =ROUND(CY38,2) -> 0 | Y38: =ROUND(CZ38,2) -> 0 | AA38: 39107596 | AB38: =ROUND((AC38+AD38+AF38),2) -> 0 | AC38: =ROUND((ES38),2) -> 0 | AD38: =ROUND((((ET38)-(EU38))+AE38),2) -> 0 | AE38: =ROUND((EU38),2) -> 0 | AF38: =ROUND((EV38),2) -> 0 | AG38: =ROUND((AP38),2) -> 0 | AH38: =(EW38) -> 0 | AI38: =(EX38) -> 0 | AJ38: =ROUND((AS38),2) -> 0 | AK38: 0 | AL38: 0 | AM38: 0 | AN38: 0 | AO38: 0 | AP38: 0 | AQ38: 0 | AR38: 0 | AS38: 0 | AT38: 95 | AU38: 47 | AV38: 1 | AW38: 1 | AZ38: 6.61 | BA38: 1 | BB38: 1 | BC38: 6.61 | BH38: 3 | BI38: 1 | BM38: 15001 | BN38: 0 | BP38: 0 | BQ38: 2 | BR38: 0 | BS38: 1 | BT38: 1 | BU38: 1 | BV38: 1 | BW38: 1 | BX38: 1 | BZ38: 105 | CA38: 55 | CF38: 0 | CG38: 0 | CM38: 0 | CO38: 0 | CP38: =(P38+Q38+S38) -> 0 | CQ38: =AC38*BC38 -> 0 | CR38: =AD38*BB38 -> 0 | CS38: =AE38*BS38 -> 0 | CT38: =AF38*BA38 -> 0 | CU38: =AG38 -> 0 | CV38: =AH38 -> 0 | CW38: =AI38 -> 0 | CX38: =AJ38 -> 0 | CY38: =(((S38+R38)*AT38)/100) -> 0 | CZ38: =(((S38+R38)*AU38)/100) -> 0 | DN38: 0 | DO38: 0 | DP38: 1 | DQ38: 1 | DU38: 1005 | DV38: м2 | DW38: м2 | DX38: 1 | EE38: 39174529 | EF38: 2 | EG38: Общестроительные работы | EH38: 0 | EJ38: 1 | EK38: 15001 | EL38: Отделочные работы | EM38: ФЕР-15 | EQ38: 0 | ER38: 0 | ES38: 0 | ET38: 0 | EU38: 0 | EV38: 0 | EW38: 0 | EX38: 0 | FQ38: 0 | FR38: =ROUND(IF(AND(BH38=3,BI38=3),P38,0),2) -> 0 | FS38: 0 | FT38: *0,9 | FU38: *0,85 | FX38: 94.5 | FY38: 46.75 | GA38: занесена вручную | GD38: 0 | GF38: -112006704 | GG38: 1 | GH38: 1 | GI38: 4 | GJ38: 0 | GK38: =ROUND(R38*(R12)/100,2) -> 0 | GL38: =ROUND(IF(AND(BH38=3,BI38=3,FS38<>0),P38,0),2) -> 0 | GM38: =ROUND(O38+X38+Y38+GK38,2)+GX38 -> 0 | GN38: =IF(OR(BI38=0,BI38=1),ROUND(O38+X38+Y38+GK38,2),0) -> 0 | GO38: =IF(BI38=2,ROUND(O38+X38+Y38+GK38,2),0) -> 0 | GP38: =IF(BI38=4,ROUND(O38+X38+Y38+GK38,2)+GX38,0) -> 0 | GR38: 0 | GS38: 4 | GT38: 0 | GV38: =ROUND(GT38,2) -> 0 | GW38: 1 | GX38: =ROUND(GV38*GW38*I38,2) -> 0 | HA38: 0 | HB38: 0 | IK38: 0
A39: 17 | B39: 1 | C39: =ROW(SmtRes!A48) -> 48 | D39: =ROW(EtalonRes!A46) -> 46 | E39: 7 | F39: 10-01-036-01 | G39: Установка уголков ПВХ на клее | H39: 100 м | I39: =ROUND(314.9/100,9) -> 3.149 | J39: 0 | O39: =ROUND(CP39,2) -> 2117.29 | P39: =ROUND(CQ39*I39,2) -> 749.34 | Q39: =ROUND(CR39*I39,2) -> 0 | R39: =ROUND(CS39*I39,2) -> 0 | S39: =ROUND(CT39*I39,2) -> 1367.95 | T39: =ROUND(CU39*I39,2) -> 0 | U39: =CV39*I39 -> 24.263045 | V39: =CW39*I39 -> 0 | W39: =ROUND(CX39*I39,2) -> 0 | X39: =ROUND(CY39,2) -> 1450.03 | Y39: =ROUND(CZ39,2) -> 738.69 | AA39: 39107596 | AB39: =ROUND((AC39+AD39+AF39),2) -> 101.72 | AC39: =ROUND((ES39),2) -> 36 | AD39: =ROUND(((((ET39*1.25))-((EU39*1.25)))+AE39),2) -> 0 | AE39: =ROUND(((EU39*1.25)),2) -> 0 | AF39: =ROUND(((EV39*1.15)),2) -> 65.72 | AG39: =ROUND((AP39),2) -> 0 | AH39: =((EW39*1.15)) -> 7.705 | AI39: =((EX39*1.25)) -> 0 | AJ39: =ROUND((AS39),2) -> 0 | AK39: 93.15 | AL39: 36 | AM39: 0 | AN39: 0 | AO39: 57.15 | AP39: 0 | AQ39: 6.7 | AR39: 0 | AS39: 0 | AT39: 106 | AU39: 54 | AV39: 1 | AW39: 1 | AZ39: 6.61 | BA39: 6.61 | BB39: 6.61 | BC39: 6.61 | BH39: 0 | BI39: 1 | BJ39: ФЕР-2001, 10-01-036-01, приказ Минстроя России №1039/пр от 30.12.2016г. | BM39: 10001 | BN39: 0 | BP39: 0 | BQ39: 2 | BR39: 0 | BS39: 6.61 | BT39: 1 | BU39: 1 | BV39: 1 | BW39: 1 | BX39: 1 | BZ39: 118 | CA39: 63 | CF39: 0 | CG39: 0 | CM39: 0 | CN39: Поправка: МДС 81-35.2004, п.4.7 Наименование: Работы, выполняемые при реконструкции зданий и сооружений работы, аналогичные технологическим процессам в новом строительстве (в том числе возведение новых конструктивных элементов) стоимость которых определена по соответствующим сборникам ФЕР, кроме сборника № 46 «Работы при реконструкции зданий и сооружений» | CO39: 0 | CP39: =(P39+Q39+S39) -> 2117.29 | CQ39: =AC39*BC39 -> 237.96 | CR39: =AD39*BB39 -> 0 | CS39: =AE39*BS39 -> 0 | CT39: =AF39*BA39 -> 434.4092 | CU39: =AG39 -> 0 | CV39: =AH39 -> 7.705 | CW39: =AI39 -> 0 | CX39: =AJ39 -> 0 | CY39: =(((S39+R39)*AT39)/100) -> 1450.027 | CZ39: =(((S39+R39)*AU39)/100) -> 738.693 | DE39: )*1,25 | DF39: )*1,25 | DG39: )*1,15 | DI39: )*1,15 | DJ39: )*1,25 | DN39: 0 | DO39: 0 | DP39: 1 | DQ39: 1 | DU39: 1003 | DV39: 100 м | DW39: 100 м | DX39: 100 | EE39: 39174503 | EF39: 2 | EG39: Общестроительные работы | EH39: 0 | EJ39: 1 | EK39: 10001 | EL39: Деревянные конструкции | EM39: ФЕР-10 | EO39: Поправка: МДС 81-35.2004, п.4.7 | EQ39: 0 | ER39: 93.15 | ES39: 36 | ET39: 0 | EU39: 0 | EV39: 57.15 | EW39: 6.7 | EX39: 0 | EY39: 0 | FQ39: 0 | FR39: =ROUND(IF(AND(BH39=3,BI39=3),P39,0),2) -> 0 | FS39: 0 | FT39: *0,9 | FU39: *0,85 | FX39: 106.2 | FY39: 53.55 | GD39: 0 | GF39: -1862938563 | GG39: 1 | GH39: 1 | GI39: 4 | GJ39: 0 | GK39: =ROUND(R39*(R12)/100,2) -> 0 | GL39: =ROUND(IF(AND(BH39=3,BI39=3,FS39<>0),P39,0),2) -> 0 | GM39: =ROUND(O39+X39+Y39+GK39,2)+GX39 -> 4306.01 | GN39: =IF(OR(BI39=0,BI39=1),ROUND(O39+X39+Y39+GK39,2),0) -> 4306.01 | GO39: =IF(BI39=2,ROUND(O39+X39+Y39+GK39,2),0) -> 0 | GP39: =IF(BI39=4,ROUND(O39+X39+Y39+GK39,2)+GX39,0) -> 0 | GR39: 0 | GS39: 3 | GT39: 0 | GV39: =ROUND(GT39,2) -> 0 | GW39: 1 | GX39: =ROUND(GV39*GW39*I39,2) -> 0 | HA39: 0 | HB39: 0 | IK39: 0
A40: 18 | B40: 1 | C40: 48 | E40: 7,1 | F40: Средняя коммерческая цена | G40: Защитный пластиковый уголок 40х40мм | H40: м | I40: =I39*J40 -> 314.9 | J40: 100 | O40: =ROUND(CP40,2) -> 16089.91 | P40: =ROUND(CQ40*I40,2) -> 16089.91 | Q40: =ROUND(CR40*I40,2) -> 0 | R40: =ROUND(CS40*I40,2) -> 0 | S40: =ROUND(CT40*I40,2) -> 0 | T40: =ROUND(CU40*I40,2) -> 0 | U40: =CV40*I40 -> 0 | V40: =CW40*I40 -> 0 | W40: =ROUND(CX40*I40,2) -> 0 | X40: =ROUND(CY40,2) -> 0 | Y40: =ROUND(CZ40,2) -> 0 | AA40: 39107596 | AB40: =ROUND((AC40+AD40+AF40),2) -> 7.73 | AC40: =ROUND((ES40),2) -> 7.73 | AD40: =ROUND((((ET40)-(EU40))+AE40),2) -> 0 | AE40: =ROUND((EU40),2) -> 0 | AF40: =ROUND((EV40),2) -> 0 | AG40: =ROUND((AP40),2) -> 0 | AH40: =(EW40) -> 0 | AI40: =(EX40) -> 0 | AJ40: =ROUND((AS40),2) -> 0 | AK40: 7.73 | AL40: 7.73 | AM40: 0 | AN40: 0 | AO40: 0 | AP40: 0 | AQ40: 0 | AR40: 0 | AS40: 0 | AT40: 106 | AU40: 54 | AV40: 1 | AW40: 1 | AZ40: 6.61 | BA40: 1 | BB40: 1 | BC40: 6.61 | BH40: 3 | BI40: 1 | BM40: 10001 | BN40: 0 | BP40: 0 | BQ40: 2 | BR40: 0 | BS40: 1 | BT40: 1 | BU40: 1 | BV40: 1 | BW40: 1 | BX40: 1 | BZ40: 118 | CA40: 63 | CF40: 0 | CG40: 0 | CM40: 0 | CO40: 0 | CP40: =(P40+Q40+S40) -> 16089.91 | CQ40: =AC40*BC40 -> 51.0953 | CR40: =AD40*BB40 -> 0 | CS40: =AE40*BS40 -> 0 | CT40: =AF40*BA40 -> 0 | CU40: =AG40 -> 0 | CV40: =AH40 -> 0 | CW40: =AI40 -> 0 | CX40: =AJ40 -> 0 | CY40: =(((S40+R40)*AT40)/100) -> 0 | CZ40: =(((S40+R40)*AU40)/100) -> 0 | DN40: 0 | DO40: 0 | DP40: 1 | DQ40: 1 | DU40: 1003 | DV40: м | DW40: м | DX40: 1 | EE40: 39174503 | EF40: 2 | EG40: Общестроительные работы | EH40: 0 | EJ40: 1 | EK40: 10001 | EL40: Деревянные конструкции | EM40: ФЕР-10 | EQ40: 0 | ER40: 7.73 | ES40: 7.73 | ET40: 0 | EU40: 0 | EV40: 0 | EW40: 0 | EX40: 0 | EZ40: 5 | FC40: 1 | FD40: 18 | FF40: 60.33 | FQ40: 0 | FR40: =ROUND(IF(AND(BH40=3,BI40=3),P40,0),2) -> 0 | FS40: 0 | FT40: *0,9 | FU40: *0,85 | FX40: 106.2 | FY40: 53.55 | GA40: [60,33 / 1,18 / 6,61] | GD40: 0 | GF40: 1094464084 | GG40: 1 | GH40: 3 | GI40: 4 | GJ40: 0 | GK40: =ROUND(R40*(R12)/100,2) -> 0 | GL40: =ROUND(IF(AND(BH40=3,BI40=3,FS40<>0),P40,0),2) -> 0 | GM40: =ROUND(O40+X40+Y40+GK40,2)+GX40 -> 16089.91 | GN40: =IF(OR(BI40=0,BI40=1),ROUND(O40+X40+Y40+GK40,2),0) -> 16089.91 | GO40: =IF(BI40=2,ROUND(O40+X40+Y40+GK40,2),0) -> 0 | GP40: =IF(BI40=4,ROUND(O40+X40+Y40+GK40,2)+GX40,0) -> 0 | GR40: 1 | GS40: 1 | GT40: 0 | GV40: =ROUND(GT40,2) -> 0 | GW40: 1 | GX40: =ROUND(GV40*GW40*I40,2) -> 0 | HA40: 0 | HB40: 0 | IK40: 0
A41: 18 | B41: 1 | C41: 46 | E41: 7,2 | F41: 11.3.03.13 | G41: Уголок ПВХ | H41: П.М | I41: =I39*J41 -> 314.9 | J41: 100 | O41: =ROUND(CP41,2) -> 0 | P41: =ROUND(CQ41*I41,2) -> 0 | Q41: =ROUND(CR41*I41,2) -> 0 | R41: =ROUND(CS41*I41,2) -> 0 | S41: =ROUND(CT41*I41,2) -> 0 | T41: =ROUND(CU41*I41,2) -> 0 | U41: =CV41*I41 -> 0 | V41: =CW41*I41 -> 0 | W41: =ROUND(CX41*I41,2) -> 0 | X41: =ROUND(CY41,2) -> 0 | Y41: =ROUND(CZ41,2) -> 0 | AA41: 39107596 | AB41: =ROUND((AC41+AD41+AF41),2) -> 0 | AC41: =ROUND((ES41),2) -> 0 | AD41: =ROUND((((ET41)-(EU41))+AE41),2) -> 0 | AE41: =ROUND((EU41),2) -> 0 | AF41: =ROUND((EV41),2) -> 0 | AG41: =ROUND((AP41),2) -> 0 | AH41: =(EW41) -> 0 | AI41: =(EX41) -> 0 | AJ41: =ROUND((AS41),2) -> 0 | AK41: 0 | AL41: 0 | AM41: 0 | AN41: 0 | AO41: 0 | AP41: 0 | AQ41: 0 | AR41: 0 | AS41: 0 | AT41: 106 | AU41: 54 | AV41: 1 | AW41: 1 | AZ41: 6.61 | BA41: 1 | BB41: 1 | BC41: 6.61 | BH41: 3 | BI41: 1 | BM41: 10001 | BN41: 0 | BP41: 0 | BQ41: 2 | BR41: 0 | BS41: 1 | BT41: 1 | BU41: 1 | BV41: 1 | BW41: 1 | BX41: 1 | BZ41: 118 | CA41: 63 | CF41: 0 | CG41: 0 | CM41: 0 | CO41: 0 | CP41: =(P41+Q41+S41) -> 0 | CQ41: =AC41*BC41 -> 0 | CR41: =AD41*BB41 -> 0 | CS41: =AE41*BS41 -> 0 | CT41: =AF41*BA41 -> 0 | CU41: =AG41 -> 0 | CV41: =AH41 -> 0 | CW41: =AI41 -> 0 | CX41: =AJ41 -> 0 | CY41: =(((S41+R41)*AT41)/100) -> 0 | CZ41: =(((S41+R41)*AU41)/100) -> 0 | DN41: 0 | DO41: 0 | DP41: 1 | DQ41: 1 | DU41: 1013 | DV41: П.М | DW41: П.М | DX41: 1 | EE41: 39174503 | EF41: 2 | EG41: Общестроительные работы | EH41: 0 | EJ41: 1 | EK41: 10001 | EL41: Деревянные конструкции | EM41: ФЕР-10 | EQ41: 0 | ER41: 0 | ES41: 0 | ET41: 0 | EU41: 0 | EV41: 0 | EW41: 0 | EX41: 0 | FQ41: 0 | FR41: =ROUND(IF(AND(BH41=3,BI41=3),P41,0),2) -> 0 | FS41: 0 | FT41: *0,9 | FU41: *0,85 | FX41: 106.2 | FY41: 53.55 | GA41: занесена вручную | GD41: 0 | GF41: -1710570218 | GG41: 1 | GH41: 1 | GI41: 4 | GJ41: 0 | GK41: =ROUND(R41*(R12)/100,2) -> 0 | GL41: =ROUND(IF(AND(BH41=3,BI41=3,FS41<>0),P41,0),2) -> 0 | GM41: =ROUND(O41+X41+Y41+GK41,2)+GX41 -> 0 | GN41: =IF(OR(BI41=0,BI41=1),ROUND(O41+X41+Y41+GK41,2),0) -> 0 | GO41: =IF(BI41=2,ROUND(O41+X41+Y41+GK41,2),0) -> 0 | GP41: =IF(BI41=4,ROUND(O41+X41+Y41+GK41,2)+GX41,0) -> 0 | GR41: 0 | GS41: 4 | GT41: 0 | GV41: =ROUND(GT41,2) -> 0 | GW41: 1 | GX41: =ROUND(GV41*GW41*I41,2) -> 0 | HA41: 0 | HB41: 0 | IK41: 0
A43: 51 | B43: =B20 -> 1 | C43: =A20 -> 3 | D43: =ROW(A20) -> 20 | F43: =IF(F20<>"",F20,"") -> Новая локальная смета | G43: =IF(G20<>"",G20,"") -> Новая локальная смета | H43: 0 | O43: =ROUND(AB43,2) -> 1654950.1 | P43: =ROUND(AC43,2) -> 1569827.5 | Q43: =ROUND(AD43,2) -> 9882.88 | R43: =ROUND(AE43,2) -> 2879.44 | S43: =ROUND(AF43,2) -> 75239.76 | T43: =ROUND(AG43,2) -> 0 | U43: =AH43 -> 1321.2654 | V43: =AI43 -> 34.03035 | W43: =ROUND(AJ43,2) -> 0 | X43: =ROUND(AK43,2) -> 78082.88 | Y43: =ROUND(AL43,2) -> 42663.93 | AB43: =ROUND(SUMIF(AA24:AA41,"=39107596",O24:O41),2) -> 1654950.1 | AC43: =ROUND(SUMIF(AA24:AA41,"=39107596",P24:P41),2) -> 1569827.5 | AD43: =ROUND(SUMIF(AA24:AA41,"=39107596",Q24:Q41),2) -> 9882.88 | AE43: =ROUND(SUMIF(AA24:AA41,"=39107596",R24:R41),2) -> 2879.44 | AF43: =ROUND(SUMIF(AA24:AA41,"=39107596",S24:S41),2) -> 75239.76 | AG43: =ROUND(SUMIF(AA24:AA41,"=39107596",T24:T41),2) -> 0 | AH43: =SUMIF(AA24:AA41,"=39107596",U24:U41) -> 1321.2654 | AI43: =SUMIF(AA24:AA41,"=39107596",V24:V41) -> 34.03035 | AJ43: =ROUND(SUMIF(AA24:AA41,"=39107596",W24:W41),2) -> 0 | AK43: =ROUND(SUMIF(AA24:AA41,"=39107596",X24:X41),2) -> 78082.88 | AL43: =ROUND(SUMIF(AA24:AA41,"=39107596",Y24:Y41),2) -> 42663.93 | AO43: =ROUND(BX43,2) -> 0 | AP43: =ROUND(BY43,2) -> 0 | AQ43: =ROUND(BZ43,2) -> 0 | AR43: =ROUND(CA43,2) -> 1775696.9 | AS43: =ROUND(CB43,2) -> 1775696.9 | AT43: =ROUND(CC43,2) -> 0 | AU43: =ROUND(CD43,2) -> 0 | AV43: =ROUND(CE43,2) -> 1569827.5 | ... BC43: =ROUND(CL43,2) -> 0 | BX43: =ROUND(SUMIF(AA24:AA41,"=39107596",FQ24:FQ41),2) -> 0 | BY43: =ROUND(SUMIF(AA24:AA41,"=39107596",FR24:FR41),2) -> 0 | BZ43: =ROUND(SUMIF(AA24:AA41,"=39107596",GL24:GL41),2) -> 0 | CA43: =ROUND(SUMIF(AA24:AA41,"=39107596",GM24:GM41),2) -> 1775696.9 | CB43: =ROUND(SUMIF(AA24:AA41,"=39107596",GN24:GN41),2) -> 1775696.9 | CC43: =ROUND(SUMIF(AA24:AA41,"=39107596",GO24:GO41),2) -> 0 | CD43: =ROUND(SUMIF(AA24:AA41,"=39107596",GP24:GP41),2) -> 0 | CE43: =AC43-BX43 -> 1569827.5 | CF43: =AC43-BY43 -> 1569827.5 | CG43: =BX43-BZ43 -> 0 | CH43: =AC43-BX43-BY43+BZ43 -> 1569827.5 | CI43: =BY43-BZ43 -> 0 | CJ43: =ROUND(SUMIF(AA24:AA41,"=39107596",GX24:GX41),2) -> 0 | CK43: =ROUND(SUMIF(AA24:AA41,"=39107596",GY24:GY41),2) -> 0 | CL43: =ROUND(SUMIF(AA24:AA41,"=39107596",GZ24:GZ41),2) -> 0 | GX43: 0
A45: 50 | B45: 0 | C45: 0 | D45: 1 | E45: 201 | F45: =ROUND(Source!O43,O45) -> 1654950.1 | G45: ПЗ | H45: Прямые затраты | K45: 201 | L45: 1 | M45: 3 | O45: 2
A46: 50 | B46: 0 | C46: 0 | D46: 1 | E46: 202 | F46: =ROUND(Source!P43,O46) -> 1569827.5 | G46: СтМатОб | H46: Стоимость материальных ресурсов (всего) | K46: 202 | L46: 2 | M46: 3 | O46: 2
A47: 50 | B47: 0 | C47: 0 | D47: 1 | E47: 222 | F47: =ROUND(Source!AO43,O47) -> 0 | G47: СтМатОбЗак | H47: Стоимость материалов и оборудования заказчика | K47: 222 | L47: 3 | M47: 3 | O47: 2
A48: 50 | B48: 0 | C48: 0 | D48: 1 | E48: 225 | F48: =ROUND(Source!AV43,O48) -> 1569827.5 | G48: СтМатОбПод | H48: Стоимость материалов и оборудования подрядчика | K48: 225 | L48: 4 | M48: 3 | O48: 2
A49: 50 | B49: 0 | C49: 0 | D49: 1 | E49: 226 | F49: =ROUND(Source!AW43,O49) -> 1569827.5 | G49: СтМат | H49: Стоимость материалов (всего) | K49: 226 | L49: 5 | M49: 3 | O49: 2
A50: 50 | B50: 0 | C50: 0 | D50: 1 | E50: 227 | F50: =ROUND(Source!AX43,O50) -> 0 | G50: СтМатЗак | H50: Стоимость материалов заказчика | K50: 227 | L50: 6 | M50: 3 | O50: 2
A51: 50 | B51: 0 | C51: 0 | D51: 1 | E51: 228 | F51: =ROUND(Source!AY43,O51) -> 1569827.5 | G51: СтМатПод | H51: Стоимость материалов подрядчика | K51: 228 | L51: 7 | M51: 3 | O51: 2
A52: 50 | B52: 0 | C52: 0 | D52: 1 | E52: 216 | F52: =ROUND(Source!AP43,O52) -> 0 | G52: Оборуд | H52: Стоимость оборудования (всего) | K52: 216 | L52: 8 | M52: 3 | O52: 2
A53: 50 | B53: 0 | C53: 0 | D53: 1 | E53: 223 | F53: =ROUND(Source!AQ43,O53) -> 0 | G53: ОборудЗак | H53: Стоимость оборудования заказчика | K53: 223 | L53: 9 | M53: 3 | O53: 2
A54: 50 | B54: 0 | C54: 0 | D54: 1 | E54: 229 | F54: =ROUND(Source!AZ43,O54) -> 0 | G54: ОборудПод | H54: Стоимость оборудования подрядчика | K54: 229 | L54: 10 | M54: 3 | O54: 2
A55: 50 | B55: 0 | C55: 0 | D55: 1 | E55: 203 | F55: =ROUND(Source!Q43,O55) -> 9882.88 | G55: ЭММ | H55: Эксплуатация машин | K55: 203 | L55: 11 | M55: 3 | O55: 2
A56: 50 | B56: 0 | C56: 0 | D56: 1 | E56: 231 | F56: =ROUND(Source!BB43,O56) -> 0 | G56: ЭММсНРиСП | H56: Эксплуатация машин по ТСН-2001.16 | K56: 231 | L56: 12 | M56: 3 | O56: 2
A57: 50 | B57: 0 | C57: 0 | D57: 1 | E57: 204 | F57: =ROUND(Source!R43,O57) -> 2879.44 | G57: ЗПМ | H57: ЗП машинистов | K57: 204 | L57: 13 | M57: 3 | O57: 2
A58: 50 | B58: 0 | C58: 0 | D58: 1 | E58: 205 | F58: =ROUND(Source!S43,O58) -> 75239.76 | G58: ОЗП | H58: Основная ЗП рабочих | K58: 205 | L58: 14 | M58: 3 | O58: 2
A59: 50 | B59: 0 | C59: 0 | D59: 1 | E59: 232 | F59: =ROUND(Source!BC43,O59) -> 0 | G59: ОЗПсНРиСП | H59: Основная ЗП рабочих по ТСН-2001.16 | K59: 232 | L59: 15 | M59: 3 | O59: 2
A60: 50 | B60: 0 | C60: 0 | D60: 1 | E60: 214 | F60: =ROUND(Source!AS43,O60) -> 1775696.9 | G60: Строит | H60: Строительные работы с НР и СП | K60: 214 | L60: 16 | M60: 3 | O60: 2
A61: 50 | B61: 0 | C61: 0 | D61: 1 | E61: 215 | F61: =ROUND(Source!AT43,O61) -> 0 | G61: Монтаж | H61: Монтажные работы с НР и СП | K61: 215 | L61: 17 | M61: 3 | O61: 2
A62: 50 | B62: 0 | C62: 0 | D62: 1 | E62: 217 | F62: =ROUND(Source!AU43,O62) -> 0 | G62: Прочие | H62: Прочие работы с НР и СП | K62: 217 | L62: 18 | M62: 3 | O62: 2
A63: 50 | B63: 0 | C63: 0 | D63: 1 | E63: 230 | F63: =ROUND(Source!BA43,O63) -> 0 | G63: ПрочиеЗатр | H63: Прочие затраты по ТСН-2001.16 | K63: 230 | L63: 19 | M63: 3 | O63: 2
A64: 50 | B64: 0 | C64: 0 | D64: 1 | E64: 206 | F64: =ROUND(Source!T43,O64) -> 0 | G64: ВозврМат | H64: Возврат материалов | K64: 206 | L64: 20 | M64: 3 | O64: 2
A65: 50 | B65: 0 | C65: 0 | D65: 1 | E65: 207 | F65: =Source!U43 -> 1321.2654 | G65: ТрудСтр | H65: Трудозатраты строителей | K65: 207 | L65: 21 | M65: 3 | O65: -1
A66: 50 | B66: 0 | C66: 0 | D66: 1 | E66: 208 | F66: =Source!V43 -> 34.03035 | G66: ТрудМаш | H66: Трудозатраты машинистов | K66: 208 | L66: 22 | M66: 3 | O66: -1
A67: 50 | B67: 0 | C67: 0 | D67: 1 | E67: 209 | F67: =ROUND(Source!W43,O67) -> 0 | G67: ТранспМат | H67: Транспорт материалов | K67: 209 | L67: 23 | M67: 3 | O67: 2
A68: 50 | B68: 0 | C68: 0 | D68: 1 | E68: 210 | F68: =ROUND(Source!X43,O68) -> 78082.88 | G68: НР | H68: Накладные расходы | K68: 210 | L68: 24 | M68: 3 | O68: 2
A69: 50 | B69: 0 | C69: 0 | D69: 1 | E69: 211 | F69: =ROUND(Source!Y43,O69) -> 42663.93 | G69: СмПриб | H69: Сметная прибыль | K69: 211 | L69: 25 | M69: 3 | O69: 2
A70: 50 | B70: 0 | C70: 0 | D70: 1 | E70: 224 | F70: =ROUND(Source!AR43,O70) -> 1775696.9 | G70: Всего | H70: Всего с НР и СП | K70: 224 | L70: 26 | M70: 3 | O70: 2
A71: 50 | B71: 1 | C71: 0 | D71: 2 | E71: 0 | F71: =ROUND(F70,O71) -> 1775696.9 | G71: и1 | H71: Итого | K71: 212 | L71: 27 | M71: 0 | O71: 2
A72: 50 | B72: 1 | C72: 0 | D72: 2 | E72: 0 | F72: =ROUND(F71*0.18,O72) -> 319625.45 | G72: и2 | H72: НДС 18% | K72: 212 | L72: 28 | M72: 0 | O72: 2
A73: 50 | B73: 1 | C73: 0 | D73: 2 | E73: 213 | F73: =ROUND(F71+F72,O73) -> 2095322.4 | G73: и3 | H73: Всего | K73: 212 | L73: 29 | M73: 0 | O73: 2
A75: 51 | B75: =B12 -> 133 | C75: =A12 -> 1 | D75: =ROW(A12) -> 12 | F75: =IF(F12<>"",F12,"") -> Новый объект | G75: =IF(G12<>"",G12,"") -> на капитальный ремонт оконных проемов с заменой деревянных оконных блоков на оконные блоки из ПВХ в помещениях № 1, № 2 ,№ 21, № 22, № 24, № 25, № 26 1-го этажа, №10, №11, №13, №14, №15 2-го этажа, № 3-№ 7 3-го этажа, №3-№7 4-го этажа в здании учебного корпуса Уральского технологического колледжа-филиала НИЯУ МИФИ ( УрТК НИЯУ МИФИ) по адресу: Свердловская обл., г. Заречный, ул. Ленина 27 | H75: 0 | O75: =ROUND(O43,2) -> 1654950.1 | P75: =ROUND(P43,2) -> 1569827.5 | Q75: =ROUND(Q43,2) -> 9882.88 | R75: =ROUND(R43,2) -> 2879.44 | S75: =ROUND(S43,2) -> 75239.76 | T75: =ROUND(T43,2) -> 0 | U75: =U43 -> 1321.2654 | V75: =V43 -> 34.03035 | W75: =ROUND(W43,2) -> 0 | X75: =ROUND(X43,2) -> 78082.88 | Y75: =ROUND(Y43,2) -> 42663.93 | AO75: =ROUND(AO43,2) -> 0 | AP75: =ROUND(AP43,2) -> 0 | AQ75: =ROUND(AQ43,2) -> 0 | AR75: =ROUND(AR43,2) -> 1775696.9 | AS75: =ROUND(AS43,2) -> 1775696.9 | AT75: =ROUND(AT43,2) -> 0 | AU75: =ROUND(AU43,2) -> 0 | AV75: =ROUND(AV43,2) -> 1569827.5 | ... BC75: =ROUND(BC43,2) -> 0 | GX75: 0
A77: 50 | B77: 0 | C77: 0 | D77: 1 | E77: 201 | F77: =ROUND(Source!O75,O77) -> 1654950.1 | G77: ПЗ | H77: Прямые затраты | K77: 201 | L77: 1 | M77: 3 | O77: 2
A78: 50 | B78: 0 | C78: 0 | D78: 1 | E78: 202 | F78: =ROUND(Source!P75,O78) -> 1569827.5 | G78: СтМатОб | H78: Стоимость материальных ресурсов (всего) | K78: 202 | L78: 2 | M78: 3 | O78: 2
A79: 50 | B79: 0 | C79: 0 | D79: 1 | E79: 222 | F79: =ROUND(Source!AO75,O79) -> 0 | G79: СтМатОбЗак | H79: Стоимость материалов и оборудования заказчика | K79: 222 | L79: 3 | M79: 3 | O79: 2
A80: 50 | B80: 0 | C80: 0 | D80: 1 | E80: 225 | F80: =ROUND(Source!AV75,O80) -> 1569827.5 | G80: СтМатОбПод | H80: Стоимость материалов и оборудования подрядчика | K80: 225 | L80: 4 | M80: 3 | O80: 2
A81: 50 | B81: 0 | C81: 0 | D81: 1 | E81: 226 | F81: =ROUND(Source!AW75,O81) -> 1569827.5 | G81: СтМат | H81: Стоимость материалов (всего) | K81: 226 | L81: 5 | M81: 3 | O81: 2
A82: 50 | B82: 0 | C82: 0 | D82: 1 | E82: 227 | F82: =ROUND(Source!AX75,O82) -> 0 | G82: СтМатЗак | H82: Стоимость материалов заказчика | K82: 227 | L82: 6 | M82: 3 | O82: 2
A83: 50 | B83: 0 | C83: 0 | D83: 1 | E83: 228 | F83: =ROUND(Source!AY75,O83) -> 1569827.5 | G83: СтМатПод | H83: Стоимость материалов подрядчика | K83: 228 | L83: 7 | M83: 3 | O83: 2
A84: 50 | B84: 0 | C84: 0 | D84: 1 | E84: 216 | F84: =ROUND(Source!AP75,O84) -> 0 | G84: Оборуд | H84: Стоимость оборудования (всего) | K84: 216 | L84: 8 | M84: 3 | O84: 2
A85: 50 | B85: 0 | C85: 0 | D85: 1 | E85: 223 | F85: =ROUND(Source!AQ75,O85) -> 0 | G85: ОборудЗак | H85: Стоимость оборудования заказчика | K85: 223 | L85: 9 | M85: 3 | O85: 2
A86: 50 | B86: 0 | C86: 0 | D86: 1 | E86: 229 | F86: =ROUND(Source!AZ75,O86) -> 0 | G86: ОборудПод | H86: Стоимость оборудования подрядчика | K86: 229 | L86: 10 | M86: 3 | O86: 2
A87: 50 | B87: 0 | C87: 0 | D87: 1 | E87: 203 | F87: =ROUND(Source!Q75,O87) -> 9882.88 | G87: ЭММ | H87: Эксплуатация машин | K87: 203 | L87: 11 | M87: 3 | O87: 2
A88: 50 | B88: 0 | C88: 0 | D88: 1 | E88: 231 | F88: =ROUND(Source!BB75,O88) -> 0 | G88: ЭММсНРиСП | H88: Эксплуатация машин по ТСН-2001.16 | K88: 231 | L88: 12 | M88: 3 | O88: 2
A89: 50 | B89: 0 | C89: 0 | D89: 1 | E89: 204 | F89: =ROUND(Source!R75,O89) -> 2879.44 | G89: ЗПМ | H89: ЗП машинистов | K89: 204 | L89: 13 | M89: 3 | O89: 2
A90: 50 | B90: 0 | C90: 0 | D90: 1 | E90: 205 | F90: =ROUND(Source!S75,O90) -> 75239.76 | G90: ОЗП | H90: Основная ЗП рабочих | K90: 205 | L90: 14 | M90: 3 | O90: 2
A91: 50 | B91: 0 | C91: 0 | D91: 1 | E91: 232 | F91: =ROUND(Source!BC75,O91) -> 0 | G91: ОЗПсНРиСП | H91: Основная ЗП рабочих по ТСН-2001.16 | K91: 232 | L91: 15 | M91: 3 | O91: 2
A92: 50 | B92: 0 | C92: 0 | D92: 1 | E92: 214 | F92: =ROUND(Source!AS75,O92) -> 1775696.9 | G92: Строит | H92: Строительные работы с НР и СП | K92: 214 | L92: 16 | M92: 3 | O92: 2
A93: 50 | B93: 0 | C93: 0 | D93: 1 | E93: 215 | F93: =ROUND(Source!AT75,O93) -> 0 | G93: Монтаж | H93: Монтажные работы с НР и СП | K93: 215 | L93: 17 | M93: 3 | O93: 2
A94: 50 | B94: 0 | C94: 0 | D94: 1 | E94: 217 | F94: =ROUND(Source!AU75,O94) -> 0 | G94: Прочие | H94: Прочие работы с НР и СП | K94: 217 | L94: 18 | M94: 3 | O94: 2
A95: 50 | B95: 0 | C95: 0 | D95: 1 | E95: 230 | F95: =ROUND(Source!BA75,O95) -> 0 | G95: ПрочиеЗатр | H95: Прочие затраты по ТСН-2001.16 | K95: 230 | L95: 19 | M95: 3 | O95: 2
A96: 50 | B96: 0 | C96: 0 | D96: 1 | E96: 206 | F96: =ROUND(Source!T75,O96) -> 0 | G96: ВозврМат | H96: Возврат материалов | K96: 206 | L96: 20 | M96: 3 | O96: 2
A97: 50 | B97: 0 | C97: 0 | D97: 1 | E97: 207 | F97: =Source!U75 -> 1321.2654 | G97: ТрудСтр | H97: Трудозатраты строителей | K97: 207 | L97: 21 | M97: 3 | O97: -1
A98: 50 | B98: 0 | C98: 0 | D98: 1 | E98: 208 | F98: =Source!V75 -> 34.03035 | G98: ТрудМаш | H98: Трудозатраты машинистов | K98: 208 | L98: 22 | M98: 3 | O98: -1
A99: 50 | B99: 0 | C99: 0 | D99: 1 | E99: 209 | F99: =ROUND(Source!W75,O99) -> 0 | G99: ТранспМат | H99: Транспорт материалов | K99: 209 | L99: 23 | M99: 3 | O99: 2
A100: 50 | B100: 0 | C100: 0 | D100: 1 | E100: 210 | F100: =ROUND(Source!X75,O100) -> 78082.88 | G100: НР | H100: Накладные расходы | K100: 210 | L100: 24 | M100: 3 | O100: 2
A101: 50 | B101: 0 | C101: 0 | D101: 1 | E101: 211 | F101: =ROUND(Source!Y75,O101) -> 42663.93 | G101: СмПриб | H101: Сметная прибыль | K101: 211 | L101: 25 | M101: 3 | O101: 2
A102: 50 | B102: 0 | C102: 0 | D102: 1 | E102: 224 | F102: =ROUND(Source!AR75,O102) -> 1775696.9 | G102: Всего | H102: Всего с НР и СП | K102: 224 | L102: 26 | M102: 3 | O102: 2
A105: 70 | B105: 1 | D105: 1 | E105: СТР_РЕК | F105: СТРОИТЕЛЬСТВО и РЕКОНСТРУКЦИЯ зданий и сооружений всех назначений | G105: 0 | H105: 0 | J105: 1 | K105: 0 | N105: 0
A106: 70 | B106: 1 | D106: 2 | E106: РЕМ_ЖИЛ | F106: КАП. РЕМ. ЖИЛЫХ И ОБЩЕСТВЕННЫХ ЗДАНИЙ | G106: 1 | H106: 0 | J106: 1 | K106: 0 | N106: 0
A107: 70 | B107: 1 | D107: 3 | E107: РЕМ_ПР | F107: КАП. РЕМ. ПРОИЗВОДСТВЕННЫХ ЗД, и СООРУЖЕНИЙ, НАРУЖНЫХ ИНЖЕНЕРНЫХ СЕТЕЙ, УЛИЦ И ДОРОГ МЕСТНОГО ЗНАЧЕНИЯ, МОСТОВ И ПУТЕПРОВОДОВ | G107: 0 | H107: 0 | J107: 1 | K107: 0 | N107: 0
A108: 70 | B108: 1 | D108: 4 | E108: УПР | F108: {вкл} - УПРОЩЕННОЕ НАЛОГООБЛОЖЕНИЕ | G108: 0 | H108: 0 | I108: Для всех расценок. ( при применении упрощенной системы налогообложения) · {УПР} - ( вкл.) - при упрощенной системе ; к = 0,9 к СП ( к= 0,7 к НР отменен с 1.01.11) · {УПР} - ( выкл.) - при обычной системе налогообложения | J108: 0 | K108: 0 | N108: 0
A109: 70 | B109: 1 | D109: 5 | E109: ХОЗ | F109: {вкл} - ХОЗЯЙСТВЕННЫЙ СПОСОБ | G109: 0 | H109: 0 | I109: Для всех расценок. ( при хозяйственном способе производства работ): · {ХОЗ} - ( вкл.) - при хоз. способе (к=0,6 к НР ) · {ХОЗ} - ( выкл.) - при обычном способе производства работ | J109: 0 | K109: 0 | N109: 0
A110: 70 | B110: 1 | D110: 6 | E110: СЛЖ | F110: {вкл} - При РЕКОНСТРУКЦИИ сложных объектов, РЕКОНСТРУКЦИИ и КАП. РЕМОНТЕ объектов с дейст. яд. реакторами | G110: 0 | H110: 0 | I110: Для сборников ФЕР ( при производстве работ на технически сложных объектах ): · { СЛЖ } - (вкл.) - работа на сложных объектах (к=1,2 к НР) · { СЛЖ } - (выкл.) - работа на обычных объектах | J110: 0 | K110: 0 | N110: 0
A111: 70 | B111: 1 | D111: 7 | E111: М/Т/Я | F111: Работы по строительству мостов, тоннелей, метрополитенов, атомных станций, объектов с ядерным топливом и радиокативными отходами ( письмо Госстроя РФ № 2536-ИП/12/ГС от 27.11.12), коэффициенты к НР =0,85 и к СП-0,8 не назначаются | G111: 0 | H111: 0 | J111: 0 | K111: 0 | N111: 0
A112: 70 | B112: 1 | D112: 8 | E112: ОПТ/В | F112: {вкл} - Прокладка МЕЖДУГОРОДНИХ ВОЛОКОННО-ОПТИЧЕСКИХ ЛИНИЙ (для ФЕРм10, отд. 6 разд.3) {выкл} - Прокладка ГОРОДСКИХ ВОЛОКОННО-ОПТИТЕСКИХ ЛИНИЙ (для ФЕРм10, отд. 6 разд.3) | G112: 0 | H112: 0 | I112: Для сборников ФЕРм-10 ( волоконно-оптические линии связи ): · {М_ГОР_опт} - ( вкл.) - междугородные сети связи ( НР=120% , СП=70% ) · {М_ГОР_опт} - ( выкл.) - городские сети связи ( НР=100%; СП=65%) | J112: 0 | K112: 0 | N112: 0
A113: 70 | B113: 1 | D113: 9 | E113: ЗАКР | F113: {вкл} - Обслуживающие и сопутстующие работы в тоннелях при производве работ ЗАКРЫТЫМ СПОСОБОМ {выкл} - Обслуживающие и сопутстующие работы в тоннелях при производве работ ОТКРЫТЫМ (ФЕР-29, разд.04 ) | G113: 0 | H113: 0 | I113: Для сборника ФЕР -29 ( сопутствующие работы в тоннелях и метро. ): · {ЗАКР} - (вкл.) - при выполнении работ в тоннелях и метро закрытым способом (НР=145% , СП=75%); · {ЗАКР} - (выкл.) - при выполнении работ в тоннелях и метро отк | J113: 0 | K113: 0 | N113: 0
A114: 70 | B114: 1 | D114: 10 | E114: АВИ | F114: (вкл) - При работах по ДИСПЕТЧЕРЕЗАЦИИ управления движением АВИАТРАНСПОРТОМ {вкл} (монтажные работы ) | G114: 0 | H114: 0 | I114: Для сборников ФЕРм 08;10;11 : · {мАВИА} - (вкл.) - производство монтажных работы по диспетчеризации управления движением авиатранспортном (НР=95%, СП=55%) ; · {мАВИА} - (выкл. ) - при производстве работ на прочих объектах , кром | J114: 0 | K114: 0 | N114: 0
A115: 70 | B115: 1 | D115: 11 | E115: АЭС | F115: (вкл) - Производство эл./монт. работ на АЭС ( ФЕРм -08 , отдел 01-03 ), и контроль свар. швов на АЭС {вкл} (ФЕРм-39, отд. 02 и 03 ) (вык) - Произовдство эл./монт. работ и и контроль свар. швов на ОБЫЧНЫХ СООРУЖ, | G115: 0 | H115: 0 | I115: Для сборника ФЕРм -39 и ФЕРМ-08 ( при работах по контролю сварных соединений) : {мАЭС} - ( вкл.) - при выполнении работ по на АЭС (HР=101%; СП= 68%; {мАЭС} - (выкл.) - при выполнении работ на обычных объектах | J115: 0 | K115: 0 | N115: 0
A116: 70 | B116: 1 | D116: 12 | E116: Инд_исп.Сводный | F116: Используется Индекс "по сводному" | G116: 0 | H116: 0 | J116: 0 | K116: 0 | N116: 0
A117: 70 | B117: 1 | D117: 1 | E117: К_НР_РЕМ | F117: при ремонте жилых и общественных зданий если ( если {РЕМ_ЖИЛ}= [вкл.] | G117: 0.9 | H117: 1 | I117: Для сборников ФЕР и ФЕРмр : · Значение {_МДСрем_НР}= 0,90 - при ремонте зданий жилого и гражданского назначений ( 0,90 к НР) ; · Значение {_МДСрем_НР}= 1,00 - при строительстве и реконструкции объектов всех назначений | J117: 0 | K117: 0 | N117: 0
A118: 70 | B118: 1 | D118: 2 | E118: К_СП_РЕМ | F118: к нормам СП при капитальном ремонте зданий и сооружений всех назначений ( если или {РЕМ_ЖИЛ}=[вкл] , или (РЕМ_ПР}=[вкл] ) | G118: 0.85 | H118: 1 | I118: Для сборников ФЕР и ФЕРмр : · Значение {_МДСрем_СП} = 0.85 - при ремонте зданий всех назначений ( 0,85 к СП); · Значение {_МДСрем_СП} = 1,00 - при строительстве и реконструкции объектов всех назначений | J118: 0 | K118: 0 | N118: 0
A119: 70 | B119: 1 | D119: 3 | E119: К_НР_05 | F119: К нормам НР с 1.01.2005 по 1.01.2011 | G119: 1 | H119: 0.85 | I119: Для норм НР с 1.01.2011 года: · {_ТЕК_НР} = 0.85 - Коэффициент учитывающий изменение нормы страховых взносов с 1.01.1 - (при расчете в текущем уровне цен индексами по статьям затрат ) · {_ТЕК_НР} = 1,00 - при расчет в текущем уровне цен и при уп | J119: 0 | K119: 0 | N119: 0
A120: 70 | B120: 1 | D120: 4 | E120: К_НР_11 | F120: Коэфф. к НР для текущего уровня цен с 01.01.2011 при обычном и упрощенном налогообложении при постатейной индексации | G120: 1 | H120: 0 | J120: 0 | K120: 0 | N120: 0
A121: 70 | B121: 1 | D121: 5 | E121: К_СП_11 | F121: Коэф. к СП в текущем уровне цен с 01.01.2011 | G121: 1 | H121: 0.8 | I121: Для норм СП с 1.01.2011 года: · {_ТЕК_СП} = 0.80 - Коэффициент учитывающий изменение нормы страховых взносов с 1.01.11 - (при расчете в текущем уровне цен индексами по статьям затрат ) · {_ТЕК_СП} = 1,00 - без учета | J121: 0 | K121: 0 | N121: 0
A122: 70 | B122: 1 | D122: 6 | E122: К_НР_12 | F122: Корректировка НР с 03.12.12 если (М/Т/Я) = {выкл.} | G122: 0.85 | H122: 0 | J122: 0 | K122: 0 | N122: 0
A123: 70 | B123: 1 | D123: 7 | E123: К_СП_12 | F123: Корректировка СП с 03.12.12 в текущем уровне цен по письму 2536-ИП/12/ГС от 27.11.12 ( если (М/Т/Я) = {выкл.} ) | G123: 0.8 | H123: 0 | J123: 0 | K123: 0 | N123: 0
...

Sheet SourceObSm
A1: 0 | B1: Smeta.RU (495) 974-1589 | D1: _OBSM_ | F1: 0 | G1: 0 | H1: 0 | I1: Smeta.RU | K1: 0 | L1: 13277 | M1: 10
A12: 1 | B12: 50 | C12: 0 | E12: 0 | F12: Новый объект | G12: на капитальный ремонт оконных проёмов с заменой деревянных оконных блоков на оконные блоки в помещениях №1,№2,№22,№24,№25,№26 1 этажа,№10,№11,№13,№14,№15 2 этажа,№3,№4,№5,№6,№7 3 этажа,4 этажа№3,№4,№5,№6,№7 4 этажа в здании учебного корпуса Уральского технологического колледжа -филиала НИЯУ МИФИ (УрТК НИЯУ МИФИ) по адресу: 624250,Свердловская обл.,г.Заречный,ул.Ленина,д.27 | I12: 0 | K12: 0 | O12: 0 | P12: 0 | Q12: 0 | R12: 0 | V12: 0 | BH12: Сметные нормы списания | BI12: Коды ценников | BJ12: 1 | BK12: 1 | BL12: 0 | BM12: 0 | BN12: 1 | BO12: 0 | BP12: 2 | BQ12: 2 | BR12: 1 | BS12: 1 | BT12: 0 | BU12: 0 | BV12: 0 | BW12: 0 | BX12: 0 | BY12: ФЕР-2017 | BZ12: ТР для Версии 10: Центральные регионы (с учетом п-ма 2536-ИП/12/ГС от 22.03.2017 г | CA12: ФЕР-2017 | CB12: ФЕР-2017 | CC12: ФЕР-2017 | CD12: ФЕР-2017 | CE12: Поправки для ГСН 2017 от 31.03.2017 г | CF12: 0 | CG12: 0 | CH12: 8 | CK12: 4 | EC12: 0
A14: 22 | B14: 0 | C14: 0 | D14: 39107596 | E14: 0 | F14: 3
A16: 3 | B16: 1 | C16: Новая локальная смета | D16: Новая локальная смета | E16: =(Source!F60)/1000 -> 1775.697 | F16: =(Source!F61)/1000 -> 0 | G16: =(Source!F52)/1000 -> 0 | H16: =(Source!F62)/1000+(Source!F63)/1000 -> 0 | I16: =E16+F16+G16+H16 -> 1775.697 | J16: =(Source!F58)/1000 -> 75.23976 | AI16: 0 | AJ16: 0 | AN16: 0 | AT16: 1654950.1 | AU16: 1569827.5 | AV16: 0 | AW16: 0 | AX16: 0 | AY16: 9882.88 | AZ16: 2879.44 | BA16: 75239.76 | BB16: 1775696.9 | BC16: 0 | BD16: 0 | BE16: 0 | BF16: 1321.2654 | BG16: 34.03035 | BH16: 0 | BI16: 78082.88 | BJ16: 42663.93 | BK16: 1775696.9
A18: 51 | E18: =SUMIF(A16:A17,3,E16:E17) -> 1775.697 | F18: =SUMIF(A16:A17,3,F16:F17) -> 0 | G18: =SUMIF(A16:A17,3,G16:G17) -> 0 | H18: =SUMIF(A16:A17,3,H16:H17) -> 0 | I18: =SUMIF(A16:A17,3,I16:I17) -> 1775.697 | J18: =SUMIF(A16:A17,3,J16:J17) -> 75.23976
A20: 50 | B20: 0 | C20: 0 | D20: 1 | E20: 201 | F20: 1654950.1 | G20: ПЗ | H20: Прямые затраты | K20: 201 | L20: 1 | M20: 3 | O20: 2
A21: 50 | B21: 0 | C21: 0 | D21: 1 | E21: 202 | F21: 1569827.5 | G21: СтМатОб | H21: Стоимость материальных ресурсов (всего) | K21: 202 | L21: 2 | M21: 3 | O21: 2
A22: 50 | B22: 0 | C22: 0 | D22: 1 | E22: 222 | F22: 0 | G22: СтМатОбЗак | H22: Стоимость материалов и оборудования заказчика | K22: 222 | L22: 3 | M22: 3 | O22: 2
A23: 50 | B23: 0 | C23: 0 | D23: 1 | E23: 225 | F23: 1569827.5 | G23: СтМатОбПод | H23: Стоимость материалов и оборудования подрядчика | K23: 225 | L23: 4 | M23: 3 | O23: 2
A24: 50 | B24: 0 | C24: 0 | D24: 1 | E24: 226 | F24: 1569827.5 | G24: СтМат | H24: Стоимость материалов (всего) | K24: 226 | L24: 5 | M24: 3 | O24: 2
A25: 50 | B25: 0 | C25: 0 | D25: 1 | E25: 227 | F25: 0 | G25: СтМатЗак | H25: Стоимость материалов заказчика | K25: 227 | L25: 6 | M25: 3 | O25: 2
A26: 50 | B26: 0 | C26: 0 | D26: 1 | E26: 228 | F26: 1569827.5 | G26: СтМатПод | H26: Стоимость материалов подрядчика | K26: 228 | L26: 7 | M26: 3 | O26: 2
A27: 50 | B27: 0 | C27: 0 | D27: 1 | E27: 216 | F27: 0 | G27: Оборуд | H27: Стоимость оборудования (всего) | K27: 216 | L27: 8 | M27: 3 | O27: 2
A28: 50 | B28: 0 | C28: 0 | D28: 1 | E28: 223 | F28: 0 | G28: ОборудЗак | H28: Стоимость оборудования заказчика | K28: 223 | L28: 9 | M28: 3 | O28: 2
A29: 50 | B29: 0 | C29: 0 | D29: 1 | E29: 229 | F29: 0 | G29: ОборудПод | H29: Стоимость оборудования подрядчика | K29: 229 | L29: 10 | M29: 3 | O29: 2
A30: 50 | B30: 0 | C30: 0 | D30: 1 | E30: 203 | F30: 9882.88 | G30: ЭММ | H30: Эксплуатация машин | K30: 203 | L30: 11 | M30: 3 | O30: 2
A31: 50 | B31: 0 | C31: 0 | D31: 1 | E31: 231 | F31: 0 | G31: ЭММсНРиСП | H31: Эксплуатация машин по ТСН-2001.16 | K31: 231 | L31: 12 | M31: 3 | O31: 2
... A45: 50 | B45: 0 | C45: 0 | D45: 1 | E45: 224 | F45: 1775696.9 | G45: Всего | H45: Всего с НР и СП | K45: 224 | L45: 26 | M45: 3 | O45: 2
A47: -1
A50: 75 | B50: Уровень цен | C50: 2017 | D50: 4 | E50: 0 | F50: 0 | G50: 0 | H50: 1 | I50: 0 | J50: 1 | K50: 0 | L50: 0 | M50: 0 | N50: 39107596 | O50: 1
A51: 3 | B51: Индексы за итогом | C51: 6.61 | D51: 1 | E51: 1 | F51: 1 | G51: 1 | H51: 1 | I51: 1 | J51: 1 | K51: 1 | L51: 1 | M51: 6.61 | N51: 1 | O51: 1 | P51: 1 | Q51: 1 | R51: 1

Sheet SmtRes
A1: =ROW(Source!A24) -> 24 | B1: 39107596 | C1: 39107613 | D1: 37068148 | E1: 1 | F1: 1 | G1: 1 | H1: 1 | I1: 1-100-24 | K1: Рабочий среднего разряда 2.4 | L1: 1191 | N1: 1013 | O1: чел.-ч. | P1: чел.-ч. | Q1: 1 | W1: 0 | X1: 371339561 | Y1: 188.54 | AA1: 0 | AB1: 0 | AC1: 0 | AD1: 53.47 | AE1: 0 | AF1: 0 | AG1: 0 | AH1: 8.09 | AI1: 1 | AJ1: 1 | AK1: 1 | AL1: 6.61 | AN1: 0 | AO1: 1 | AP1: 0 | AQ1: 0 | AR1: 0 | AT1: 188.54 | AV1: 1 | AW1: 2 | AX1: 39107614 | AY1: 1 | AZ1: 0 | BA1: 1 | BB1: 0 | BC1: 0 | BD1: 0 | BE1: 0 | BF1: 0 | BG1: 0 | BH1: 0 | BI1: 0 | BJ1: 0 | BK1: 0 | BL1: 0 | BM1: 0 | BN1: 0 | BO1: 0 | BP1: 0 | BQ1: 0 | BR1: 0 | BS1: 0 | BT1: 0 | BU1: 0 | BV1: 0 | BW1: 0 | CX1: =Y1*Source!I24 -> 465.22245 | CY1: =AD1 -> 53.47 | CZ1: =AH1 -> 8.09 | DA1: =AL1 -> 6.61 | DB1: 0
A2: =ROW(Source!A24) -> 24 | B2: 39107596 | C2: 39107613 | D2: 37064876 | E2: 1 | F2: 1 | G2: 1 | H2: 1 | I2: 4-100-00 | K2: Затраты труда машинистов | L2: 1191 | N2: 1013 | O2: чел.-ч. | P2: чел.-ч. | Q2: 1 | W2: 0 | X2: -1417349443 | Y2: 7.74 | AA2: 0 | AB2: 0 | AC2: 0 | AD2: 0 | AE2: 0 | AF2: 0 | AG2: 0 | AH2: 0 | AI2: 1 | AJ2: 1 | AK2: 6.61 | AL2: 1 | AN2: 0 | AO2: 1 | AP2: 0 | AQ2: 0 | AR2: 0 | AT2: 7.74 | AV2: 2 | AW2: 2 | AX2: 39107615 | AY2: 1 | AZ2: 0 | BA2: 2 | BB2: 0 | BC2: 0 | BD2: 0 | BE2: 0 | BF2: 0 | BG2: 0 | BH2: 0 | BI2: 0 | BJ2: 0 | BK2: 0 | BL2: 0 | BM2: 0 | BN2: 0 | BO2: 0 | BP2: 0 | BQ2: 0 | BR2: 0 | BS2: 0 | BT2: 0 | BU2: 0 | BV2: 0 | BW2: 0 | CX2: =Y2*Source!I24 -> 19.09845 | CY2: =AD2 -> 0 | CZ2: =AH2 -> 0 | DA2: =AL2 -> 1 | DB2: 0
A3: =ROW(Source!A24) -> 24 | B3: 39107596 | C3: 39107613 | D3: 36882452 | E3: 1 | F3: 1 | G3: 1 | H3: 2 | I3: 91.06.06-048 | J3: ФСЭМ-2001, 91.06.06-048, приказ Минстроя России №1039/пр от 30.12.2016г. | K3: Подъемники одномачтовые, грузоподъемность до 500 кг, высота подъема 45 м | L3: 1368 | N3: 1011 | O3: маш.-ч | P3: маш.-ч | Q3: 1 | W3: 0 | X3: 1188625873 | Y3: 7.74 | AA3: 0 | AB3: 206.63 | AC3: 13.5 | AD3: 0 | AE3: 0 | AF3: 31.26 | AG3: 13.5 | AH3: 0 | AI3: 1 | AJ3: 6.61 | AK3: 1 | AL3: 1 | AN3: 0 | AO3: 1 | AP3: 0 | AQ3: 0 | AR3: 0 | AT3: 7.74 | AV3: 0 | AW3: 2 | AX3: 39107616 | AY3: 1 | AZ3: 0 | BA3: 3 | BB3: 0 | BC3: 0 | BD3: 0 | BE3: 0 | BF3: 0 | BG3: 0 | BH3: 0 | BI3: 0 | BJ3: 0 | BK3: 0 | BL3: 0 | BM3: 0 | BN3: 0 | BO3: 0 | BP3: 0 | BQ3: 0 | BR3: 0 | BS3: 0 | BT3: 0 | BU3: 0 | BV3: 0 | BW3: 0 | CX3: =Y3*Source!I24 -> 19.09845 | CY3: =AB3 -> 206.63 | CZ3: =AF3 -> 31.26 | DA3: =AJ3 -> 6.61 | DB3: 0
A4: =ROW(Source!A25) -> 25 | B4: 39107596 | C4: 39107617 | D4: 37070495 | E4: 1 | F4: 1 | G4: 1 | H4: 1 | I4: 1-100-32 | K4: Рабочий среднего разряда 3.2 | L4: 1191 | N4: 1013 | O4: чел.-ч. | P4: чел.-ч. | Q4: 1 | W4: 0 | X4: -784637506 | Y4: 171.534 | AA4: 0 | AB4: 0 | AC4: 0 | AD4: 57.77 | AE4: 0 | AF4: 0 | AG4: 0 | AH4: 8.74 | AI4: 1 | AJ4: 1 | AK4: 1 | AL4: 6.61 | AN4: 0 | AO4: 1 | AP4: 1 | AQ4: 0 | AR4: 0 | AT4: 149.16 | AU4: )*1,15 | AV4: 1 | AW4: 2 | AX4: 39107618 | AY4: 1 | AZ4: 0 | BA4: 4 | BB4: 0 | BC4: 0 | BD4: 0 | BE4: 0 | BF4: 0 | BG4: 0 | BH4: 0 | BI4: 0 | BJ4: 0 | BK4: 0 | BL4: 0 | BM4: 0 | BN4: 0 | BO4: 0 | BP4: 0 | BQ4: 0 | BR4: 0 | BS4: 0 | BT4: 0 | BU4: 0 | BV4: 0 | BW4: 0 | CX4: =Y4*Source!I25 -> 423.26014 | CY4: =AD4 -> 57.77 | CZ4: =AH4 -> 8.74 | DA4: =AL4 -> 6.61 | DB4: 0
A5: =ROW(Source!A25) -> 25 | B5: 39107596 | C5: 39107617 | D5: 37064876 | E5: 1 | F5: 1 | G5: 1 | H5: 1 | I5: 4-100-00 | K5: Затраты труда машинистов | L5: 1191 | N5: 1013 | O5: чел.-ч. | P5: чел.-ч. | Q5: 1 | W5: 0 | X5: -1417349443 | Y5: 4.23 | AA5: 0 | AB5: 0 | AC5: 0 | AD5: 0 | AE5: 0 | AF5: 0 | AG5: 0 | AH5: 0 | AI5: 1 | AJ5: 1 | AK5: 6.61 | AL5: 1 | AN5: 0 | AO5: 1 | AP5: 0 | AQ5: 0 | AR5: 0 | AT5: 4.23 | AV5: 2 | AW5: 2 | AX5: 39107619 | AY5: 1 | AZ5: 2048 | BA5: 5 | BB5: 0 | BC5: 0 | BD5: 0 | BE5: 0 | BF5: 0 | BG5: 0 | BH5: 0 | BI5: 0 | BJ5: 0 | BK5: 0 | BL5: 0 | BM5: 0 | BN5: 0 | BO5: 0 | BP5: 0 | BQ5: 0 | BR5: 0 | BS5: 0 | BT5: 0 | BU5: 0 | BV5: 0 | BW5: 0 | CX5: =Y5*Source!I25 -> 10.437525 | CY5: =AD5 -> 0 | CZ5: =AH5 -> 0 | DA5: =AL5 -> 1 | DB5: 0
A6: =ROW(Source!A25) -> 25 | B6: 39107596 | C6: 39107617 | D6: 36882452 | E6: 1 | F6: 1 | G6: 1 | H6: 2 | I6: 91.06.06-048 | J6: ФСЭМ-2001, 91.06.06-048, приказ Минстроя России №1039/пр от 30.12.2016г. | K6: Подъемники одномачтовые, грузоподъемность до 500 кг, высота подъема 45 м | L6: 1368 | N6: 1011 | O6: маш.-ч | P6: маш.-ч | Q6: 1 | W6: 0 | X6: 1188625873 | Y6: 0.825 | AA6: 0 | AB6: 206.63 | AC6: 13.5 | AD6: 0 | AE6: 0 | AF6: 31.26 | AG6: 13.5 | AH6: 0 | AI6: 1 | AJ6: 6.61 | AK6: 1 | AL6: 1 | AN6: 0 | AO6: 1 | AP6: 1 | AQ6: 0 | AR6: 0 | AT6: 0.66 | AU6: )*1,25 | AV6: 0 | AW6: 2 | AX6: 39107620 | AY6: 1 | AZ6: 0 | BA6: 6 | BB6: 0 | BC6: 0 | BD6: 0 | BE6: 0 | BF6: 0 | BG6: 0 | BH6: 0 | BI6: 0 | BJ6: 0 | BK6: 0 | BL6: 0 | BM6: 0 | BN6: 0 | BO6: 0 | BP6: 0 | BQ6: 0 | BR6: 0 | BS6: 0 | BT6: 0 | BU6: 0 | BV6: 0 | BW6: 0 | CX6: =Y6*Source!I25 -> 2.0356875 | CY6: =AB6 -> 206.63 | CZ6: =AF6 -> 31.26 | DA6: =AJ6 -> 6.61 | DB6: 0
A7: =ROW(Source!A25) -> 25 | B7: 39107596 | C7: 39107617 | D7: 36883554 | E7: 1 | F7: 1 | G7: 1 | H7: 2 | I7: 91.14.02-001 | J7: ФСЭМ-2001, 91.14.02-001, приказ Минстроя России №1039/пр от 30.12.2016г. | K7: Автомобили бортовые, грузоподъемность до 5 т | L7: 1368 | N7: 1011 | O7: маш.-ч | P7: маш.-ч | Q7: 1 | W7: 0 | X7: 1372534845 | Y7: 4.4625 | AA7: 0 | AB7: 434.34 | AC7: 11.6 | AD7: 0 | AE7: 0 | AF7: 65.71 | AG7: 11.6 | AH7: 0 | AI7: 1 | AJ7: 6.61 | AK7: 1 | AL7: 1 | AN7: 0 | AO7: 1 | AP7: 1 | AQ7: 0 | AR7: 0 | AT7: 3.57 | AU7: )*1,25 | AV7: 0 | AW7: 2 | AX7: 39107621 | AY7: 1 | AZ7: 0 | BA7: 7 | BB7: 0 | BC7: 0 | BD7: 0 | BE7: 0 | BF7: 0 | BG7: 0 | BH7: 0 | BI7: 0 | BJ7: 0 | BK7: 0 | BL7: 0 | BM7: 0 | BN7: 0 | BO7: 0 | BP7: 0 | BQ7: 0 | BR7: 0 | BS7: 0 | BT7: 0 | BU7: 0 | BV7: 0 | BW7: 0 | CX7: =Y7*Source!I25 -> 11.011219 | CY7: =AB7 -> 434.34 | CZ7: =AF7 -> 65.71 | DA7: =AJ7 -> 6.61 | DB7: 0
A8: =ROW(Source!A25) -> 25 | B8: 39107596 | C8: 39107617 | D8: 36802057 | E8: 1 | F8: 1 | G8: 1 | H8: 3 | I8: 01.7.06.02-0001 | J8: ФССЦ-2001, 01.7.06.02-0001, приказ Минстроя России №1039/пр от 30.12.2016г. | K8: Лента бутиловая | L8: 1301 | N8: 1003 | O8: м | P8: м | Q8: 1 | W8: 0 | X8: 751777312 | Y8: 253 | AA8: 42.17 | AB8: 0 | AC8: 0 | AD8: 0 | AE8: 6.38 | AF8: 0 | AG8: 0 | AH8: 0 | AI8: 6.61 | AJ8: 1 | AK8: 1 | AL8: 1 | AN8: 0 | AO8: 1 | AP8: 0 | AQ8: 0 | AR8: 0 | AT8: 253 | AV8: 0 | AW8: 2 | AX8: 39107622 | AY8: 1 | AZ8: 0 | BA8: 8 | BB8: 0 | BC8: 0 | BD8: 0 | BE8: 0 | BF8: 0 | BG8: 0 | BH8: 0 | BI8: 0 | BJ8: 0 | BK8: 0 | BL8: 0 | BM8: 0 | BN8: 0 | BO8: 0 | BP8: 0 | BQ8: 0 | BR8: 0 | BS8: 0 | BT8: 0 | BU8: 0 | BV8: 0 | BW8: 0 | CX8: =Y8*Source!I25 -> 624.2775 | CY8: =AA8 -> 42.17 | CZ8: =AE8 -> 6.38 | DA8: =AI8 -> 6.61 | DB8: 0
A9: =ROW(Source!A25) -> 25 | B9: 39107596 | C9: 39107617 | D9: 36802058 | E9: 1 | F9: 1 | G9: 1 | H9: 3 | I9: 01.7.06.02-0002 | J9: ФССЦ-2001, 01.7.06.02-0002, приказ Минстроя России №1039/пр от 30.12.2016г. | K9: Лента бутиловая диффузионная | L9: 1301 | N9: 1003 | O9: м | P9: м | Q9: 1 | W9: 0 | X9: 1744203244 | Y9: 59 | AA9: 52.55 | AB9: 0 | AC9: 0 | AD9: 0 | AE9: 7.95 | AF9: 0 | AG9: 0 | AH9: 0 | AI9: 6.61 | AJ9: 1 | AK9: 1 | AL9: 1 | AN9: 0 | AO9: 1 | AP9: 0 | AQ9: 0 | AR9: 0 | AT9: 59 | AV9: 0 | AW9: 2 | AX9: 39107623 | AY9: 1 | AZ9: 0 | BA9: 9 | BB9: 0 | BC9: 0 | BD9: 0 | BE9: 0 | BF9: 0 | BG9: 0 | BH9: 0 | BI9: 0 | BJ9: 0 | BK9: 0 | BL9: 0 | BM9: 0 | BN9: 0 | BO9: 0 | BP9: 0 | BQ9: 0 | BR9: 0 | BS9: 0 | BT9: 0 | BU9: 0 | BV9: 0 | BW9: 0 | CX9: =Y9*Source!I25 -> 145.5825 | CY9: =AA9 -> 52.55 | CZ9: =AE9 -> 7.95 | DA9: =AI9 -> 6.61 | DB9: 0
A10: =ROW(Source!A25) -> 25 | B10: 39107596 | C10: 39107617 | D10: 36802146 | E10: 1 | F10: 1 | G10: 1 | H10: 3 | I10: 01.7.06.11-0001 | J10: ФССЦ-2001, 01.7.06.11-0001, приказ Минстроя России №1039/пр от 30.12.2016г. | K10: Лента ПСУЛ | L10: 1302 | N10: 1003 | O10: 10 м | P10: 10 м | Q10: 10 | W10: 0 | X10: -405326455 | Y10: 15.9 | AA10: 423.7 | AB10: 0 | AC10: 0 | AD10: 0 | AE10: 64.1 | AF10: 0 | AG10: 0 | AH10: 0 | AI10: 6.61 | AJ10: 1 | AK10: 1 | AL10: 1 | AN10: 0 | AO10: 1 | AP10: 0 | AQ10: 0 | AR10: 0 | AT10: 15.9 | AV10: 0 | AW10: 2 | AX10: 39107624 | AY10: 1 | AZ10: 0 | BA10: 10 | BB10: 0 | BC10: 0 | BD10: 0 | BE10: 0 | BF10: 0 | BG10: 0 | BH10: 0 | BI10: 0 | BJ10: 0 | BK10: 0 | BL10: 0 | BM10: 0 | BN10: 0 | BO10: 0 | BP10: 0 | BQ10: 0 | BR10: 0 | BS10: 0 | BT10: 0 | BU10: 0 | BV10: 0 | BW10: 0 | CX10: =Y10*Source!I25 -> 39.23325 | CY10: =AA10 -> 423.7 | CZ10: =AE10 -> 64.1 | DA10: =AI10 -> 6.61 | DB10: 0
A11: =ROW(Source!A25) -> 25 | B11: 39107596 | C11: 39107617 | D11: 36804571 | E11: 1 | F11: 1 | G11: 1 | H11: 3 | I11: 01.7.15.07-0005 | J11: ФССЦ-2001, 01.7.15.07-0005, приказ Минстроя России №1039/пр от 30.12.2016г. | K11: Дюбели монтажные 10х130 (10х132, 10х150) мм | L11: 1358 | N11: 1010 | O11: 10 шт. | P11: 10 шт. | Q11: 10 | W11: 0 | X11: -858120743 | Y11: 41.2 | AA11: 46.47 | AB11: 0 | AC11: 0 | AD11: 0 | AE11: 7.03 | AF11: 0 | AG11: 0 | AH11: 0 | AI11: 6.61 | AJ11: 1 | AK11: 1 | AL11: 1 | AN11: 0 | AO11: 1 | AP11: 0 | AQ11: 0 | AR11: 0 | AT11: 41.2 | AV11: 0 | AW11: 2 | AX11: 39107625 | AY11: 1 | AZ11: 0 | BA11: 11 | BB11: 0 | BC11: 0 | BD11: 0 | BE11: 0 | BF11: 0 | BG11: 0 | BH11: 0 | BI11: 0 | BJ11: 0 | BK11: 0 | BL11: 0 | BM11: 0 | BN11: 0 | BO11: 0 | BP11: 0 | BQ11: 0 | BR11: 0 | BS11: 0 | BT11: 0 | BU11: 0 | BV11: 0 | BW11: 0 | CX11: =Y11*Source!I25 -> 101.661 | CY11: =AA11 -> 46.47 | CZ11: =AE11 -> 7.03 | DA11: =AI11 -> 6.61 | DB11: 0
A12: =ROW(Source!A25) -> 25 | B12: 39107596 | C12: 39107617 | D12: 36796973 | E12: 17 | F12: 1 | G12: 1 | H12: 3 | I12: 11.3.02.03 | K12: Блоки оконные пластиковые | L12: 1327 | N12: 1005 | O12: м2 | P12: м2 | Q12: 1 | W12: 0 | X12: 1219964505 | Y12: 100 | AA12: 0 | AB12: 0 | AC12: 0 | AD12: 0 | AE12: 0 | AF12: 0 | AG12: 0 | AH12: 0 | AI12: 6.61 | AJ12: 1 | AK12: 1 | AL12: 1 | AN12: 0 | AO12: 0 | AP12: 0 | AQ12: 0 | AR12: 0 | AT12: 100 | AV12: 0 | AW12: 2 | AX12: 39107626 | AY12: 1 | AZ12: 0 | BA12: 12 | BB12: 0 | BC12: 0 | BD12: 0 | BE12: 0 | BF12: 0 | BG12: 0 | BH12: 0 | BI12: 0 | BJ12: 0 | BK12: 0 | BL12: 0 | BM12: 0 | BN12: 0 | BO12: 0 | BP12: 0 | BQ12: 0 | BR12: 0 | BS12: 0 | BT12: 0 | BU12: 0 | BV12: 0 | BW12: 0 | CX12: =Y12*Source!I25 -> 246.75 | CY12: =AA12 -> 0 | CZ12: =AE12 -> 0 | DA12: =AI12 -> 6.61 | DB12: 0
A13: =ROW(Source!A25) -> 25 | B13: 39107596 | C13: 39107617 | D13: 36832273 | E13: 1 | F13: 1 | G13: 1 | H13: 3 | I13: 11.3.03.15-0021 | J13: ФССЦ-2001, 11.3.03.15-0021, приказ Минстроя России №1039/пр от 30.12.2016г. | K13: Клинья пластиковые монтажные | L13: 1355 | N13: 1010 | O13: 100 шт. | P13: 100 шт. | Q13: 100 | W13: 0 | X13: 1709713925 | Y13: 8 | AA13: 330.5 | AB13: 0 | AC13: 0 | AD13: 0 | AE13: 50 | AF13: 0 | AG13: 0 | AH13: 0 | AI13: 6.61 | AJ13: 1 | AK13: 1 | AL13: 1 | AN13: 0 | AO13: 1 | AP13: 0 | AQ13: 0 | AR13: 0 | AT13: 8 | AV13: 0 | AW13: 2 | AX13: 39107627 | AY13: 1 | AZ13: 0 | BA13: 13 | BB13: 0 | BC13: 0 | BD13: 0 | BE13: 0 | BF13: 0 | BG13: 0 | BH13: 0 | BI13: 0 | BJ13: 0 | BK13: 0 | BL13: 0 | BM13: 0 | BN13: 0 | BO13: 0 | BP13: 0 | BQ13: 0 | BR13: 0 | BS13: 0 | BT13: 0 | BU13: 0 | BV13: 0 | BW13: 0 | CX13: =Y13*Source!I25 -> 19.74 | CY13: =AA13 -> 330.5 | CZ13: =AE13 -> 50 | DA13: =AI13 -> 6.61 | DB13: 0
A14: =ROW(Source!A25) -> 25 | B14: 39107596 | C14: 39107617 | D14: 36838722 | E14: 1 | F14: 1 | G14: 1 | H14: 3 | I14: 14.5.01.05-0001 | J14: ФССЦ-2001, 14.5.01.05-0001, приказ Минстроя России №1039/пр от 30.12.2016г. | K14: Герметик пенополиуретановый (пена монтажная) типа Makrofleks, Soudal в баллонах по 750 мл | L14: 1354 | N14: 1010 | O14: шт. | P14: шт. | Q14: 1 | W14: 0 | X14: -1018551266 | Y14: 71 | AA14: 442.87 | AB14: 0 | AC14: 0 | AD14: 0 | AE14: 67 | AF14: 0 | AG14: 0 | AH14: 0 | AI14: 6.61 | AJ14: 1 | AK14: 1 | AL14: 1 | AN14: 0 | AO14: 1 | AP14: 0 | AQ14: 0 | AR14: 0 | AT14: 71 | AV14: 0 | AW14: 2 | AX14: 39107628 | AY14: 1 | AZ14: 0 | BA14: 14 | BB14: 0 | BC14: 0 | BD14: 0 | BE14: 0 | BF14: 0 | BG14: 0 | BH14: 0 | BI14: 0 | BJ14: 0 | BK14: 0 | BL14: 0 | BM14: 0 | BN14: 0 | BO14: 0 | BP14: 0 | BQ14: 0 | BR14: 0 | BS14: 0 | BT14: 0 | BU14: 0 | BV14: 0 | BW14: 0 | CX14: =Y14*Source!I25 -> 175.1925 | CY14: =AA14 -> 442.87 | CZ14: =AE14 -> 67 | DA14: =AI14 -> 6.61 | DB14: 0
A15: =ROW(Source!A25) -> 25 | B15: 39107596 | C15: 39107617 | D15: 0 | E15: 0 | F15: 1 | G15: 1 | H15: 3 | I15: Средняя коммерческая цена | K15: Оконный блок из ПВХ 2500х2100мм | L15: 1327 | N15: 1005 | O15: м2 | P15: м2 | Q15: 1 | W15: 0 | X15: 1819601786 | Y15: 100 | AA15: 3995.75 | AB15: 0 | AC15: 0 | AD15: 0 | AE15: 604.5 | AF15: 0 | AG15: 0 | AH15: 0 | AI15: 6.61 | AJ15: 1 | AK15: 1 | AL15: 1 | AN15: 0 | AO15: 0 | AP15: 0 | AQ15: 0 | AR15: 0 | AT15: 100 | AV15: 0 | AW15: 1 | AX15: -1 | AY15: 0 | AZ15: 0 | BB15: 0 | BC15: 0 | BD15: 0 | BE15: 0 | BF15: 0 | BG15: 0 | BH15: 0 | BI15: 0 | BJ15: 0 | BK15: 0 | BL15: 0 | BM15: 0 | BN15: 0 | BO15: 0 | BP15: 0 | BQ15: 0 | BR15: 0 | BS15: 0 | BT15: 0 | BU15: 0 | BV15: 0 | BW15: 0 | CX15: =Y15*Source!I25 -> 246.75 | CY15: =AA15 -> 3995.75 | CZ15: =AE15 -> 604.5 | DA15: =AI15 -> 6.61 | DB15: 0
A16: =ROW(Source!A28) -> 28 | B16: 39107596 | C16: 39109798 | D16: 37065248 | E16: 1 | F16: 1 | G16: 1 | H16: 1 | I16: 1-100-30 | K16: Рабочий среднего разряда 3 | L16: 1191 | N16: 1013 | O16: чел.-ч. | P16: чел.-ч. | Q16: 1 | W16: 0 | X16: -400197608 | Y16: 24.587 | AA16: 0 | AB16: 0 | AC16: 0 | AD16: 56.38 | AE16: 0 | AF16: 0 | AG16: 0 | AH16: 8.53 | AI16: 1 | AJ16: 1 | AK16: 1 | AL16: 6.61 | AN16: 0 | AO16: 1 | AP16: 1 | AQ16: 0 | AR16: 0 | AT16: 21.38 | AU16: )*1,15 | AV16: 1 | AW16: 2 | AX16: 39271673 | AY16: 1 | AZ16: 0 | BA16: 15 | BB16: 0 | BC16: 0 | BD16: 0 | BE16: 0 | BF16: 0 | BG16: 0 | BH16: 0 | BI16: 0 | BJ16: 0 | BK16: 0 | BL16: 0 | BM16: 0 | BN16: 0 | BO16: 0 | BP16: 0 | BQ16: 0 | BR16: 0 | BS16: 0 | BT16: 0 | BU16: 0 | BV16: 0 | BW16: 0 | CX16: =Y16*Source!I28 -> 28.889725 | CY16: =AD16 -> 56.38 | CZ16: =AH16 -> 8.53 | DA16: =AL16 -> 6.61 | DB16: 0
A17: =ROW(Source!A28) -> 28 | B17: 39107596 | C17: 39109798 | D17: 37064876 | E17: 1 | F17: 1 | G17: 1 | H17: 1 | I17: 4-100-00 | K17: Затраты труда машинистов | L17: 1191 | N17: 1013 | O17: чел.-ч. | P17: чел.-ч. | Q17: 1 | W17: 0 | X17: -1417349443 | Y17: 0.37 | AA17: 0 | AB17: 0 | AC17: 0 | AD17: 0 | AE17: 0 | AF17: 0 | AG17: 0 | AH17: 0 | AI17: 1 | AJ17: 1 | AK17: 6.61 | AL17: 1 | AN17: 0 | AO17: 1 | AP17: 0 | AQ17: 0 | AR17: 0 | AT17: 0.37 | AV17: 2 | AW17: 2 | AX17: 39271674 | AY17: 1 | AZ17: 2048 | BA17: 16 | BB17: 0 | BC17: 0 | BD17: 0 | BE17: 0 | BF17: 0 | BG17: 0 | BH17: 0 | BI17: 0 | BJ17: 0 | BK17: 0 | BL17: 0 | BM17: 0 | BN17: 0 | BO17: 0 | BP17: 0 | BQ17: 0 | BR17: 0 | BS17: 0 | BT17: 0 | BU17: 0 | BV17: 0 | BW17: 0 | CX17: =Y17*Source!I28 -> 0.43475 | CY17: =AD17 -> 0 | CZ17: =AH17 -> 0 | DA17: =AL17 -> 1 | DB17: 0
A18: =ROW(Source!A28) -> 28 | B18: 39107596 | C18: 39109798 | D18: 36882452 | E18: 1 | F18: 1 | G18: 1 | H18: 2 | I18: 91.06.06-048 | J18: ФСЭМ-2001, 91.06.06-048, приказ Минстроя России №1039/пр от 30.12.2016г. | K18: Подъемники одномачтовые, грузоподъемность до 500 кг, высота подъема 45 м | L18: 1368 | N18: 1011 | O18: маш.-ч | P18: маш.-ч | Q18: 1 | W18: 0 | X18: 1188625873 | Y18: 0.0875 | AA18: 0 | AB18: 206.63 | AC18: 13.5 | AD18: 0 | AE18: 0 | AF18: 31.26 | AG18: 13.5 | AH18: 0 | AI18: 1 | AJ18: 6.61 | AK18: 1 | AL18: 1 | AN18: 0 | AO18: 1 | AP18: 1 | AQ18: 0 | AR18: 0 | AT18: 0.07 | AU18: )*1,25 | AV18: 0 | AW18: 2 | AX18: 39271675 | AY18: 1 | AZ18: 0 | BA18: 17 | BB18: 0 | BC18: 0 | BD18: 0 | BE18: 0 | BF18: 0 | BG18: 0 | BH18: 0 | BI18: 0 | BJ18: 0 | BK18: 0 | BL18: 0 | BM18: 0 | BN18: 0 | BO18: 0 | BP18: 0 | BQ18: 0 | BR18: 0 | BS18: 0 | BT18: 0 | BU18: 0 | BV18: 0 | BW18: 0 | CX18: =Y18*Source!I28 -> 0.1028125 | CY18: =AB18 -> 206.63 | CZ18: =AF18 -> 31.26 | DA18: =AJ18 -> 6.61 | DB18: 0
A19: =ROW(Source!A28) -> 28 | B19: 39107596 | C19: 39109798 | D19: 36883554 | E19: 1 | F19: 1 | G19: 1 | H19: 2 | I19: 91.14.02-001 | J19: ФСЭМ-2001, 91.14.02-001, приказ Минстроя России №1039/пр от 30.12.2016г. | K19: Автомобили бортовые, грузоподъемность до 5 т | L19: 1368 | N19: 1011 | O19: маш.-ч | P19: маш.-ч | Q19: 1 | W19: 0 | X19: 1372534845 | Y19: 0.375 | AA19: 0 | AB19: 434.34 | AC19: 11.6 | AD19: 0 | AE19: 0 | AF19: 65.71 | AG19: 11.6 | AH19: 0 | AI19: 1 | AJ19: 6.61 | AK19: 1 | AL19: 1 | AN19: 0 | AO19: 1 | AP19: 1 | AQ19: 0 | AR19: 0 | AT19: 0.3 | AU19: )*1,25 | AV19: 0 | AW19: 2 | AX19: 39271676 | AY19: 1 | AZ19: 0 | BA19: 18 | BB19: 0 | BC19: 0 | BD19: 0 | BE19: 0 | BF19: 0 | BG19: 0 | BH19: 0 | BI19: 0 | BJ19: 0 | BK19: 0 | BL19: 0 | BM19: 0 | BN19: 0 | BO19: 0 | BP19: 0 | BQ19: 0 | BR19: 0 | BS19: 0 | BT19: 0 | BU19: 0 | BV19: 0 | BW19: 0 | CX19: =Y19*Source!I28 -> 0.440625 | CY19: =AB19 -> 434.34 | CZ19: =AF19 -> 65.71 | DA19: =AJ19 -> 6.61 | DB19: 0
A20: =ROW(Source!A28) -> 28 | B20: 39107596 | C20: 39109798 | D20: 36832273 | E20: 1 | F20: 1 | G20: 1 | H20: 3 | I20: 11.3.03.15-0021 | J20: ФССЦ-2001, 11.3.03.15-0021, приказ Минстроя России №1039/пр от 30.12.2016г. | K20: Клинья пластиковые монтажные | L20: 1355 | N20: 1010 | O20: 100 шт. | P20: 100 шт. | Q20: 100 | W20: 0 | X20: 1709713925 | Y20: 4 | AA20: 330.5 | AB20: 0 | AC20: 0 | AD20: 0 | AE20: 50 | AF20: 0 | AG20: 0 | AH20: 0 | AI20: 6.61 | AJ20: 1 | AK20: 1 | AL20: 1 | AN20: 0 | AO20: 1 | AP20: 0 | AQ20: 0 | AR20: 0 | AT20: 4 | AV20: 0 | AW20: 2 | AX20: 39271678 | AY20: 1 | AZ20: 0 | BA20: 20 | BB20: 0 | BC20: 0 | BD20: 0 | BE20: 0 | BF20: 0 | BG20: 0 | BH20: 0 | BI20: 0 | BJ20: 0 | BK20: 0 | BL20: 0 | BM20: 0 | BN20: 0 | BO20: 0 | BP20: 0 | BQ20: 0 | BR20: 0 | BS20: 0 | BT20: 0 | BU20: 0 | BV20: 0 | BW20: 0 | CX20: =Y20*Source!I28 -> 4.7 | CY20: =AA20 -> 330.5 | CZ20: =AE20 -> 50 | DA20: =AI20 -> 6.61 | DB20: 0
A21: =ROW(Source!A28) -> 28 | B21: 39107596 | C21: 39109798 | D21: 36838722 | E21: 1 | F21: 1 | G21: 1 | H21: 3 | I21: 14.5.01.05-0001 | J21: ФССЦ-2001, 14.5.01.05-0001, приказ Минстроя России №1039/пр от 30.12.2016г. | K21: Герметик пенополиуретановый (пена монтажная) типа Makrofleks, Soudal в баллонах по 750 мл | L21: 1354 | N21: 1010 | O21: шт. | P21: шт. | Q21: 1 | W21: 0 | X21: -1018551266 | Y21: 90.7 | AA21: 442.87 | AB21: 0 | AC21: 0 | AD21: 0 | AE21: 67 | AF21: 0 | AG21: 0 | AH21: 0 | AI21: 6.61 | AJ21: 1 | AK21: 1 | AL21: 1 | AN21: 0 | AO21: 1 | AP21: 0 | AQ21: 0 | AR21: 0 | AT21: 90.7 | AV21: 0 | AW21: 2 | AX21: 39271679 | AY21: 1 | AZ21: 0 | BA21: 21 | BB21: 0 | BC21: 0 | BD21: 0 | BE21: 0 | BF21: 0 | BG21: 0 | BH21: 0 | BI21: 0 | BJ21: 0 | BK21: 0 | BL21: 0 | BM21: 0 | BN21: 0 | BO21: 0 | BP21: 0 | BQ21: 0 | BR21: 0 | BS21: 0 | BT21: 0 | BU21: 0 | BV21: 0 | BW21: 0 | CX21: =Y21*Source!I28 -> 106.5725 | CY21: =AA21 -> 442.87 | CZ21: =AE21 -> 67 | DA21: =AI21 -> 6.61 | DB21: 0
A22: =ROW(Source!A28) -> 28 | B22: 39107596 | C22: 39109798 | D22: 0 | E22: 0 | F22: 1 | G22: 1 | H22: 3 | I22: Средняя коммерческая цена | K22: Подоконная доска из ПВХ шириной 600мм | L22: 1301 | N22: 1003 | O22: м | P22: м | Q22: 1 | W22: 0 | X22: -1329279680 | Y22: 100 | AA22: 2106.21 | AB22: 0 | AC22: 0 | AD22: 0 | AE22: 318.64 | AF22: 0 | AG22: 0 | AH22: 0 | AI22: 6.61 | AJ22: 1 | AK22: 1 | AL22: 1 | AN22: 0 | AO22: 0 | AP22: 0 | AQ22: 0 | AR22: 0 | AT22: 100 | AV22: 0 | AW22: 1 | AX22: -1 | AY22: 0 | AZ22: 0 | BB22: 0 | BC22: 0 | BD22: 0 | BE22: 0 | BF22: 0 | BG22: 0 | BH22: 0 | BI22: 0 | BJ22: 0 | BK22: 0 | BL22: 0 | BM22: 0 | BN22: 0 | BO22: 0 | BP22: 0 | BQ22: 0 | BR22: 0 | BS22: 0 | BT22: 0 | BU22: 0 | BV22: 0 | BW22: 0 | CX22: =Y22*Source!I28 -> 117.5 | CY22: =AA22 -> 2106.21 | CZ22: =AE22 -> 318.64 | DA22: =AI22 -> 6.61 | DB22: 0
A23: =ROW(Source!A30) -> 30 | B23: 39107596 | C23: 39107639 | D23: 37065248 | E23: 1 | F23: 1 | G23: 1 | H23: 1 | I23: 1-100-30 | K23: Рабочий среднего разряда 3 | L23: 1191 | N23: 1013 | O23: чел.-ч. | P23: чел.-ч. | Q23: 1 | W23: 0 | X23: -400197608 | Y23: 41.41 | AA23: 0 | AB23: 0 | AC23: 0 | AD23: 56.38 | AE23: 0 | AF23: 0 | AG23: 0 | AH23: 8.53 | AI23: 1 | AJ23: 1 | AK23: 1 | AL23: 6.61 | AN23: 0 | AO23: 1 | AP23: 0 | AQ23: 0 | AR23: 0 | AT23: 41.41 | AV23: 1 | AW23: 2 | AX23: 39107640 | AY23: 1 | AZ23: 0 | BA23: 22 | BB23: 0 | BC23: 0 | BD23: 0 | BE23: 0 | BF23: 0 | BG23: 0 | BH23: 0 | BI23: 0 | BJ23: 0 | BK23: 0 | BL23: 0 | BM23: 0 | BN23: 0 | BO23: 0 | BP23: 0 | BQ23: 0 | BR23: 0 | BS23: 0 | BT23: 0 | BU23: 0 | BV23: 0 | BW23: 0 | CX23: =Y23*Source!I30 -> 48.65675 | CY23: =AD23 -> 56.38 | CZ23: =AH23 -> 8.53 | DA23: =AL23 -> 6.61 | DB23: 0
A24: =ROW(Source!A30) -> 30 | B24: 39107596 | C24: 39107639 | D24: 37064876 | E24: 1 | F24: 1 | G24: 1 | H24: 1 | I24: 4-100-00 | K24: Затраты труда машинистов | L24: 1191 | N24: 1013 | O24: чел.-ч. | P24: чел.-ч. | Q24: 1 | W24: 0 | X24: -1417349443 | Y24: 0.12 | AA24: 0 | AB24: 0 | AC24: 0 | AD24: 0 | AE24: 0 | AF24: 0 | AG24: 0 | AH24: 0 | AI24: 1 | AJ24: 1 | AK24: 6.61 | AL24: 1 | AN24: 0 | AO24: 1 | AP24: 0 | AQ24: 0 | AR24: 0 | AT24: 0.12 | AV24: 2 | AW24: 2 | AX24: 39107641 | AY24: 1 | AZ24: 0 | BA24: 23 | BB24: 0 | BC24: 0 | BD24: 0 | BE24: 0 | BF24: 0 | BG24: 0 | BH24: 0 | BI24: 0 | BJ24: 0 | BK24: 0 | BL24: 0 | BM24: 0 | BN24: 0 | BO24: 0 | BP24: 0 | BQ24: 0 | BR24: 0 | BS24: 0 | BT24: 0 | BU24: 0 | BV24: 0 | BW24: 0 | CX24: =Y24*Source!I30 -> 0.141 | CY24: =AD24 -> 0 | CZ24: =AH24 -> 0 | DA24: =AL24 -> 1 | DB24: 0
A25: =ROW(Source!A30) -> 30 | B25: 39107596 | C25: 39107639 | D25: 36882452 | E25: 1 | F25: 1 | G25: 1 | H25: 2 | I25: 91.06.06-048 | J25: ФСЭМ-2001, 91.06.06-048, приказ Минстроя России №1039/пр от 30.12.2016г. | K25: Подъемники одномачтовые, грузоподъемность до 500 кг, высота подъема 45 м | L25: 1368 | N25: 1011 | O25: маш.-ч | P25: маш.-ч | Q25: 1 | W25: 0 | X25: 1188625873 | Y25: 0.08 | AA25: 0 | AB25: 206.63 | AC25: 13.5 | AD25: 0 | AE25: 0 | AF25: 31.26 | AG25: 13.5 | AH25: 0 | AI25: 1 | AJ25: 6.61 | AK25: 1 | AL25: 1 | AN25: 0 | AO25: 1 | AP25: 0 | AQ25: 0 | AR25: 0 | AT25: 0.08 | AV25: 0 | AW25: 2 | AX25: 39107642 | AY25: 1 | AZ25: 0 | BA25: 24 | BB25: 0 | BC25: 0 | BD25: 0 | BE25: 0 | BF25: 0 | BG25: 0 | BH25: 0 | BI25: 0 | BJ25: 0 | BK25: 0 | BL25: 0 | BM25: 0 | BN25: 0 | BO25: 0 | BP25: 0 | BQ25: 0 | BR25: 0 | BS25: 0 | BT25: 0 | BU25: 0 | BV25: 0 | BW25: 0 | CX25: =Y25*Source!I30 -> 0.094 | CY25: =AB25 -> 206.63 | CZ25: =AF25 -> 31.26 | DA25: =AJ25 -> 6.61 | DB25: 0
A26: =ROW(Source!A30) -> 30 | B26: 39107596 | C26: 39107639 | D26: 36883554 | E26: 1 | F26: 1 | G26: 1 | H26: 2 | I26: 91.14.02-001 | J26: ФСЭМ-2001, 91.14.02-001, приказ Минстроя России №1039/пр от 30.12.2016г. | K26: Автомобили бортовые, грузоподъемность до 5 т | L26: 1368 | N26: 1011 | O26: маш.-ч | P26: маш.-ч | Q26: 1 | W26: 0 | X26: 1372534845 | Y26: 0.04 | AA26: 0 | AB26: 434.34 | AC26: 11.6 | AD26: 0 | AE26: 0 | AF26: 65.71 | AG26: 11.6 | AH26: 0 | AI26: 1 | AJ26: 6.61 | AK26: 1 | AL26: 1 | AN26: 0 | AO26: 1 | AP26: 0 | AQ26: 0 | AR26: 0 | AT26: 0.04 | AV26: 0 | AW26: 2 | AX26: 39107643 | AY26: 1 | AZ26: 0 | BA26: 25 | BB26: 0 | BC26: 0 | BD26: 0 | BE26: 0 | BF26: 0 | BG26: 0 | BH26: 0 | BI26: 0 | BJ26: 0 | BK26: 0 | BL26: 0 | BM26: 0 | BN26: 0 | BO26: 0 | BP26: 0 | BQ26: 0 | BR26: 0 | BS26: 0 | BT26: 0 | BU26: 0 | BV26: 0 | BW26: 0 | CX26: =Y26*Source!I30 -> 0.047 | CY26: =AB26 -> 434.34 | CZ26: =AF26 -> 65.71 | DA26: =AJ26 -> 6.61 | DB26: 0
A27: =ROW(Source!A30) -> 30 | B27: 39107596 | C27: 39107639 | D27: 36804545 | E27: 1 | F27: 1 | G27: 1 | H27: 3 | I27: 01.7.15.06-0111 | J27: ФССЦ-2001, 01.7.15.06-0111, приказ Минстроя России №1039/пр от 30.12.2016г. | K27: Гвозди строительные | L27: 1348 | N27: 1009 | O27: т | P27: т | Q27: 1000 | W27: 0 | X27: 1174701286 | Y27: 0.004 | AA27: 79174.58 | AB27: 0 | AC27: 0 | AD27: 0 | AE27: 11978 | AF27: 0 | AG27: 0 | AH27: 0 | AI27: 6.61 | AJ27: 1 | AK27: 1 | AL27: 1 | AN27: 0 | AO27: 1 | AP27: 0 | AQ27: 0 | AR27: 0 | AT27: 0.004 | AV27: 0 | AW27: 2 | AX27: 39107645 | AY27: 1 | AZ27: 0 | BA27: 27 | BB27: 0 | BC27: 0 | BD27: 0 | BE27: 0 | BF27: 0 | BG27: 0 | BH27: 0 | BI27: 0 | BJ27: 0 | BK27: 0 | BL27: 0 | BM27: 0 | BN27: 0 | BO27: 0 | BP27: 0 | BQ27: 0 | BR27: 0 | BS27: 0 | BT27: 0 | BU27: 0 | BV27: 0 | BW27: 0 | CX27: =Y27*Source!I30 -> 0.0047 | CY27: =AA27 -> 79174.58 | CZ27: =AE27 -> 11978 | DA27: =AI27 -> 6.61 | DB27: 0
A28: =ROW(Source!A30) -> 30 | B28: 39107596 | C28: 39107639 | D28: 36825632 | E28: 1 | F28: 1 | G28: 1 | H28: 3 | I28: 08.3.03.05-0001 | J28: ФССЦ-2001, 08.3.03.05-0001, приказ Минстроя России №1039/пр от 30.12.2016г. | K28: Проволока канатная оцинкованная, диаметром 2,6 мм | L28: 1348 | N28: 1009 | O28: т | P28: т | Q28: 1000 | W28: 0 | X28: -740471490 | Y28: 0.006 | AA28: 53032.03 | AB28: 0 | AC28: 0 | AD28: 0 | AE28: 8023 | AF28: 0 | AG28: 0 | AH28: 0 | AI28: 6.61 | AJ28: 1 | AK28: 1 | AL28: 1 | AN28: 0 | AO28: 1 | AP28: 0 | AQ28: 0 | AR28: 0 | AT28: 0.006 | AV28: 0 | AW28: 2 | AX28: 39107646 | AY28: 1 | AZ28: 0 | BA28: 28 | BB28: 0 | BC28: 0 | BD28: 0 | BE28: 0 | BF28: 0 | BG28: 0 | BH28: 0 | BI28: 0 | BJ28: 0 | BK28: 0 | BL28: 0 | BM28: 0 | BN28: 0 | BO28: 0 | BP28: 0 | BQ28: 0 | BR28: 0 | BS28: 0 | BT28: 0 | BU28: 0 | BV28: 0 | BW28: 0 | CX28: =Y28*Source!I30 -> 0.00705 | CY28: =AA28 -> 53032.03 | CZ28: =AE28 -> 8023 | DA28: =AI28 -> 6.61 | DB28: 0
A29: =ROW(Source!A30) -> 30 | B29: 39107596 | C29: 39107639 | D29: 36799076 | E29: 17 | F29: 1 | G29: 1 | H29: 3 | I29: 08.3.05.05 | K29: Сталь листовая оцинкованная | L29: 1348 | N29: 1009 | O29: т | P29: т | Q29: 1000 | W29: 0 | X29: 789990620 | Y29: 0.184 | AA29: 0 | AB29: 0 | AC29: 0 | AD29: 0 | AE29: 0 | AF29: 0 | AG29: 0 | AH29: 0 | AI29: 6.61 | AJ29: 1 | AK29: 1 | AL29: 1 | AN29: 0 | AO29: 0 | AP29: 0 | AQ29: 0 | AR29: 0 | AT29: 0.184 | AV29: 0 | AW29: 2 | AX29: 39107647 | AY29: 1 | AZ29: 0 | BA29: 29 | BB29: 0 | BC29: 0 | BD29: 0 | BE29: 0 | BF29: 0 | BG29: 0 | BH29: 0 | BI29: 0 | BJ29: 0 | BK29: 0 | BL29: 0 | BM29: 0 | BN29: 0 | BO29: 0 | BP29: 0 | BQ29: 0 | BR29: 0 | BS29: 0 | BT29: 0 | BU29: 0 | BV29: 0 | BW29: 0 | CX29: =Y29*Source!I30 -> 0.2162 | CY29: =AA29 -> 0 | CZ29: =AE29 -> 0 | DA29: =AI29 -> 6.61 | DB29: 0
A30: =ROW(Source!A30) -> 30 | B30: 39107596 | C30: 39107639 | D30: 0 | E30: 0 | F30: 1 | G30: 1 | H30: 3 | I30: Средняя коммерческая цена | K30: Отлив из оцинкованной стали с полимерным покрытием шириной 250мм | L30: 1301 | N30: 1003 | O30: м | P30: м | Q30: 1 | W30: 0 | X30: -42574877 | Y30: 100 | AA30: 256.47 | AB30: 0 | AC30: 0 | AD30: 0 | AE30: 38.8 | AF30: 0 | AG30: 0 | AH30: 0 | AI30: 6.61 | AJ30: 1 | AK30: 1 | AL30: 1 | AN30: 0 | AO30: 0 | AP30: 0 | AQ30: 0 | AR30: 0 | AT30: 100 | AV30: 0 | AW30: 1 | AX30: -1 | AY30: 0 | AZ30: 0 | BB30: 0 | BC30: 0 | BD30: 0 | BE30: 0 | BF30: 0 | BG30: 0 | BH30: 0 | BI30: 0 | BJ30: 0 | BK30: 0 | BL30: 0 | BM30: 0 | BN30: 0 | BO30: 0 | BP30: 0 | BQ30: 0 | BR30: 0 | BS30: 0 | BT30: 0 | BU30: 0 | BV30: 0 | BW30: 0 | CX30: =Y30*Source!I30 -> 117.5 | CY30: =AA30 -> 256.47 | CZ30: =AE30 -> 38.8 | DA30: =AI30 -> 6.61 | DB30: 0
A31: =ROW(Source!A33) -> 33 | B31: 39107596 | C31: 39109788 | D31: 37071037 | E31: 1 | F31: 1 | G31: 1 | H31: 1 | I31: 1-100-40 | K31: Рабочий среднего разряда 4 | L31: 1191 | N31: 1013 | O31: чел.-ч. | P31: чел.-ч. | Q31: 1 | W31: 0 | X31: 1069510174 | Y31: 18.768 | AA31: 0 | AB31: 0 | AC31: 0 | AD31: 63.59 | AE31: 0 | AF31: 0 | AG31: 0 | AH31: 9.62 | AI31: 1 | AJ31: 1 | AK31: 1 | AL31: 6.61 | AN31: 0 | AO31: 1 | AP31: 1 | AQ31: 0 | AR31: 0 | AT31: 16.32 | AU31: )*1,15 | AV31: 1 | AW31: 2 | AX31: 39109789 | AY31: 1 | AZ31: 0 | BA31: 30 | BB31: 0 | BC31: 0 | BD31: 0 | BE31: 0 | BF31: 0 | BG31: 0 | BH31: 0 | BI31: 0 | BJ31: 0 | BK31: 0 | BL31: 0 | BM31: 0 | BN31: 0 | BO31: 0 | BP31: 0 | BQ31: 0 | BR31: 0 | BS31: 0 | BT31: 0 | BU31: 0 | BV31: 0 | BW31: 0 | CX31: =Y31*Source!I33 -> 29.550216 | CY31: =AD31 -> 63.59 | CZ31: =AH31 -> 9.62 | DA31: =AL31 -> 6.61 | DB31: 0
A32: =ROW(Source!A33) -> 33 | B32: 39107596 | C32: 39109788 | D32: 37064876 | E32: 1 | F32: 1 | G32: 1 | H32: 1 | I32: 4-100-00 | K32: Затраты труда машинистов | L32: 1191 | N32: 1013 | O32: чел.-ч. | P32: чел.-ч. | Q32: 1 | W32: 0 | X32: -1417349443 | Y32: 0.03 | AA32: 0 | AB32: 0 | AC32: 0 | AD32: 0 | AE32: 0 | AF32: 0 | AG32: 0 | AH32: 0 | AI32: 1 | AJ32: 1 | AK32: 6.61 | AL32: 1 | AN32: 0 | AO32: 1 | AP32: 0 | AQ32: 0 | AR32: 0 | AT32: 0.03 | AV32: 2 | AW32: 2 | AX32: 39109790 | AY32: 1 | AZ32: 2048 | BA32: 31 | BB32: 0 | BC32: 0 | BD32: 0 | BE32: 0 | BF32: 0 | BG32: 0 | BH32: 0 | BI32: 0 | BJ32: 0 | BK32: 0 | BL32: 0 | BM32: 0 | BN32: 0 | BO32: 0 | BP32: 0 | BQ32: 0 | BR32: 0 | BS32: 0 | BT32: 0 | BU32: 0 | BV32: 0 | BW32: 0 | CX32: =Y32*Source!I33 -> 0.047235 | CY32: =AD32 -> 0 | CZ32: =AH32 -> 0 | DA32: =AL32 -> 1 | DB32: 0
A33: =ROW(Source!A33) -> 33 | B33: 39107596 | C33: 39109788 | D33: 36882452 | E33: 1 | F33: 1 | G33: 1 | H33: 2 | I33: 91.06.06-048 | J33: ФСЭМ-2001, 91.06.06-048, приказ Минстроя России №1039/пр от 30.12.2016г. | K33: Подъемники одномачтовые, грузоподъемность до 500 кг, высота подъема 45 м | L33: 1368 | N33: 1011 | O33: маш.-ч | P33: маш.-ч | Q33: 1 | W33: 0 | X33: 1188625873 | Y33: 0.0125 | AA33: 0 | AB33: 206.63 | AC33: 13.5 | AD33: 0 | AE33: 0 | AF33: 31.26 | AG33: 13.5 | AH33: 0 | AI33: 1 | AJ33: 6.61 | AK33: 1 | AL33: 1 | AN33: 0 | AO33: 1 | AP33: 1 | AQ33: 0 | AR33: 0 | AT33: 0.01 | AU33: )*1,25 | AV33: 0 | AW33: 2 | AX33: 39109791 | AY33: 1 | AZ33: 0 | BA33: 32 | BB33: 0 | BC33: 0 | BD33: 0 | BE33: 0 | BF33: 0 | BG33: 0 | BH33: 0 | BI33: 0 | BJ33: 0 | BK33: 0 | BL33: 0 | BM33: 0 | BN33: 0 | BO33: 0 | BP33: 0 | BQ33: 0 | BR33: 0 | BS33: 0 | BT33: 0 | BU33: 0 | BV33: 0 | BW33: 0 | CX33: =Y33*Source!I33 -> 0.01968125 | CY33: =AB33 -> 206.63 | CZ33: =AF33 -> 31.26 | DA33: =AJ33 -> 6.61 | DB33: 0
A34: =ROW(Source!A33) -> 33 | B34: 39107596 | C34: 39109788 | D34: 36883554 | E34: 1 | F34: 1 | G34: 1 | H34: 2 | I34: 91.14.02-001 | J34: ФСЭМ-2001, 91.14.02-001, приказ Минстроя России №1039/пр от 30.12.2016г. | K34: Автомобили бортовые, грузоподъемность до 5 т | L34: 1368 | N34: 1011 | O34: маш.-ч | P34: маш.-ч | Q34: 1 | W34: 0 | X34: 1372534845 | Y34: 0.025 | AA34: 0 | AB34: 434.34 | AC34: 11.6 | AD34: 0 | AE34: 0 | AF34: 65.71 | AG34: 11.6 | AH34: 0 | AI34: 1 | AJ34: 6.61 | AK34: 1 | AL34: 1 | AN34: 0 | AO34: 1 | AP34: 1 | AQ34: 0 | AR34: 0 | AT34: 0.02 | AU34: )*1,25 | AV34: 0 | AW34: 2 | AX34: 39109792 | AY34: 1 | AZ34: 0 | BA34: 33 | BB34: 0 | BC34: 0 | BD34: 0 | BE34: 0 | BF34: 0 | BG34: 0 | BH34: 0 | BI34: 0 | BJ34: 0 | BK34: 0 | BL34: 0 | BM34: 0 | BN34: 0 | BO34: 0 | BP34: 0 | BQ34: 0 | BR34: 0 | BS34: 0 | BT34: 0 | BU34: 0 | BV34: 0 | BW34: 0 | CX34: =Y34*Source!I33 -> 0.0393625 | CY34: =AB34 -> 434.34 | CZ34: =AF34 -> 65.71 | DA34: =AJ34 -> 6.61 | DB34: 0
A35: =ROW(Source!A33) -> 33 | B35: 39107596 | C35: 39109788 | D35: 36805524 | E35: 1 | F35: 1 | G35: 1 | H35: 3 | I35: 01.7.20.08-0051 | J35: ФССЦ-2001, 01.7.20.08-0051, приказ Минстроя России №1039/пр от 30.12.2016г. | K35: Ветошь | L35: 1346 | N35: 1009 | O35: кг | P35: кг | Q35: 1 | W35: 0 | X35: 813963326 | Y35: 0.2 | AA35: 12.03 | AB35: 0 | AC35: 0 | AD35: 0 | AE35: 1.82 | AF35: 0 | AG35: 0 | AH35: 0 | AI35: 6.61 | AJ35: 1 | AK35: 1 | AL35: 1 | AN35: 0 | AO35: 1 | AP35: 0 | AQ35: 0 | AR35: 0 | AT35: 0.2 | AV35: 0 | AW35: 2 | AX35: 39109793 | AY35: 1 | AZ35: 0 | BA35: 34 | BB35: 0 | BC35: 0 | BD35: 0 | BE35: 0 | BF35: 0 | BG35: 0 | BH35: 0 | BI35: 0 | BJ35: 0 | BK35: 0 | BL35: 0 | BM35: 0 | BN35: 0 | BO35: 0 | BP35: 0 | BQ35: 0 | BR35: 0 | BS35: 0 | BT35: 0 | BU35: 0 | BV35: 0 | BW35: 0 | CX35: =Y35*Source!I33 -> 0.3149 | CY35: =AA35 -> 12.03 | CZ35: =AE35 -> 1.82 | DA35: =AI35 -> 6.61 | DB35: 0
A36: =ROW(Source!A33) -> 33 | B36: 39107596 | C36: 39109788 | D36: 36837722 | E36: 1 | F36: 1 | G36: 1 | H36: 3 | I36: 14.3.01.02-0104 | J36: ФССЦ-2001, 14.3.01.02-0104, приказ Минстроя России №1039/пр от 30.12.2016г. | K36: Грунтовка колерующая CERESIT CT 16 | L36: 1296 | N36: 1002 | O36: л | P36: л | Q36: 1 | W36: 0 | X36: -171317358 | Y36: 20 | AA36: 125.33 | AB36: 0 | AC36: 0 | AD36: 0 | AE36: 18.96 | AF36: 0 | AG36: 0 | AH36: 0 | AI36: 6.61 | AJ36: 1 | AK36: 1 | AL36: 1 | AN36: 0 | AO36: 0 | AP36: 0 | AQ36: 0 | AR36: 0 | AT36: 20 | AV36: 0 | AW36: 1 | AX36: -1 | AY36: 0 | AZ36: 0 | BB36: 0 | BC36: 0 | BD36: 0 | BE36: 0 | BF36: 0 | BG36: 0 | BH36: 0 | BI36: 0 | BJ36: 0 | BK36: 0 | BL36: 0 | BM36: 0 | BN36: 0 | BO36: 0 | BP36: 0 | BQ36: 0 | BR36: 0 | BS36: 0 | BT36: 0 | BU36: 0 | BV36: 0 | BW36: 0 | CX36: =Y36*Source!I33 -> 31.49 | CY36: =AA36 -> 125.33 | CZ36: =AE36 -> 18.96 | DA36: =AI36 -> 6.61 | DB36: 0
A37: =ROW(Source!A33) -> 33 | B37: 39107596 | C37: 39109788 | D37: 36797079 | E37: 17 | F37: 1 | G37: 1 | H37: 3 | I37: 14.4.01.21 | K37: Грунтовка | L37: 1348 | N37: 1009 | O37: т | P37: т | Q37: 1000 | W37: 0 | X37: -1212923053 | Y37: 0.02 | AA37: 0 | AB37: 0 | AC37: 0 | AD37: 0 | AE37: 0 | AF37: 0 | AG37: 0 | AH37: 0 | AI37: 6.61 | AJ37: 1 | AK37: 1 | AL37: 1 | AN37: 0 | AO37: 0 | AP37: 0 | AQ37: 0 | AR37: 0 | AT37: 0.02 | AV37: 0 | AW37: 2 | AX37: 39109794 | AY37: 1 | AZ37: 0 | BA37: 35 | BB37: 0 | BC37: 0 | BD37: 0 | BE37: 0 | BF37: 0 | BG37: 0 | BH37: 0 | BI37: 0 | BJ37: 0 | BK37: 0 | BL37: 0 | BM37: 0 | BN37: 0 | BO37: 0 | BP37: 0 | BQ37: 0 | BR37: 0 | BS37: 0 | BT37: 0 | BU37: 0 | BV37: 0 | BW37: 0 | CX37: =Y37*Source!I33 -> 0.03149 | CY37: =AA37 -> 0 | CZ37: =AE37 -> 0 | DA37: =AI37 -> 6.61 | DB37: 0
A38: =ROW(Source!A36) -> 36 | B38: 39107596 | C38: 39107650 | D38: 37072767 | E38: 1 | F38: 1 | G38: 1 | H38: 1 | I38: 1-100-36 | K38: Рабочий среднего разряда 3.6 | L38: 1191 | N38: 1013 | O38: чел.-ч. | P38: чел.-ч. | Q38: 1 | W38: 0 | X38: -1027537862 | Y38: 191.4405 | AA38: 0 | AB38: 0 | AC38: 0 | AD38: 60.68 | AE38: 0 | AF38: 0 | AG38: 0 | AH38: 9.18 | AI38: 1 | AJ38: 1 | AK38: 1 | AL38: 6.61 | AN38: 0 | AO38: 1 | AP38: 1 | AQ38: 0 | AR38: 0 | AT38: 166.47 | AU38: )*1,15 | AV38: 1 | AW38: 2 | AX38: 39107651 | AY38: 1 | AZ38: 0 | BA38: 36 | BB38: 0 | BC38: 0 | BD38: 0 | BE38: 0 | BF38: 0 | BG38: 0 | BH38: 0 | BI38: 0 | BJ38: 0 | BK38: 0 | BL38: 0 | BM38: 0 | BN38: 0 | BO38: 0 | BP38: 0 | BQ38: 0 | BR38: 0 | BS38: 0 | BT38: 0 | BU38: 0 | BV38: 0 | BW38: 0 | CX38: =Y38*Source!I36 -> 301.42307 | CY38: =AD38 -> 60.68 | CZ38: =AH38 -> 9.18 | DA38: =AL38 -> 6.61 | DB38: 0
A39: =ROW(Source!A36) -> 36 | B39: 39107596 | C39: 39107650 | D39: 37064876 | E39: 1 | F39: 1 | G39: 1 | H39: 1 | I39: 4-100-00 | K39: Затраты труда машинистов | L39: 1191 | N39: 1013 | O39: чел.-ч. | P39: чел.-ч. | Q39: 1 | W39: 0 | X39: -1417349443 | Y39: 0.58 | AA39: 0 | AB39: 0 | AC39: 0 | AD39: 0 | AE39: 0 | AF39: 0 | AG39: 0 | AH39: 0 | AI39: 1 | AJ39: 1 | AK39: 6.61 | AL39: 1 | AN39: 0 | AO39: 1 | AP39: 0 | AQ39: 0 | AR39: 0 | AT39: 0.58 | AV39: 2 | AW39: 2 | AX39: 39107652 | AY39: 1 | AZ39: 2048 | BA39: 37 | BB39: 0 | BC39: 0 | BD39: 0 | BE39: 0 | BF39: 0 | BG39: 0 | BH39: 0 | BI39: 0 | BJ39: 0 | BK39: 0 | BL39: 0 | BM39: 0 | BN39: 0 | BO39: 0 | BP39: 0 | BQ39: 0 | BR39: 0 | BS39: 0 | BT39: 0 | BU39: 0 | BV39: 0 | BW39: 0 | CX39: =Y39*Source!I36 -> 0.91321 | CY39: =AD39 -> 0 | CZ39: =AH39 -> 0 | DA39: =AL39 -> 1 | DB39: 0
A40: =ROW(Source!A36) -> 36 | B40: 39107596 | C40: 39107650 | D40: 36882452 | E40: 1 | F40: 1 | G40: 1 | H40: 2 | I40: 91.06.06-048 | J40: ФСЭМ-2001, 91.06.06-048, приказ Минстроя России №1039/пр от 30.12.2016г. | K40: Подъемники одномачтовые, грузоподъемность до 500 кг, высота подъема 45 м | L40: 1368 | N40: 1011 | O40: маш.-ч | P40: маш.-ч | Q40: 1 | W40: 0 | X40: 1188625873 | Y40: 0.1 | AA40: 0 | AB40: 206.63 | AC40: 13.5 | AD40: 0 | AE40: 0 | AF40: 31.26 | AG40: 13.5 | AH40: 0 | AI40: 1 | AJ40: 6.61 | AK40: 1 | AL40: 1 | AN40: 0 | AO40: 1 | AP40: 1 | AQ40: 0 | AR40: 0 | AT40: 0.08 | AU40: )*1,25 | AV40: 0 | AW40: 2 | AX40: 39107653 | AY40: 1 | AZ40: 0 | BA40: 38 | BB40: 0 | BC40: 0 | BD40: 0 | BE40: 0 | BF40: 0 | BG40: 0 | BH40: 0 | BI40: 0 | BJ40: 0 | BK40: 0 | BL40: 0 | BM40: 0 | BN40: 0 | BO40: 0 | BP40: 0 | BQ40: 0 | BR40: 0 | BS40: 0 | BT40: 0 | BU40: 0 | BV40: 0 | BW40: 0 | CX40: =Y40*Source!I36 -> 0.15745 | CY40: =AB40 -> 206.63 | CZ40: =AF40 -> 31.26 | DA40: =AJ40 -> 6.61 | DB40: 0
A41: =ROW(Source!A36) -> 36 | B41: 39107596 | C41: 39107650 | D41: 36883554 | E41: 1 | F41: 1 | G41: 1 | H41: 2 | I41: 91.14.02-001 | J41: ФСЭМ-2001, 91.14.02-001, приказ Минстроя России №1039/пр от 30.12.2016г. | K41: Автомобили бортовые, грузоподъемность до 5 т | L41: 1368 | N41: 1011 | O41: маш.-ч | P41: маш.-ч | Q41: 1 | W41: 0 | X41: 1372534845 | Y41: 0.625 | AA41: 0 | AB41: 434.34 | AC41: 11.6 | AD41: 0 | AE41: 0 | AF41: 65.71 | AG41: 11.6 | AH41: 0 | AI41: 1 | AJ41: 6.61 | AK41: 1 | AL41: 1 | AN41: 0 | AO41: 1 | AP41: 1 | AQ41: 0 | AR41: 0 | AT41: 0.5 | AU41: )*1,25 | AV41: 0 | AW41: 2 | AX41: 39107654 | AY41: 1 | AZ41: 0 | BA41: 39 | BB41: 0 | BC41: 0 | BD41: 0 | BE41: 0 | BF41: 0 | BG41: 0 | BH41: 0 | BI41: 0 | BJ41: 0 | BK41: 0 | BL41: 0 | BM41: 0 | BN41: 0 | BO41: 0 | BP41: 0 | BQ41: 0 | BR41: 0 | BS41: 0 | BT41: 0 | BU41: 0 | BV41: 0 | BW41: 0 | CX41: =Y41*Source!I36 -> 0.9840625 | CY41: =AB41 -> 434.34 | CZ41: =AF41 -> 65.71 | DA41: =AJ41 -> 6.61 | DB41: 0
A42: =ROW(Source!A36) -> 36 | B42: 39107596 | C42: 39107650 | D42: 36797506 | E42: 17 | F42: 1 | G42: 1 | H42: 3 | I42: 01.6.01.11 | K42: Листы облицовочные декоративные | L42: 1327 | N42: 1005 | O42: м2 | P42: м2 | Q42: 1 | W42: 0 | X42: -112006704 | Y42: 105 | AA42: 0 | AB42: 0 | AC42: 0 | AD42: 0 | AE42: 0 | AF42: 0 | AG42: 0 | AH42: 0 | AI42: 6.61 | AJ42: 1 | AK42: 1 | AL42: 1 | AN42: 0 | AO42: 0 | AP42: 0 | AQ42: 0 | AR42: 0 | AT42: 105 | AV42: 0 | AW42: 2 | AX42: 39107655 | AY42: 1 | AZ42: 0 | BA42: 40 | BB42: 0 | BC42: 0 | BD42: 0 | BE42: 0 | BF42: 0 | BG42: 0 | BH42: 0 | BI42: 0 | BJ42: 0 | BK42: 0 | BL42: 0 | BM42: 0 | BN42: 0 | BO42: 0 | BP42: 0 | BQ42: 0 | BR42: 0 | BS42: 0 | BT42: 0 | BU42: 0 | BV42: 0 | BW42: 0 | CX42: =Y42*Source!I36 -> 165.3225 | CY42: =AA42 -> 0 | CZ42: =AE42 -> 0 | DA42: =AI42 -> 6.61 | DB42: 0
A43: =ROW(Source!A36) -> 36 | B43: 39107596 | C43: 39107650 | D43: 36805524 | E43: 1 | F43: 1 | G43: 1 | H43: 3 | I43: 01.7.20.08-0051 | J43: ФССЦ-2001, 01.7.20.08-0051, приказ Минстроя России №1039/пр от 30.12.2016г. | K43: Ветошь | L43: 1346 | N43: 1009 | O43: кг | P43: кг | Q43: 1 | W43: 0 | X43: 813963326 | Y43: 0.2 | AA43: 12.03 | AB43: 0 | AC43: 0 | AD43: 0 | AE43: 1.82 | AF43: 0 | AG43: 0 | AH43: 0 | AI43: 6.61 | AJ43: 1 | AK43: 1 | AL43: 1 | AN43: 0 | AO43: 1 | AP43: 0 | AQ43: 0 | AR43: 0 | AT43: 0.2 | AV43: 0 | AW43: 2 | AX43: 39107656 | AY43: 1 | AZ43: 0 | BA43: 41 | BB43: 0 | BC43: 0 | BD43: 0 | BE43: 0 | BF43: 0 | BG43: 0 | BH43: 0 | BI43: 0 | BJ43: 0 | BK43: 0 | BL43: 0 | BM43: 0 | BN43: 0 | BO43: 0 | BP43: 0 | BQ43: 0 | BR43: 0 | BS43: 0 | BT43: 0 | BU43: 0 | BV43: 0 | BW43: 0 | CX43: =Y43*Source!I36 -> 0.3149 | CY43: =AA43 -> 12.03 | CZ43: =AE43 -> 1.82 | DA43: =AI43 -> 6.61 | DB43: 0
A44: =ROW(Source!A36) -> 36 | B44: 39107596 | C44: 39107650 | D44: 0 | E44: 0 | F44: 1 | G44: 1 | H44: 3 | I44: Средняя коммерческая цена | K44: Сандвич панели толщиной 10мм | L44: 1327 | N44: 1005 | O44: м2 | P44: м2 | Q44: 1 | W44: 0 | X44: 776745865 | Y44: 105 | AA44: 583.93 | AB44: 0 | AC44: 0 | AD44: 0 | AE44: 88.34 | AF44: 0 | AG44: 0 | AH44: 0 | AI44: 6.61 | AJ44: 1 | AK44: 1 | AL44: 1 | AN44: 0 | AO44: 0 | AP44: 0 | AQ44: 0 | AR44: 0 | AT44: 105 | AV44: 0 | AW44: 1 | AX44: -1 | AY44: 0 | AZ44: 0 | BB44: 0 | BC44: 0 | BD44: 0 | BE44: 0 | BF44: 0 | BG44: 0 | BH44: 0 | BI44: 0 | BJ44: 0 | BK44: 0 | BL44: 0 | BM44: 0 | BN44: 0 | BO44: 0 | BP44: 0 | BQ44: 0 | BR44: 0 | BS44: 0 | BT44: 0 | BU44: 0 | BV44: 0 | BW44: 0 | CX44: =Y44*Source!I36 -> 165.3225 | CY44: =AA44 -> 583.93 | CZ44: =AE44 -> 88.34 | DA44: =AI44 -> 6.61 | DB44: 0
A45: =ROW(Source!A39) -> 39 | B45: 39107596 | C45: 39107662 | D45: 37065248 | E45: 1 | F45: 1 | G45: 1 | H45: 1 | I45: 1-100-30 | K45: Рабочий среднего разряда 3 | L45: 1191 | N45: 1013 | O45: чел.-ч. | P45: чел.-ч. | Q45: 1 | W45: 0 | X45: -400197608 | Y45: 7.705 | AA45: 0 | AB45: 0 | AC45: 0 | AD45: 56.38 | AE45: 0 | AF45: 0 | AG45: 0 | AH45: 8.53 | AI45: 1 | AJ45: 1 | AK45: 1 | AL45: 6.61 | AN45: 0 | AO45: 1 | AP45: 1 | AQ45: 0 | AR45: 0 | AT45: 6.7 | AU45: )*1,15 | AV45: 1 | AW45: 2 | AX45: 39107663 | AY45: 1 | AZ45: 0 | BA45: 44 | BB45: 0 | BC45: 0 | BD45: 0 | BE45: 0 | BF45: 0 | BG45: 0 | BH45: 0 | BI45: 0 | BJ45: 0 | BK45: 0 | BL45: 0 | BM45: 0 | BN45: 0 | BO45: 0 | BP45: 0 | BQ45: 0 | BR45: 0 | BS45: 0 | BT45: 0 | BU45: 0 | BV45: 0 | BW45: 0 | CX45: =Y45*Source!I39 -> 24.263045 | CY45: =AD45 -> 56.38 | CZ45: =AH45 -> 8.53 | DA45: =AL45 -> 6.61 | DB45: 0
A46: =ROW(Source!A39) -> 39 | B46: 39107596 | C46: 39107662 | D46: 36796979 | E46: 17 | F46: 1 | G46: 1 | H46: 3 | I46: 11.3.03.13 | K46: Уголок ПВХ | L46: 2233 | N46: 1013 | O46: П.М | P46: П.М | Q46: 1 | W46: 0 | X46: -1710570218 | Y46: 100 | AA46: 0 | AB46: 0 | AC46: 0 | AD46: 0 | AE46: 0 | AF46: 0 | AG46: 0 | AH46: 0 | AI46: 6.61 | AJ46: 1 | AK46: 1 | AL46: 1 | AN46: 0 | AO46: 0 | AP46: 0 | AQ46: 0 | AR46: 0 | AT46: 100 | AV46: 0 | AW46: 2 | AX46: 39107664 | AY46: 1 | AZ46: 0 | BA46: 45 | BB46: 0 | BC46: 0 | BD46: 0 | BE46: 0 | BF46: 0 | BG46: 0 | BH46: 0 | BI46: 0 | BJ46: 0 | BK46: 0 | BL46: 0 | BM46: 0 | BN46: 0 | BO46: 0 | BP46: 0 | BQ46: 0 | BR46: 0 | BS46: 0 | BT46: 0 | BU46: 0 | BV46: 0 | BW46: 0 | CX46: =Y46*Source!I39 -> 314.9 | CY46: =AA46 -> 0 | CZ46: =AE46 -> 0 | DA46: =AI46 -> 6.61 | DB46: 0
A47: =ROW(Source!A39) -> 39 | B47: 39107596 | C47: 39107662 | D47: 36836997 | E47: 1 | F47: 1 | G47: 1 | H47: 3 | I47: 14.1.04.02-0011 | J47: ФССЦ-2001, 14.1.04.02-0011, приказ Минстроя России №1039/пр от 30.12.2016г. | K47: Клей резиновый № 88-Н | L47: 1346 | N47: 1009 | O47: кг | P47: кг | Q47: 1 | W47: 0 | X47: -1230081286 | Y47: 0.8 | AA47: 297.45 | AB47: 0 | AC47: 0 | AD47: 0 | AE47: 45 | AF47: 0 | AG47: 0 | AH47: 0 | AI47: 6.61 | AJ47: 1 | AK47: 1 | AL47: 1 | AN47: 0 | AO47: 1 | AP47: 0 | AQ47: 0 | AR47: 0 | AT47: 0.8 | AV47: 0 | AW47: 2 | AX47: 39107665 | AY47: 1 | AZ47: 0 | BA47: 46 | BB47: 0 | BC47: 0 | BD47: 0 | BE47: 0 | BF47: 0 | BG47: 0 | BH47: 0 | BI47: 0 | BJ47: 0 | BK47: 0 | BL47: 0 | BM47: 0 | BN47: 0 | BO47: 0 | BP47: 0 | BQ47: 0 | BR47: 0 | BS47: 0 | BT47: 0 | BU47: 0 | BV47: 0 | BW47: 0 | CX47: =Y47*Source!I39 -> 2.5192 | CY47: =AA47 -> 297.45 | CZ47: =AE47 -> 45 | DA47: =AI47 -> 6.61 | DB47: 0
A48: =ROW(Source!A39) -> 39 | B48: 39107596 | C48: 39107662 | D48: 0 | E48: 0 | F48: 1 | G48: 1 | H48: 3 | I48: Средняя коммерческая цена | K48: Защитный пластиковый уголок 40х40мм | L48: 1301 | N48: 1003 | O48: м | P48: м | Q48: 1 | W48: 0 | X48: 1094464084 | Y48: 100 | AA48: 51.1 | AB48: 0 | AC48: 0 | AD48: 0 | AE48: 7.73 | AF48: 0 | AG48: 0 | AH48: 0 | AI48: 6.61 | AJ48: 1 | AK48: 1 | AL48: 1 | AN48: 0 | AO48: 0 | AP48: 0 | AQ48: 0 | AR48: 0 | AT48: 100 | AV48: 0 | AW48: 1 | AX48: -1 | AY48: 0 | AZ48: 0 | BB48: 0 | BC48: 0 | BD48: 0 | BE48: 0 | BF48: 0 | BG48: 0 | BH48: 0 | BI48: 0 | BJ48: 0 | BK48: 0 | BL48: 0 | BM48: 0 | BN48: 0 | BO48: 0 | BP48: 0 | BQ48: 0 | BR48: 0 | BS48: 0 | BT48: 0 | BU48: 0 | BV48: 0 | BW48: 0 | CX48: =Y48*Source!I39 -> 314.9 | CY48: =AA48 -> 51.1 | CZ48: =AE48 -> 7.73 | DA48: =AI48 -> 6.61 | DB48: 0

Sheet EtalonRes
A1: =ROW(Source!A24) -> 24 | B1: 39107614 | C1: 39107613 | D1: 37068148 | E1: 1 | F1: 1 | G1: 1 | H1: 1 | I1: 1-100-24 | K1: Рабочий среднего разряда 2.4 | L1: 1191 | N1: 1013 | O1: чел.-ч. | P1: чел.-ч. | Q1: 1 | X1: 188.54 | Y1: 0 | Z1: 0 | AA1: 0 | AB1: 8.09 | AC1: 0 | AD1: 1 | AE1: 1 | AG1: 188.54 | AH1: 2 | AI1: 39107614 | AJ1: 1 | AK1: 0 | AL1: 0 | AM1: 0 | AN1: 0 | AO1: 0 | AP1: 0 | AQ1: 0 | AR1: 0
A2: =ROW(Source!A24) -> 24 | B2: 39107615 | C2: 39107613 | D2: 37064876 | E2: 1 | F2: 1 | G2: 1 | H2: 1 | I2: 4-100-00 | K2: Затраты труда машинистов | L2: 1191 | N2: 1013 | O2: чел.-ч. | P2: чел.-ч. | Q2: 1 | X2: 7.74 | Y2: 0 | Z2: 0 | AA2: 0 | AB2: 0 | AC2: 0 | AD2: 1 | AE2: 2 | AG2: 7.74 | AH2: 2 | AI2: 39107615 | AJ2: 2 | AK2: 0 | AL2: 0 | AM2: 0 | AN2: 0 | AO2: 0 | AP2: 0 | AQ2: 0 | AR2: 0
A3: =ROW(Source!A24) -> 24 | B3: 39107616 | C3: 39107613 | D3: 36882452 | E3: 1 | F3: 1 | G3: 1 | H3: 2 | I3: 91.06.06-048 | J3: ФСЭМ-2001, 91.06.06-048, приказ Минстроя России №1039/пр от 30.12.2016г. | K3: Подъемники одномачтовые, грузоподъемность до 500 кг, высота подъема 45 м | L3: 1368 | N3: 1011 | O3: маш.-ч | P3: маш.-ч | Q3: 1 | X3: 7.74 | Y3: 0 | Z3: 31.26 | AA3: 13.5 | AB3: 0 | AC3: 0 | AD3: 1 | AE3: 0 | AG3: 7.74 | AH3: 2 | AI3: 39107616 | AJ3: 3 | AK3: 0 | AL3: 0 | AM3: 0 | AN3: 0 | AO3: 0 | AP3: 0 | AQ3: 0 | AR3: 0
A4: =ROW(Source!A25) -> 25 | B4: 39107618 | C4: 39107617 | D4: 37070495 | E4: 1 | F4: 1 | G4: 1 | H4: 1 | I4: 1-100-32 | K4: Рабочий среднего разряда 3.2 | L4: 1191 | N4: 1013 | O4: чел.-ч. | P4: чел.-ч. | Q4: 1 | X4: 149.16 | Y4: 0 | Z4: 0 | AA4: 0 | AB4: 8.74 | AC4: 0 | AD4: 1 | AE4: 1 | AF4: )*1,15 | AG4: 171.534 | AH4: 2 | AI4: 39107618 | AJ4: 4 | AK4: 0 | AL4: 0 | AM4: 0 | AN4: 0 | AO4: 0 | AP4: 0 | AQ4: 0 | AR4: 0
A5: =ROW(Source!A25) -> 25 | B5: 39107619 | C5: 39107617 | D5: 37064876 | E5: 1 | F5: 1 | G5: 1 | H5: 1 | I5: 4-100-00 | K5: Затраты труда машинистов | L5: 1191 | N5: 1013 | O5: чел.-ч. | P5: чел.-ч. | Q5: 1 | X5: 4.23 | Y5: 0 | Z5: 0 | AA5: 0 | AB5: 0 | AC5: 0 | AD5: 1 | AE5: 2 | AF5: )*1,25 | AG5: 5.2875 | AH5: 2 | AI5: 39107619 | AJ5: 5 | AK5: 0 | AL5: 0 | AM5: 0 | AN5: 0 | AO5: 0 | AP5: 0 | AQ5: 0 | AR5: 0
A6: =ROW(Source!A25) -> 25 | B6: 39107620 | C6: 39107617 | D6: 36882452 | E6: 1 | F6: 1 | G6: 1 | H6: 2 | I6: 91.06.06-048 | J6: ФСЭМ-2001, 91.06.06-048, приказ Минстроя России №1039/пр от 30.12.2016г. | K6: Подъемники одномачтовые, грузоподъемность до 500 кг, высота подъема 45 м | L6: 1368 | N6: 1011 | O6: маш.-ч | P6: маш.-ч | Q6: 1 | X6: 0.66 | Y6: 0 | Z6: 31.26 | AA6: 13.5 | AB6: 0 | AC6: 0 | AD6: 1 | AE6: 0 | AF6: )*1,25 | AG6: 0.825 | AH6: 2 | AI6: 39107620 | AJ6: 6 | AK6: 0 | AL6: 0 | AM6: 0 | AN6: 0 | AO6: 0 | AP6: 0 | AQ6: 0 | AR6: 0
A7: =ROW(Source!A25) -> 25 | B7: 39107621 | C7: 39107617 | D7: 36883554 | E7: 1 | F7: 1 | G7: 1 | H7: 2 | I7: 91.14.02-001 | J7: ФСЭМ-2001, 91.14.02-001, приказ Минстроя России №1039/пр от 30.12.2016г. | K7: Автомобили бортовые, грузоподъемность до 5 т | L7: 1368 | N7: 1011 | O7: маш.-ч | P7: маш.-ч | Q7: 1 | X7: 3.57 | Y7: 0 | Z7: 65.71 | AA7: 11.6 | AB7: 0 | AC7: 0 | AD7: 1 | AE7: 0 | AF7: )*1,25 | AG7: 4.4625 | AH7: 2 | AI7: 39107621 | AJ7: 7 | AK7: 0 | AL7: 0 | AM7: 0 | AN7: 0 | AO7: 0 | AP7: 0 | AQ7: 0 | AR7: 0
A8: =ROW(Source!A25) -> 25 | B8: 39107622 | C8: 39107617 | D8: 36802057 | E8: 1 | F8: 1 | G8: 1 | H8: 3 | I8: 01.7.06.02-0001 | J8: ФССЦ-2001, 01.7.06.02-0001, приказ Минстроя России №1039/пр от 30.12.2016г. | K8: Лента бутиловая | L8: 1301 | N8: 1003 | O8: м | P8: м | Q8: 1 | X8: 253 | Y8: 6.38 | Z8: 0 | AA8: 0 | AB8: 0 | AC8: 0 | AD8: 1 | AE8: 0 | AG8: 253 | AH8: 2 | AI8: 39107622 | AJ8: 8 | AK8: 0 | AL8: 0 | AM8: 0 | AN8: 0 | AO8: 0 | AP8: 0 | AQ8: 0 | AR8: 0
A9: =ROW(Source!A25) -> 25 | B9: 39107623 | C9: 39107617 | D9: 36802058 | E9: 1 | F9: 1 | G9: 1 | H9: 3 | I9: 01.7.06.02-0002 | J9: ФССЦ-2001, 01.7.06.02-0002, приказ Минстроя России №1039/пр от 30.12.2016г. | K9: Лента бутиловая диффузионная | L9: 1301 | N9: 1003 | O9: м | P9: м | Q9: 1 | X9: 59 | Y9: 7.95 | Z9: 0 | AA9: 0 | AB9: 0 | AC9: 0 | AD9: 1 | AE9: 0 | AG9: 59 | AH9: 2 | AI9: 39107623 | AJ9: 9 | AK9: 0 | AL9: 0 | AM9: 0 | AN9: 0 | AO9: 0 | AP9: 0 | AQ9: 0 | AR9: 0
A10: =ROW(Source!A25) -> 25 | B10: 39107624 | C10: 39107617 | D10: 36802146 | E10: 1 | F10: 1 | G10: 1 | H10: 3 | I10: 01.7.06.11-0001 | J10: ФССЦ-2001, 01.7.06.11-0001, приказ Минстроя России №1039/пр от 30.12.2016г. | K10: Лента ПСУЛ | L10: 1302 | N10: 1003 | O10: 10 м | P10: 10 м | Q10: 10 | X10: 15.9 | Y10: 64.1 | Z10: 0 | AA10: 0 | AB10: 0 | AC10: 0 | AD10: 1 | AE10: 0 | AG10: 15.9 | AH10: 2 | AI10: 39107624 | AJ10: 10 | AK10: 0 | AL10: 0 | AM10: 0 | AN10: 0 | AO10: 0 | AP10: 0 | AQ10: 0 | AR10: 0
A11: =ROW(Source!A25) -> 25 | B11: 39107625 | C11: 39107617 | D11: 36804571 | E11: 1 | F11: 1 | G11: 1 | H11: 3 | I11: 01.7.15.07-0005 | J11: ФССЦ-2001, 01.7.15.07-0005, приказ Минстроя России №1039/пр от 30.12.2016г. | K11: Дюбели монтажные 10х130 (10х132, 10х150) мм | L11: 1358 | N11: 1010 | O11: 10 шт. | P11: 10 шт. | Q11: 10 | X11: 41.2 | Y11: 7.03 | Z11: 0 | AA11: 0 | AB11: 0 | AC11: 0 | AD11: 1 | AE11: 0 | AG11: 41.2 | AH11: 2 | AI11: 39107625 | AJ11: 11 | AK11: 0 | AL11: 0 | AM11: 0 | AN11: 0 | AO11: 0 | AP11: 0 | AQ11: 0 | AR11: 0
A12: =ROW(Source!A25) -> 25 | B12: 39107626 | C12: 39107617 | D12: 36796973 | E12: 17 | F12: 1 | G12: 1 | H12: 3 | I12: 11.3.02.03 | K12: Блоки оконные пластиковые | L12: 1327 | N12: 1005 | O12: м2 | P12: м2 | Q12: 1 | X12: 100 | Y12: 0 | Z12: 0 | AA12: 0 | AB12: 0 | AC12: 0 | AD12: 0 | AE12: 0 | AG12: 100 | AH12: 2 | AI12: 39107626 | AJ12: 12 | AK12: 0 | AL12: 0 | AM12: 0 | AN12: 0 | AO12: 0 | AP12: 0 | AQ12: 0 | AR12: 0
A13: =ROW(Source!A25) -> 25 | B13: 39107627 | C13: 39107617 | D13: 36832273 | E13: 1 | F13: 1 | G13: 1 | H13: 3 | I13: 11.3.03.15-0021 | J13: ФССЦ-2001, 11.3.03.15-0021, приказ Минстроя России №1039/пр от 30.12.2016г. | K13: Клинья пластиковые монтажные | L13: 1355 | N13: 1010 | O13: 100 шт. | P13: 100 шт. | Q13: 100 | X13: 8 | Y13: 50 | Z13: 0 | AA13: 0 | AB13: 0 | AC13: 0 | AD13: 1 | AE13: 0 | AG13: 8 | AH13: 2 | AI13: 39107627 | AJ13: 13 | AK13: 0 | AL13: 0 | AM13: 0 | AN13: 0 | AO13: 0 | AP13: 0 | AQ13: 0 | AR13: 0
A14: =ROW(Source!A25) -> 25 | B14: 39107628 | C14: 39107617 | D14: 36838722 | E14: 1 | F14: 1 | G14: 1 | H14: 3 | I14: 14.5.01.05-0001 | J14: ФССЦ-2001, 14.5.01.05-0001, приказ Минстроя России №1039/пр от 30.12.2016г. | K14: Герметик пенополиуретановый (пена монтажная) типа Makrofleks, Soudal в баллонах по 750 мл | L14: 1354 | N14: 1010 | O14: шт. | P14: шт. | Q14: 1 | X14: 71 | Y14: 67 | Z14: 0 | AA14: 0 | AB14: 0 | AC14: 0 | AD14: 1 | AE14: 0 | AG14: 71 | AH14: 2 | AI14: 39107628 | AJ14: 14 | AK14: 0 | AL14: 0 | AM14: 0 | AN14: 0 | AO14: 0 | AP14: 0 | AQ14: 0 | AR14: 0
A15: =ROW(Source!A28) -> 28 | B15: 39271673 | C15: 39109798 | D15: 37065248 | E15: 1 | F15: 1 | G15: 1 | H15: 1 | I15: 1-100-30 | K15: Рабочий среднего разряда 3 | L15: 1191 | N15: 1013 | O15: чел.-ч. | P15: чел.-ч. | Q15: 1 | X15: 21.38 | Y15: 0 | Z15: 0 | AA15: 0 | AB15: 8.53 | AC15: 0 | AD15: 1 | AE15: 1 | AF15: )*1,15 | AG15: 24.587 | AH15: 2 | AI15: 39271673 | AJ15: 16 | AK15: 0 | AL15: 0 | AM15: 0 | AN15: 0 | AO15: 0 | AP15: 0 | AQ15: 0 | AR15: 0
A16: =ROW(Source!A28) -> 28 | B16: 39271674 | C16: 39109798 | D16: 37064876 | E16: 1 | F16: 1 | G16: 1 | H16: 1 | I16: 4-100-00 | K16: Затраты труда машинистов | L16: 1191 | N16: 1013 | O16: чел.-ч. | P16: чел.-ч. | Q16: 1 | X16: 0.37 | Y16: 0 | Z16: 0 | AA16: 0 | AB16: 0 | AC16: 0 | AD16: 1 | AE16: 2 | AF16: )*1,25 | AG16: 0.4625 | AH16: 2 | AI16: 39271674 | AJ16: 17 | AK16: 0 | AL16: 0 | AM16: 0 | AN16: 0 | AO16: 0 | AP16: 0 | AQ16: 0 | AR16: 0
A17: =ROW(Source!A28) -> 28 | B17: 39271675 | C17: 39109798 | D17: 36882452 | E17: 1 | F17: 1 | G17: 1 | H17: 2 | I17: 91.06.06-048 | J17: ФСЭМ-2001, 91.06.06-048, приказ Минстроя России №1039/пр от 30.12.2016г. | K17: Подъемники одномачтовые, грузоподъемность до 500 кг, высота подъема 45 м | L17: 1368 | N17: 1011 | O17: маш.-ч | P17: маш.-ч | Q17: 1 | X17: 0.07 | Y17: 0 | Z17: 31.26 | AA17: 13.5 | AB17: 0 | AC17: 0 | AD17: 1 | AE17: 0 | AF17: )*1,25 | AG17: 0.0875 | AH17: 2 | AI17: 39271675 | AJ17: 18 | AK17: 0 | AL17: 0 | AM17: 0 | AN17: 0 | AO17: 0 | AP17: 0 | AQ17: 0 | AR17: 0
A18: =ROW(Source!A28) -> 28 | B18: 39271676 | C18: 39109798 | D18: 36883554 | E18: 1 | F18: 1 | G18: 1 | H18: 2 | I18: 91.14.02-001 | J18: ФСЭМ-2001, 91.14.02-001, приказ Минстроя России №1039/пр от 30.12.2016г. | K18: Автомобили бортовые, грузоподъемность до 5 т | L18: 1368 | N18: 1011 | O18: маш.-ч | P18: маш.-ч | Q18: 1 | X18: 0.3 | Y18: 0 | Z18: 65.71 | AA18: 11.6 | AB18: 0 | AC18: 0 | AD18: 1 | AE18: 0 | AF18: )*1,25 | AG18: 0.375 | AH18: 2 | AI18: 39271676 | AJ18: 19 | AK18: 0 | AL18: 0 | AM18: 0 | AN18: 0 | AO18: 0 | AP18: 0 | AQ18: 0 | AR18: 0
A19: =ROW(Source!A28) -> 28 | B19: 39271677 | C19: 39109798 | D19: 36796976 | E19: 17 | F19: 1 | G19: 1 | H19: 3 | I19: 11.3.03.01 | K19: Доски подоконные ПВХ | L19: 1301 | N19: 1003 | O19: м | P19: м | Q19: 1 | X19: 0 | Y19: 0 | Z19: 0 | AA19: 0 | AB19: 0 | AC19: 1 | AD19: 0 | AE19: 0 | AG19: 0 | AH19: 3 | AI19: -1 | AK19: 0 | AL19: 0 | AM19: 0 | AN19: 0 | AO19: 0 | AP19: 0 | AQ19: 0 | AR19: 0
A20: =ROW(Source!A28) -> 28 | B20: 39271678 | C20: 39109798 | D20: 36832273 | E20: 1 | F20: 1 | G20: 1 | H20: 3 | I20: 11.3.03.15-0021 | J20: ФССЦ-2001, 11.3.03.15-0021, приказ Минстроя России №1039/пр от 30.12.2016г. | K20: Клинья пластиковые монтажные | L20: 1355 | N20: 1010 | O20: 100 шт. | P20: 100 шт. | Q20: 100 | X20: 4 | Y20: 50 | Z20: 0 | AA20: 0 | AB20: 0 | AC20: 0 | AD20: 1 | AE20: 0 | AG20: 4 | AH20: 2 | AI20: 39271678 | AJ20: 20 | AK20: 0 | AL20: 0 | AM20: 0 | AN20: 0 | AO20: 0 | AP20: 0 | AQ20: 0 | AR20: 0
A21: =ROW(Source!A28) -> 28 | B21: 39271679 | C21: 39109798 | D21: 36838722 | E21: 1 | F21: 1 | G21: 1 | H21: 3 | I21: 14.5.01.05-0001 | J21: ФССЦ-2001, 14.5.01.05-0001, приказ Минстроя России №1039/пр от 30.12.2016г. | K21: Герметик пенополиуретановый (пена монтажная) типа Makrofleks, Soudal в баллонах по 750 мл | L21: 1354 | N21: 1010 | O21: шт. | P21: шт. | Q21: 1 | X21: 90.7 | Y21: 67 | Z21: 0 | AA21: 0 | AB21: 0 | AC21: 0 | AD21: 1 | AE21: 0 | AG21: 90.7 | AH21: 2 | AI21: 39271679 | AJ21: 21 | AK21: 0 | AL21: 0 | AM21: 0 | AN21: 0 | AO21: 0 | AP21: 0 | AQ21: 0 | AR21: 0
A22: =ROW(Source!A30) -> 30 | B22: 39107640 | C22: 39107639 | D22: 37065248 | E22: 1 | F22: 1 | G22: 1 | H22: 1 | I22: 1-100-30 | K22: Рабочий среднего разряда 3 | L22: 1191 | N22: 1013 | O22: чел.-ч. | P22: чел.-ч. | Q22: 1 | X22: 41.41 | Y22: 0 | Z22: 0 | AA22: 0 | AB22: 8.53 | AC22: 0 | AD22: 1 | AE22: 1 | AG22: 41.41 | AH22: 2 | AI22: 39107640 | AJ22: 23 | AK22: 0 | AL22: 0 | AM22: 0 | AN22: 0 | AO22: 0 | AP22: 0 | AQ22: 0 | AR22: 0
A23: =ROW(Source!A30) -> 30 | B23: 39107641 | C23: 39107639 | D23: 37064876 | E23: 1 | F23: 1 | G23: 1 | H23: 1 | I23: 4-100-00 | K23: Затраты труда машинистов | L23: 1191 | N23: 1013 | O23: чел.-ч. | P23: чел.-ч. | Q23: 1 | X23: 0.12 | Y23: 0 | Z23: 0 | AA23: 0 | AB23: 0 | AC23: 0 | AD23: 1 | AE23: 2 | AG23: 0.12 | AH23: 2 | AI23: 39107641 | AJ23: 24 | AK23: 0 | AL23: 0 | AM23: 0 | AN23: 0 | AO23: 0 | AP23: 0 | AQ23: 0 | AR23: 0
A24: =ROW(Source!A30) -> 30 | B24: 39107642 | C24: 39107639 | D24: 36882452 | E24: 1 | F24: 1 | G24: 1 | H24: 2 | I24: 91.06.06-048 | J24: ФСЭМ-2001, 91.06.06-048, приказ Минстроя России №1039/пр от 30.12.2016г. | K24: Подъемники одномачтовые, грузоподъемность до 500 кг, высота подъема 45 м | L24: 1368 | N24: 1011 | O24: маш.-ч | P24: маш.-ч | Q24: 1 | X24: 0.08 | Y24: 0 | Z24: 31.26 | AA24: 13.5 | AB24: 0 | AC24: 0 | AD24: 1 | AE24: 0 | AG24: 0.08 | AH24: 2 | AI24: 39107642 | AJ24: 25 | AK24: 0 | AL24: 0 | AM24: 0 | AN24: 0 | AO24: 0 | AP24: 0 | AQ24: 0 | AR24: 0
A25: =ROW(Source!A30) -> 30 | B25: 39107643 | C25: 39107639 | D25: 36883554 | E25: 1 | F25: 1 | G25: 1 | H25: 2 | I25: 91.14.02-001 | J25: ФСЭМ-2001, 91.14.02-001, приказ Минстроя России №1039/пр от 30.12.2016г. | K25: Автомобили бортовые, грузоподъемность до 5 т | L25: 1368 | N25: 1011 | O25: маш.-ч | P25: маш.-ч | Q25: 1 | X25: 0.04 | Y25: 0 | Z25: 65.71 | AA25: 11.6 | AB25: 0 | AC25: 0 | AD25: 1 | AE25: 0 | AG25: 0.04 | AH25: 2 | AI25: 39107643 | AJ25: 26 | AK25: 0 | AL25: 0 | AM25: 0 | AN25: 0 | AO25: 0 | AP25: 0 | AQ25: 0 | AR25: 0
A26: =ROW(Source!A30) -> 30 | B26: 39107644 | C26: 39107639 | D26: 36799072 | E26: 17 | F26: 1 | G26: 1 | H26: 3 | I26: 01.7.07.07 | K26: Строительный мусор | L26: 1348 | N26: 1009 | O26: т | P26: т | Q26: 1000 | X26: 0.224 | Y26: 0 | Z26: 0 | AA26: 0 | AB26: 0 | AC26: 0 | AD26: 0 | AE26: 0 | AG26: 0.224 | AH26: 3 | AI26: -1 | AK26: 0 | AL26: 0 | AM26: 0 | AN26: 0 | AO26: 0 | AP26: 0 | AQ26: 0 | AR26: 0
A27: =ROW(Source!A30) -> 30 | B27: 39107645 | C27: 39107639 | D27: 36804545 | E27: 1 | F27: 1 | G27: 1 | H27: 3 | I27: 01.7.15.06-0111 | J27: ФССЦ-2001, 01.7.15.06-0111, приказ Минстроя России №1039/пр от 30.12.2016г. | K27: Гвозди строительные | L27: 1348 | N27: 1009 | O27: т | P27: т | Q27: 1000 | X27: 0.004 | Y27: 11978 | Z27: 0 | AA27: 0 | AB27: 0 | AC27: 0 | AD27: 1 | AE27: 0 | AG27: 0.004 | AH27: 2 | AI27: 39107645 | AJ27: 27 | AK27: 0 | AL27: 0 | AM27: 0 | AN27: 0 | AO27: 0 | AP27: 0 | AQ27: 0 | AR27: 0
A28: =ROW(Source!A30) -> 30 | B28: 39107646 | C28: 39107639 | D28: 36825632 | E28: 1 | F28: 1 | G28: 1 | H28: 3 | I28: 08.3.03.05-0001 | J28: ФССЦ-2001, 08.3.03.05-0001, приказ Минстроя России №1039/пр от 30.12.2016г. | K28: Проволока канатная оцинкованная, диаметром 2,6 мм | L28: 1348 | N28: 1009 | O28: т | P28: т | Q28: 1000 | X28: 0.006 | Y28: 8023 | Z28: 0 | AA28: 0 | AB28: 0 | AC28: 0 | AD28: 1 | AE28: 0 | AG28: 0.006 | AH28: 2 | AI28: 39107646 | AJ28: 28 | AK28: 0 | AL28: 0 | AM28: 0 | AN28: 0 | AO28: 0 | AP28: 0 | AQ28: 0 | AR28: 0
A29: =ROW(Source!A30) -> 30 | B29: 39107647 | C29: 39107639 | D29: 36799076 | E29: 17 | F29: 1 | G29: 1 | H29: 3 | I29: 08.3.05.05 | K29: Сталь листовая оцинкованная | L29: 1348 | N29: 1009 | O29: т | P29: т | Q29: 1000 | X29: 0.184 | Y29: 0 | Z29: 0 | AA29: 0 | AB29: 0 | AC29: 0 | AD29: 0 | AE29: 0 | AG29: 0.184 | AH29: 2 | AI29: 39107647 | AJ29: 29 | AK29: 0 | AL29: 0 | AM29: 0 | AN29: 0 | AO29: 0 | AP29: 0 | AQ29: 0 | AR29: 0
A30: =ROW(Source!A33) -> 33 | B30: 39109789 | C30: 39109788 | D30: 37071037 | E30: 1 | F30: 1 | G30: 1 | H30: 1 | I30: 1-100-40 | K30: Рабочий среднего разряда 4 | L30: 1191 | N30: 1013 | O30: чел.-ч. | P30: чел.-ч. | Q30: 1 | X30: 16.32 | Y30: 0 | Z30: 0 | AA30: 0 | AB30: 9.62 | AC30: 0 | AD30: 1 | AE30: 1 | AF30: )*1,15 | AG30: 18.768 | AH30: 2 | AI30: 39109789 | AJ30: 31 | AK30: 0 | AL30: 0 | AM30: 0 | AN30: 0 | AO30: 0 | AP30: 0 | AQ30: 0 | AR30: 0
A31: =ROW(Source!A33) -> 33 | B31: 39109790 | C31: 39109788 | D31: 37064876 | E31: 1 | F31: 1 | G31: 1 | H31: 1 | I31: 4-100-00 | K31: Затраты труда машинистов | L31: 1191 | N31: 1013 | O31: чел.-ч. | P31: чел.-ч. | Q31: 1 | X31: 0.03 | Y31: 0 | Z31: 0 | AA31: 0 | AB31: 0 | AC31: 0 | AD31: 1 | AE31: 2 | AF31: )*1,25 | AG31: 0.0375 | AH31: 2 | AI31: 39109790 | AJ31: 32 | AK31: 0 | AL31: 0 | AM31: 0 | AN31: 0 | AO31: 0 | AP31: 0 | AQ31: 0 | AR31: 0
A32: =ROW(Source!A33) -> 33 | B32: 39109791 | C32: 39109788 | D32: 36882452 | E32: 1 | F32: 1 | G32: 1 | H32: 2 | I32: 91.06.06-048 | J32: ФСЭМ-2001, 91.06.06-048, приказ Минстроя России №1039/пр от 30.12.2016г. | K32: Подъемники одномачтовые, грузоподъемность до 500 кг, высота подъема 45 м | L32: 1368 | N32: 1011 | O32: маш.-ч | P32: маш.-ч | Q32: 1 | X32: 0.01 | Y32: 0 | Z32: 31.26 | AA32: 13.5 | AB32: 0 | AC32: 0 | AD32: 1 | AE32: 0 | AF32: )*1,25 | AG32: 0.0125 | AH32: 2 | AI32: 39109791 | AJ32: 33 | AK32: 0 | AL32: 0 | AM32: 0 | AN32: 0 | AO32: 0 | AP32: 0 | AQ32: 0 | AR32: 0
A33: =ROW(Source!A33) -> 33 | B33: 39109792 | C33: 39109788 | D33: 36883554 | E33: 1 | F33: 1 | G33: 1 | H33: 2 | I33: 91.14.02-001 | J33: ФСЭМ-2001, 91.14.02-001, приказ Минстроя России №1039/пр от 30.12.2016г. | K33: Автомобили бортовые, грузоподъемность до 5 т | L33: 1368 | N33: 1011 | O33: маш.-ч | P33: маш.-ч | Q33: 1 | X33: 0.02 | Y33: 0 | Z33: 65.71 | AA33: 11.6 | AB33: 0 | AC33: 0 | AD33: 1 | AE33: 0 | AF33: )*1,25 | AG33: 0.025 | AH33: 2 | AI33: 39109792 | AJ33: 34 | AK33: 0 | AL33: 0 | AM33: 0 | AN33: 0 | AO33: 0 | AP33: 0 | AQ33: 0 | AR33: 0
A34: =ROW(Source!A33) -> 33 | B34: 39109793 | C34: 39109788 | D34: 36805524 | E34: 1 | F34: 1 | G34: 1 | H34: 3 | I34: 01.7.20.08-0051 | J34: ФССЦ-2001, 01.7.20.08-0051, приказ Минстроя России №1039/пр от 30.12.2016г. | K34: Ветошь | L34: 1346 | N34: 1009 | O34: кг | P34: кг | Q34: 1 | X34: 0.2 | Y34: 1.82 | Z34: 0 | AA34: 0 | AB34: 0 | AC34: 0 | AD34: 1 | AE34: 0 | AG34: 0.2 | AH34: 2 | AI34: 39109793 | AJ34: 35 | AK34: 0 | AL34: 0 | AM34: 0 | AN34: 0 | AO34: 0 | AP34: 0 | AQ34: 0 | AR34: 0
A35: =ROW(Source!A33) -> 33 | B35: 39109794 | C35: 39109788 | D35: 36797079 | E35: 17 | F35: 1 | G35: 1 | H35: 3 | I35: 14.4.01.21 | K35: Грунтовка | L35: 1348 | N35: 1009 | O35: т | P35: т | Q35: 1000 | X35: 0.02 | Y35: 0 | Z35: 0 | AA35: 0 | AB35: 0 | AC35: 0 | AD35: 0 | AE35: 0 | AG35: 0.02 | AH35: 2 | AI35: 39109794 | AJ35: 37 | AK35: 0 | AL35: 0 | AM35: 0 | AN35: 0 | AO35: 0 | AP35: 0 | AQ35: 0 | AR35: 0
A36: =ROW(Source!A36) -> 36 | B36: 39107651 | C36: 39107650 | D36: 37072767 | E36: 1 | F36: 1 | G36: 1 | H36: 1 | I36: 1-100-36 | K36: Рабочий среднего разряда 3.6 | L36: 1191 | N36: 1013 | O36: чел.-ч. | P36: чел.-ч. | Q36: 1 | X36: 166.47 | Y36: 0 | Z36: 0 | AA36: 0 | AB36: 9.18 | AC36: 0 | AD36: 1 | AE36: 1 | AF36: )*1,15 | AG36: 191.4405 | AH36: 2 | AI36: 39107651 | AJ36: 38 | AK36: 0 | AL36: 0 | AM36: 0 | AN36: 0 | AO36: 0 | AP36: 0 | AQ36: 0 | AR36: 0
A37: =ROW(Source!A36) -> 36 | B37: 39107652 | C37: 39107650 | D37: 37064876 | E37: 1 | F37: 1 | G37: 1 | H37: 1 | I37: 4-100-00 | K37: Затраты труда машинистов | L37: 1191 | N37: 1013 | O37: чел.-ч. | P37: чел.-ч. | Q37: 1 | X37: 0.58 | Y37: 0 | Z37: 0 | AA37: 0 | AB37: 0 | AC37: 0 | AD37: 1 | AE37: 2 | AF37: )*1,25 | AG37: 0.725 | AH37: 2 | AI37: 39107652 | AJ37: 39 | AK37: 0 | AL37: 0 | AM37: 0 | AN37: 0 | AO37: 0 | AP37: 0 | AQ37: 0 | AR37: 0
A38: =ROW(Source!A36) -> 36 | B38: 39107653 | C38: 39107650 | D38: 36882452 | E38: 1 | F38: 1 | G38: 1 | H38: 2 | I38: 91.06.06-048 | J38: ФСЭМ-2001, 91.06.06-048, приказ Минстроя России №1039/пр от 30.12.2016г. | K38: Подъемники одномачтовые, грузоподъемность до 500 кг, высота подъема 45 м | L38: 1368 | N38: 1011 | O38: маш.-ч | P38: маш.-ч | Q38: 1 | X38: 0.08 | Y38: 0 | Z38: 31.26 | AA38: 13.5 | AB38: 0 | AC38: 0 | AD38: 1 | AE38: 0 | AF38: )*1,25 | AG38: 0.1 | AH38: 2 | AI38: 39107653 | AJ38: 40 | AK38: 0 | AL38: 0 | AM38: 0 | AN38: 0 | AO38: 0 | AP38: 0 | AQ38: 0 | AR38: 0
A39: =ROW(Source!A36) -> 36 | B39: 39107654 | C39: 39107650 | D39: 36883554 | E39: 1 | F39: 1 | G39: 1 | H39: 2 | I39: 91.14.02-001 | J39: ФСЭМ-2001, 91.14.02-001, приказ Минстроя России №1039/пр от 30.12.2016г. | K39: Автомобили бортовые, грузоподъемность до 5 т | L39: 1368 | N39: 1011 | O39: маш.-ч | P39: маш.-ч | Q39: 1 | X39: 0.5 | Y39: 0 | Z39: 65.71 | AA39: 11.6 | AB39: 0 | AC39: 0 | AD39: 1 | AE39: 0 | AF39: )*1,25 | AG39: 0.625 | AH39: 2 | AI39: 39107654 | AJ39: 41 | AK39: 0 | AL39: 0 | AM39: 0 | AN39: 0 | AO39: 0 | AP39: 0 | AQ39: 0 | AR39: 0
A40: =ROW(Source!A36) -> 36 | B40: 39107655 | C40: 39107650 | D40: 36797506 | E40: 17 | F40: 1 | G40: 1 | H40: 3 | I40: 01.6.01.11 | K40: Листы облицовочные декоративные | L40: 1327 | N40: 1005 | O40: м2 | P40: м2 | Q40: 1 | X40: 105 | Y40: 0 | Z40: 0 | AA40: 0 | AB40: 0 | AC40: 0 | AD40: 0 | AE40: 0 | AG40: 105 | AH40: 2 | AI40: 39107655 | AJ40: 42 | AK40: 0 | AL40: 0 | AM40: 0 | AN40: 0 | AO40: 0 | AP40: 0 | AQ40: 0 | AR40: 0
A41: =ROW(Source!A36) -> 36 | B41: 39107656 | C41: 39107650 | D41: 36805524 | E41: 1 | F41: 1 | G41: 1 | H41: 3 | I41: 01.7.20.08-0051 | J41: ФССЦ-2001, 01.7.20.08-0051, приказ Минстроя России №1039/пр от 30.12.2016г. | K41: Ветошь | L41: 1346 | N41: 1009 | O41: кг | P41: кг | Q41: 1 | X41: 0.2 | Y41: 1.82 | Z41: 0 | AA41: 0 | AB41: 0 | AC41: 0 | AD41: 1 | AE41: 0 | AG41: 0.2 | AH41: 2 | AI41: 39107656 | AJ41: 43 | AK41: 0 | AL41: 0 | AM41: 0 | AN41: 0 | AO41: 0 | AP41: 0 | AQ41: 0 | AR41: 0
A42: =ROW(Source!A36) -> 36 | B42: 39107657 | C42: 39107650 | D42: 36797439 | E42: 17 | F42: 1 | G42: 1 | H42: 3 | I42: 14.1.06.05 | K42: Клей | L42: 1346 | N42: 1009 | O42: кг | P42: кг | Q42: 1 | X42: 30 | Y42: 0 | Z42: 0 | AA42: 0 | AB42: 0 | AC42: 0 | AD42: 0 | AE42: 0 | AG42: 30 | AH42: 3 | AI42: -1 | AK42: 0 | AL42: 0 | AM42: 0 | AN42: 0 | AO42: 0 | AP42: 0 | AQ42: 0 | AR42: 0
A43: =ROW(Source!A36) -> 36 | B43: 39107658 | C43: 39107650 | D43: 36797079 | E43: 17 | F43: 1 | G43: 1 | H43: 3 | I43: 14.4.01.21 | K43: Грунтовка | L43: 1348 | N43: 1009 | O43: т | P43: т | Q43: 1000 | X43: 0.0089 | Y43: 0 | Z43: 0 | AA43: 0 | AB43: 0 | AC43: 0 | AD43: 0 | AE43: 0 | AG43: 0.0089 | AH43: 3 | AI43: -1 | AK43: 0 | AL43: 0 | AM43: 0 | AN43: 0 | AO43: 0 | AP43: 0 | AQ43: 0 | AR43: 0
A44: =ROW(Source!A39) -> 39 | B44: 39107663 | C44: 39107662 | D44: 37065248 | E44: 1 | F44: 1 | G44: 1 | H44: 1 | I44: 1-100-30 | K44: Рабочий среднего разряда 3 | L44: 1191 | N44: 1013 | O44: чел.-ч. | P44: чел.-ч. | Q44: 1 | X44: 6.7 | Y44: 0 | Z44: 0 | AA44: 0 | AB44: 8.53 | AC44: 0 | AD44: 1 | AE44: 1 | AF44: )*1,15 | AG44: 7.705 | AH44: 2 | AI44: 39107663 | AJ44: 45 | AK44: 0 | AL44: 0 | AM44: 0 | AN44: 0 | AO44: 0 | AP44: 0 | AQ44: 0 | AR44: 0
A45: =ROW(Source!A39) -> 39 | B45: 39107664 | C45: 39107662 | D45: 36796979 | E45: 17 | F45: 1 | G45: 1 | H45: 3 | I45: 11.3.03.13 | K45: Уголок ПВХ | L45: 2233 | N45: 1013 | O45: П.М | P45: П.М | Q45: 1 | X45: 100 | Y45: 0 | Z45: 0 | AA45: 0 | AB45: 0 | AC45: 0 | AD45: 0 | AE45: 0 | AG45: 100 | AH45: 2 | AI45: 39107664 | AJ45: 46 | AK45: 0 | AL45: 0 | AM45: 0 | AN45: 0 | AO45: 0 | AP45: 0 | AQ45: 0 | AR45: 0
A46: =ROW(Source!A39) -> 39 | B46: 39107665 | C46: 39107662 | D46: 36836997 | E46: 1 | F46: 1 | G46: 1 | H46: 3 | I46: 14.1.04.02-0011 | J46: ФССЦ-2001, 14.1.04.02-0011, приказ Минстроя России №1039/пр от 30.12.2016г. | K46: Клей резиновый № 88-Н | L46: 1346 | N46: 1009 | O46: кг | P46: кг | Q46: 1 | X46: 0.8 | Y46: 45 | Z46: 0 | AA46: 0 | AB46: 0 | AC46: 0 | AD46: 1 | AE46: 0 | AG46: 0.8 | AH46: 2 | AI46: 39107665 | AJ46: 47 | AK46: 0 | AL46: 0 | AM46: 0 | AN46: 0 | AO46: 0 | AP46: 0 | AQ46: 0 | AR46: 0
